Workbook
Name _56F9DC9755BA473782653E2940F9FormId: "79XIZPe22EO4S40ETtyQHR6SSzqw2MZMgX2hLKkxMm5UNkJBVThJMThQWTFKRURLNzJTNDU4VExQNSQlQCN0PWcu"
Name _56F9DC9755BA473782653E2940F9ResponseSheet: "Form1"
Name _56F9DC9755BA473782653E2940F9SourceDocId: "{e50dfd7f-ac2f-40a5-b514-1bf91148ed70}"
Name _PTD1: #REF!
Name _PTD2: #REF!
Name _PTD3: #REF!
Name _WNP2: #REF!
Name Alt_Load_Switch: #REF!
Name BlockSales: #REF!
Name CompleAugHLH: #REF!
Name CompleAugLLH: #REF!
Name contr_time_period_default: #REF!
Name DIST: 'Sch 1- Rate Base '!$Q$1:$Q$3
Name DIST1: #REF!
Name DIST2: #REF!
Name DIST3: #REF!
Name DSIHLH: #REF!
Name DSILLH: #REF!
Name FedGenSliceHLH: #REF!
Name FedGenSliceLLH: #REF!
Name FirmConHLH: #REF!
Name FirmConLLH: #REF!
Name FPSPFHLH: #REF!
Name FPSPFLLH: #REF!
Name HydroGenHossHLH: #REF!
Name HydroGenHOSSLLH: #REF!
Name ine: #REF!
Name INFL: #REF!
Name IOUHLH: #REF!
Name IOULLH: #REF!
Name Logo: "Picture 6"
Name months: #REF!
Name NRHLH: #REF!
Name NRLLH: #REF!
Name OthResourceHLH: #REF!
Name OthResourceLLH: #REF!
Name PFHLH: #REF!
Name PFHLHAftSlice: #REF!
Name PFLLH: #REF!
Name PFLLHAftSlice: #REF!
Name PreHLH: #REF!
Name PreLLH: #REF!
Name PROD: 'Sch 1- Rate Base '!$R$1:$R$3
Name PROD1: #REF!
Name PROD2: #REF!
Name PROD3: #REF!
Name PTD: 'Sch 1- Rate Base '!$P$1:$P$3
Name Ratio: Ratios!$D$77:$G$87
Name RATIO1: #REF!
Name RATIO2: #REF!
Name RATIO3: #REF!
Name rbcalc: #REF!
Name rbcalc_heading: #REF!
Name retail_access_mitigation: #REF!
Name Sandpoint: #REF!
Name SlicetoPurchHLH: #REF!
Name SlicetoPurchLLH: #REF!
Name SpillHLH: #REF!
Name SpillLLH: #REF!
Name start_acct_exec: #REF!

Sheet Revisions_2026-28
A4: 1 | B4: Change dates in Sch 1- Rate Base Tab
C6: Cell E6 | D6: Change from: | F6: 2021 | G6: to | H6: 2023
C8: Cell E7 | D8: Change from: | F8: 44743 | G8: to | H8: 45476
A11: 2 | B11: In NLSL_Base_New_Calc Tab
C13: Cell A47 | D13: Change from | F13: 2021 cost of serving NLSLs under Endnote d | G13: to | H13: 2023 cost of serving NLSLs under Endnote d
A16: 3 | B16: In Above-RHWM_Base_New_Calc Tab
C18: Cell A47 | D18: Change from | F18: 2021 cost of serving Above-RHWM Loads under Endnote d | G18: to | H18: 2023 cost of serving Above-RHWM Loads under Endnote d
A21: 4 | B21: Updated all Footers from | F21: FY 2024-2025 ASC Filing | G21: to | H21: FY 2024-2025 ASC Filing
A24: 5 | B24: In New Resources-Individual and New Resources Group Tabs
C26: Cell B3 | D26: Change from | F26: 45566 | G26: to | H26: 46478 | I26: Midpoint is different because of the three year rate period
A28: 6 | B28: In Schedule 1 - Rate Base
C30: Check all account numbers

Sheet TOC
A1: FY 2026-2028 ASC Appendix 1
A2: Table of Contents
C3: Table 1 Endotes
A4: 1 | B4: Schedule 1 - Rate Base | C4: (a/)
A5: 2 | B5: Schedule 1A - Cash Working Capital | C5: (a/)
A6: 3 | B6: Schedule 2 -Rate of Return | C6: (h/)
A7: 4 | B7: Schedule 3 - Expenses | C7: (b/), (c/), (d/), (e/), (f/)
A8: 5 | B8: Schedule 3A - Taxes
A9: 6 | B9: Schedule 3B - Other Items | C9: (g/)
A10: 7 | B10: Schedule 4 - Average System Cost | C10: (i/) and( j/)
A11: 8 | B11: 5-YEAR PP & OSS Worksheet
A12: 9 | B12: Load Forecast
A13: 10 | B13: Distribution Loss Calc
A14: 11 | B14: Salaries
A15: 12 | B15: Ratios
A16: 13 | B16: New Resources- Individual
A17: 14 | B17: New Resources-Group
A18: 15 | B18: Materiality - Individual
A19: 16 | B19: Materiality - Group
A20: 17 | B20: Wind_Resources_Costs
A21: 18 | B21: NLSL Base New Calculation

Sheet Sch 1- Rate Base 
A1: BONNEVILLE POWER ADMINISTRATION
A2: RESIDENTIAL PURCHASE AND SALES AGREEMENT
A3: 2026 Average System Cost Methodology (ASCM) Appendix 1
A5: TOC | D5: UTILITY NAME: | I5: BPA Reviews:
A6: é | D6: End of Year Report Period:
D7: ASC Filing Date:
A10: Schedule 1: Plant Investment / Rate Base
A12: Account Description | C12: FERC Form 1 | E12: Functionalization | G12: Total | H12: Production | I12: Transmission | J12: Distribution/ Other | L12: Production | M12: Transmission
C13: Page | D13: Account | N13: Distribution/
C14: Number | D14: Numbers | E14: Default | F14: Optional | N14: Other
A15: Intangible Plant:
B16: Intangible Plant - Organization | C16: 204-207 | D16: 301 | E16: DIST | G16: 0 | H16: =VLOOKUP($E16,Ratio,2,FALSE)*$G16 -> 0 | I16: =VLOOKUP($E16,Ratio,3,FALSE)*$G16 -> 0 | J16: =VLOOKUP($E16,Ratio,4,FALSE)*$G16 -> 0
B17: Intangible Plant - Franchises and Consents | C17: 204-207 | D17: 302 | E17: DIRECT | F17: PTD | G17: 0 | H17: =IF($E17="DIRECT",$L17,VLOOKUP($E17,Ratio,2,FALSE)*$G17) -> 0 | I17: =IF($E17="DIRECT",$M17,VLOOKUP($E17,Ratio,3,FALSE)*$G17) -> 0 | J17: =IF($E17="DIRECT",$N17,VLOOKUP($E17,Ratio,4,FALSE)*$G17) -> 0
B18: Intangible Plant - Miscellaneous | C18: 204-207 | D18: 303 | E18: DIRECT | F18: DIST | G18: 0 | H18: =IF($E18="DIRECT",$L18,VLOOKUP($E18,Ratio,2,FALSE)*$G18) -> 0 | I18: =IF($E18="DIRECT",$M18,VLOOKUP($E18,Ratio,3,FALSE)*$G18) -> 0 | J18: =IF($E18="DIRECT",$N18,VLOOKUP($E18,Ratio,4,FALSE)*$G18) -> 0
A19: Total Intangible Plant | G19: =SUM(G16:G18) -> 0 | H19: =SUM(H16:H18) -> 0 | I19: =SUM(I16:I18) -> 0 | J19: =SUM(J16:J18) -> 0
A21: Production Plant:
B22: Steam Production | C22: 204-207 | D22: 310-317 | E22: PROD | G22: 0 | H22: =VLOOKUP($E22,Ratio,2,FALSE)*$G22 -> 0 | I22: =VLOOKUP($E22,Ratio,3,FALSE)*$G22 -> 0 | J22: =VLOOKUP($E22,Ratio,4,FALSE)*$G22 -> 0
B23: Nuclear Production | C23: 204-207 | D23: 320-326 | E23: PROD | G23: 0 | H23: =VLOOKUP($E23,Ratio,2,FALSE)*$G23 -> 0 | I23: =VLOOKUP($E23,Ratio,3,FALSE)*$G23 -> 0 | J23: =VLOOKUP($E23,Ratio,4,FALSE)*$G23 -> 0
B24: Hydraulic Production | C24: 204-207 | D24: 330-337 | E24: PROD | G24: 0 | H24: =VLOOKUP($E24,Ratio,2,FALSE)*$G24 -> 0 | I24: =VLOOKUP($E24,Ratio,3,FALSE)*$G24 -> 0 | J24: =VLOOKUP($E24,Ratio,4,FALSE)*$G24 -> 0
B25: Solar Production | C25: 204-207 | D25: 338.1-338.13 | E25: PROD | G25: 0 | H25: =VLOOKUP($E25,Ratio,2,FALSE)*$G25 -> 0 | I25: =VLOOKUP($E25,Ratio,3,FALSE)*$G25 -> 0 | J25: =VLOOKUP($E25,Ratio,4,FALSE)*$G25 -> 0
B26: Wind Production | C26: 204-207 | D26: 338.20-338.34 | E26: PROD | G26: 0 | H26: =VLOOKUP($E26,Ratio,2,FALSE)*$G26 -> 0 | I26: =VLOOKUP($E26,Ratio,3,FALSE)*$G26 -> 0 | J26: =VLOOKUP($E26,Ratio,4,FALSE)*$G26 -> 0
B27: Other Renewable Production | C27: 204-207 | D27: 339.1-339.13 | E27: PROD | G27: 0 | H27: =VLOOKUP($E27,Ratio,2,FALSE)*$G27 -> 0 | I27: =VLOOKUP($E27,Ratio,3,FALSE)*$G27 -> 0 | J27: =VLOOKUP($E27,Ratio,4,FALSE)*$G27 -> 0
B28: Other Production | C28: 204-207 | D28: 340-347 | E28: PROD | G28: 0 | H28: =VLOOKUP($E28,Ratio,2,FALSE)*$G28 -> 0 | I28: =VLOOKUP($E28,Ratio,3,FALSE)*$G28 -> 0 | J28: =VLOOKUP($E28,Ratio,4,FALSE)*$G28 -> 0
A29: Total Production Plant | G29: =SUM(G22:G28) -> 0 | H29: =SUM(H22:H28) -> 0 | I29: =SUM(I22:I28) -> 0 | J29: =SUM(J22:J28) -> 0
A31: Transmission Plant:
B32: Transmission Plant | C32: 204-207 | D32: 350-359.1 | E32: TRANS | G32: 0 | H32: =VLOOKUP($E32,Ratio,2,FALSE)*$G32 -> 0 | I32: =VLOOKUP($E32,Ratio,3,FALSE)*$G32 -> 0 | J32: =VLOOKUP($E32,Ratio,4,FALSE)*$G32 -> 0
A33: Total Transmission Plant | G33: =SUM(G32) -> 0 | H33: =SUM(H32) -> 0 | I33: =SUM(I32) -> 0 | J33: =SUM(J32) -> 0
A35: Distribution Plant:
B36: Distribution Plant | C36: 204-207 | D36: 360-374 | E36: DIST | G36: 0 | H36: =VLOOKUP($E36,Ratio,2,FALSE)*$G36 -> 0 | I36: =VLOOKUP($E36,Ratio,3,FALSE)*$G36 -> 0 | J36: =VLOOKUP($E36,Ratio,4,FALSE)*$G36 -> 0
A37: Total Distribution Plant | G37: =SUM(G36) -> 0 | H37: =SUM(H36) -> 0 | I37: =SUM(I36) -> 0 | J37: =SUM(J36) -> 0
A39: Energy Storage Plant:
B40: Energy Storage Plant | C40: 204-207 | D40: 387-387.12 | E40: PTD | G40: 0 | H40: =VLOOKUP($E40,Ratio,2,FALSE)*$G40 -> 0 | I40: =VLOOKUP($E40,Ratio,3,FALSE)*$G40 -> 0 | J40: =VLOOKUP($E40,Ratio,4,FALSE)*$G40 -> 0
A41: Total Energy Storage Plant | G41: =SUM(G40) -> 0 | H41: =SUM(H40) -> 0 | I41: =SUM(I40) -> 0 | J41: =SUM(J40) -> 0
A43: General Plant:
B44: Land and Land Rights | C44: 204-207 | D44: 389 | E44: PTD | G44: 0 | H44: =VLOOKUP($E44,Ratio,2,FALSE)*$G44 -> 0 | I44: =VLOOKUP($E44,Ratio,3,FALSE)*$G44 -> 0 | J44: =VLOOKUP($E44,Ratio,4,FALSE)*$G44 -> 0
B45: Structures and Improvements | C45: 204-207 | D45: 390 | E45: PTD | G45: 0 | H45: =VLOOKUP($E45,Ratio,2,FALSE)*$G45 -> 0 | I45: =VLOOKUP($E45,Ratio,3,FALSE)*$G45 -> 0 | J45: =VLOOKUP($E45,Ratio,4,FALSE)*$G45 -> 0
B46: Furniture and Equipment | C46: 204-207 | D46: 391 | E46: LABOR | G46: 0 | H46: =VLOOKUP($E46,Ratio,2,FALSE)*$G46 -> 0 | I46: =VLOOKUP($E46,Ratio,3,FALSE)*$G46 -> 0 | J46: =VLOOKUP($E46,Ratio,4,FALSE)*$G46 -> 0
B47: Transportation Equipment | C47: 204-207 | D47: 392 | E47: TD | G47: 0 | H47: =VLOOKUP($E47,Ratio,2,FALSE)*$G47 -> 0 | I47: =VLOOKUP($E47,Ratio,3,FALSE)*$G47 -> 0 | J47: =VLOOKUP($E47,Ratio,4,FALSE)*$G47 -> 0
B48: Stores Equipment | C48: 204-207 | D48: 393 | E48: PTD | G48: 0 | H48: =VLOOKUP($E48,Ratio,2,FALSE)*$G48 -> 0 | I48: =VLOOKUP($E48,Ratio,3,FALSE)*$G48 -> 0 | J48: =VLOOKUP($E48,Ratio,4,FALSE)*$G48 -> 0
B49: Tools and Garage Equipment | C49: 204-207 | D49: 394 | E49: PTD | G49: 0 | H49: =VLOOKUP($E49,Ratio,2,FALSE)*$G49 -> 0 | I49: =VLOOKUP($E49,Ratio,3,FALSE)*$G49 -> 0 | J49: =VLOOKUP($E49,Ratio,4,FALSE)*$G49 -> 0
B50: Laboratory Equipment | C50: 204-207 | D50: 395 | E50: PTD | G50: 0 | H50: =VLOOKUP($E50,Ratio,2,FALSE)*$G50 -> 0 | I50: =VLOOKUP($E50,Ratio,3,FALSE)*$G50 -> 0 | J50: =VLOOKUP($E50,Ratio,4,FALSE)*$G50 -> 0
B51: Power Operated Equipment | C51: 204-207 | D51: 396 | E51: TD | G51: 0 | H51: =VLOOKUP($E51,Ratio,2,FALSE)*$G51 -> 0 | I51: =VLOOKUP($E51,Ratio,3,FALSE)*$G51 -> 0 | J51: =VLOOKUP($E51,Ratio,4,FALSE)*$G51 -> 0
B52: Computer Hardware | C52: 204-207 | D52: 397.1 | E52: PTD | G52: 0 | H52: =VLOOKUP($E52,Ratio,2,FALSE)*$G52 -> 0 | I52: =VLOOKUP($E52,Ratio,3,FALSE)*$G52 -> 0 | J52: =VLOOKUP($E52,Ratio,4,FALSE)*$G52 -> 0
B53: Computer Software | C53: 204-207 | D53: 397.2 | E53: PTD | G53: 0 | H53: =VLOOKUP($E53,Ratio,2,FALSE)*$G53 -> 0 | I53: =VLOOKUP($E53,Ratio,3,FALSE)*$G53 -> 0 | J53: =VLOOKUP($E53,Ratio,4,FALSE)*$G53 -> 0
B54: Communication Equipment | C54: 204-207 | D54: 397.3 | E54: PTD | G54: 0 | H54: =VLOOKUP($E54,Ratio,2,FALSE)*$G54 -> 0 | I54: =VLOOKUP($E54,Ratio,3,FALSE)*$G54 -> 0 | J54: =VLOOKUP($E54,Ratio,4,FALSE)*$G54 -> 0
B55: Miscellaneous Equipment | C55: 204-207 | D55: 398 | E55: PTD | G55: 0 | H55: =VLOOKUP($E55,Ratio,2,FALSE)*$G55 -> 0 | I55: =VLOOKUP($E55,Ratio,3,FALSE)*$G55 -> 0 | J55: =VLOOKUP($E55,Ratio,4,FALSE)*$G55 -> 0
B56: Other Tangible Property | C56: 204-207 | D56: 399 | E56: DIRECT | F56: PTD | G56: 0 | H56: =VLOOKUP($E56,Ratio,2,FALSE)*$G56 -> 0 | I56: =VLOOKUP($E56,Ratio,3,FALSE)*$G56 -> 0 | J56: =VLOOKUP($E56,Ratio,4,FALSE)*$G56 -> 0
B57: Asset Retirement Costs for General Plant | C57: 204-207 | D57: 399.1 | E57: PTD | G57: 0 | H57: =VLOOKUP($E57,Ratio,2,FALSE)*$G57 -> 0 | I57: =VLOOKUP($E57,Ratio,3,FALSE)*$G57 -> 0 | J57: =VLOOKUP($E57,Ratio,4,FALSE)*$G57 -> 0
A59: Total General Plant | G59: =SUM(G44:G57) -> 0 | H59: =SUM(H44:H57) -> 0 | I59: =SUM(I44:I57) -> 0 | J59: =SUM(J44:J57) -> 0
A61: Total Electric Plant In-Service | G61: =G19+G29+G33+G37+G59+G41 -> 0 | H61: =H19+H29+H33+H37+H59+H41 -> 0 | I61: =I19+I29+I33+I37+I59+I41 -> 0 | J61: =J19+J29+J33+J37+J59+J41 -> 0
A62: (Total Intangible + Total Production + Total Transmission + Total Distribution + Total General)
A64: LESS:
A65: Depreciation and Amortization Reserve
B66: Steam Production Plant | C66: 219 | D66: 108 | E66: PROD | G66: 0 | H66: =VLOOKUP($E66,Ratio,2,FALSE)*$G66 -> 0 | I66: =VLOOKUP($E66,Ratio,3,FALSE)*$G66 -> 0 | J66: =VLOOKUP($E66,Ratio,4,FALSE)*$G66 -> 0
B67: Nuclear Production Plant | C67: 219 | D67: 108 | E67: PROD | G67: 0 | H67: =VLOOKUP($E67,Ratio,2,FALSE)*$G67 -> 0 | I67: =VLOOKUP($E67,Ratio,3,FALSE)*$G67 -> 0 | J67: =VLOOKUP($E67,Ratio,4,FALSE)*$G67 -> 0
B68: Hydraulic Production Plant | C68: 219 | D68: 108 | E68: PROD | G68: 0 | H68: =VLOOKUP($E68,Ratio,2,FALSE)*$G68 -> 0 | I68: =VLOOKUP($E68,Ratio,3,FALSE)*$G68 -> 0 | J68: =VLOOKUP($E68,Ratio,4,FALSE)*$G68 -> 0
B69: Solar Production | C69: 219 | D69: 108 | E69: PROD | G69: 0 | H69: =VLOOKUP($E69,Ratio,2,FALSE)*$G69 -> 0 | I69: =VLOOKUP($E69,Ratio,3,FALSE)*$G69 -> 0 | J69: =VLOOKUP($E69,Ratio,4,FALSE)*$G69 -> 0
B70: Wind Production | C70: 219 | D70: 108 | E70: PROD | G70: 0 | H70: =VLOOKUP($E70,Ratio,2,FALSE)*$G70 -> 0 | I70: =VLOOKUP($E70,Ratio,3,FALSE)*$G70 -> 0 | J70: =VLOOKUP($E70,Ratio,4,FALSE)*$G70 -> 0
B71: Other Renewable Production | C71: 219 | D71: 108 | E71: PROD | G71: 0 | H71: =VLOOKUP($E71,Ratio,2,FALSE)*$G71 -> 0 | I71: =VLOOKUP($E71,Ratio,3,FALSE)*$G71 -> 0 | J71: =VLOOKUP($E71,Ratio,4,FALSE)*$G71 -> 0
B72: Other Production Plant | C72: 219 | D72: 108 | E72: PROD | G72: 0 | H72: =VLOOKUP($E72,Ratio,2,FALSE)*$G72 -> 0 | I72: =VLOOKUP($E72,Ratio,3,FALSE)*$G72 -> 0 | J72: =VLOOKUP($E72,Ratio,4,FALSE)*$G72 -> 0
B73: Transmission Plant | C73: 219 | D73: 108 | E73: TRANS | G73: 0 | H73: =VLOOKUP($E73,Ratio,2,FALSE)*$G73 -> 0 | I73: =VLOOKUP($E73,Ratio,3,FALSE)*$G73 -> 0 | J73: =VLOOKUP($E73,Ratio,4,FALSE)*$G73 -> 0
B74: Distribution Plant | C74: 219 | D74: 108 | E74: DIST | G74: 0 | H74: =VLOOKUP($E74,Ratio,2,FALSE)*$G74 -> 0 | I74: =VLOOKUP($E74,Ratio,3,FALSE)*$G74 -> 0 | J74: =VLOOKUP($E74,Ratio,4,FALSE)*$G74 -> 0
B75: General Plant | C75: 219 | D75: 108 | E75: GP | G75: 0 | H75: =VLOOKUP($E75,Ratio,2,FALSE)*$G75 -> 0 | I75: =VLOOKUP($E75,Ratio,3,FALSE)*$G75 -> 0 | J75: =VLOOKUP($E75,Ratio,4,FALSE)*$G75 -> 0
B76: Amortization of Intangible Plant - Account 301 | C76: 219 | D76: 111 | E76: DIST | G76: 0 | H76: =VLOOKUP($E76,Ratio,2,FALSE)*$G76 -> 0 | I76: =VLOOKUP($E76,Ratio,3,FALSE)*$G76 -> 0 | J76: =VLOOKUP($E76,Ratio,4,FALSE)*$G76 -> 0
B77: Amortization of Intangible Plant - Account 302 | C77: 200-201 | D77: 111 | E77: DIRECT | F77: PTD | G77: 0 | H77: =IF($E77="DIRECT",$L77,VLOOKUP($E77,Ratio,2,FALSE)*$G77) -> 0 | I77: =IF($E77="DIRECT",$M77,VLOOKUP($E77,Ratio,3,FALSE)*$G77) -> 0 | J77: =IF($E77="DIRECT",$N77,VLOOKUP($E77,Ratio,4,FALSE)*$G77) -> 0 | L77: 0 | M77: 0 | N77: 0
B78: Amortization of Intangible Plant - Account 303 | C78: 200-201 | D78: 111 | E78: DIRECT | F78: DIST | G78: 0 | H78: =IF($E78="DIRECT",$L78,VLOOKUP($E78,Ratio,2,FALSE)*$G78) -> 0 | I78: =IF($E78="DIRECT",$M78,VLOOKUP($E78,Ratio,3,FALSE)*$G78) -> 0 | J78: =IF($E78="DIRECT",$N78,VLOOKUP($E78,Ratio,4,FALSE)*$G78) -> 0 | L78: 0 | M78: 0 | N78: 0
B79: Amortization of Plant Held for Future Use | C79: 200-201 | D79: 111 | E79: DIST | G79: 0 | H79: =VLOOKUP($E79,Ratio,2,FALSE)*$G79 -> 0 | I79: =VLOOKUP($E79,Ratio,3,FALSE)*$G79 -> 0 | J79: =VLOOKUP($E79,Ratio,4,FALSE)*$G79 -> 0
B80: Capital Lease - Common Plant | C80: 200-201 | D80: 108 | E80: DIRECT | F80: PTD | G80: 0 | H80: =IF($E80="DIRECT",$L80,VLOOKUP($E80,Ratio,2,FALSE)*$G80) -> 0 | I80: =IF($E80="DIRECT",$M80,VLOOKUP($E80,Ratio,3,FALSE)*$G80) -> 0 | J80: =IF($E80="DIRECT",$N80,VLOOKUP($E80,Ratio,4,FALSE)*$G80) -> 0
B81: In-Service: Depreciation of Common Plant | C81: 200-201 | D81: 108 | E81: DIRECT | F81: PTD | G81: 0 | H81: =IF($E81="DIRECT",$L81,VLOOKUP($E81,Ratio,2,FALSE)*$G81) -> 0 | I81: =IF($E81="DIRECT",$M81,VLOOKUP($E81,Ratio,3,FALSE)*$G81) -> 0 | J81: =IF($E81="DIRECT",$N81,VLOOKUP($E81,Ratio,4,FALSE)*$G81) -> 0 | L81: 0 | M81: 0 | N81: 0
B82: Amortization of Other Utility Plant | C82: 200-201 | D82: 108 | E82: DIRECT | F82: DIST | G82: 0 | H82: =IF($E82="DIRECT",$L82,VLOOKUP($E82,Ratio,2,FALSE)*$G82) -> 0 | I82: =IF($E82="DIRECT",$M82,VLOOKUP($E82,Ratio,3,FALSE)*$G82) -> 0 | J82: =IF($E82="DIRECT",$N82,VLOOKUP($E82,Ratio,4,FALSE)*$G82) -> 0
B83: Amortization of Acquisition Adjustments | C83: 200-201 | D83: 115 | E83: DIRECT | F83: DIST | G83: 0 | H83: =IF($E83="DIRECT",$L83,VLOOKUP($E83,Ratio,2,FALSE)*$G83) -> 0 | I83: =IF($E83="DIRECT",$M83,VLOOKUP($E83,Ratio,3,FALSE)*$G83) -> 0 | J83: =IF($E83="DIRECT",$N83,VLOOKUP($E83,Ratio,4,FALSE)*$G83) -> 0
A85: Total Depreciation and Amortization Reserve | G85: =SUM(G66:G83) -> 0 | H85: =SUM(H66:H83) -> 0 | I85: =SUM(I66:I83) -> 0 | J85: =SUM(J66:J83) -> 0
A87: Total Net Plant | G87: =G61-G85 -> 0 | H87: =H61-H85 -> 0 | I87: =I61-I85 -> 0 | J87: =J61-J85 -> 0
A88: (Total Electric Plant In-Service) - (Total Depreciation & Amortization)
A90: Assets and Other Debits (Comparative Balance Sheet)
A92: Cash Working Capital (a/) | C92: Calculation: Automatic Input from Sch 1A | G92: ='Sch 1A - Cash Working Capital'!C24 -> 0 | H92: ='Sch 1A - Cash Working Capital'!D24 -> 0 | I92: ='Sch 1A - Cash Working Capital'!E24 -> 0 | J92: ='Sch 1A - Cash Working Capital'!F24 -> 0
A94: Utility Plant
B95: (Utility Plant) Held For Future Use | C95: 200-201 | D95: 105 | E95: DIST | G95: 0 | H95: =VLOOKUP($E95,Ratio,2,FALSE)*$G95 -> 0 | I95: =VLOOKUP($E95,Ratio,3,FALSE)*$G95 -> 0 | J95: =VLOOKUP($E95,Ratio,4,FALSE)*$G95 -> 0
B96: (Utility Plant) Completed Construction - Not Classified | C96: 200-201 | D96: 106 | E96: PTD | G96: 0 | H96: =VLOOKUP($E96,Ratio,2,FALSE)*$G96 -> 0 | I96: =VLOOKUP($E96,Ratio,3,FALSE)*$G96 -> 0 | J96: =VLOOKUP($E96,Ratio,4,FALSE)*$G96 -> 0
B97: Nuclear Fuel | C97: 202-203 | D97: 120.1-120.6 | E97: PROD | G97: 0 | H97: =VLOOKUP($E97,Ratio,2,FALSE)*$G97 -> 0 | I97: =VLOOKUP($E97,Ratio,3,FALSE)*$G97 -> 0 | J97: =VLOOKUP($E97,Ratio,4,FALSE)*$G97 -> 0
B98: Construction Work in Progress (CWIP) | C98: 200-201 | D98: 107 & 120.1 | E98: DIST | G98: 0 | H98: =VLOOKUP($E98,Ratio,2,FALSE)*$G98 -> 0 | I98: =VLOOKUP($E98,Ratio,3,FALSE)*$G98 -> 0 | J98: =VLOOKUP($E98,Ratio,4,FALSE)*$G98 -> 0
B99: Common Plant | C99: 356 | D99: 356 | E99: DIRECT | G99: 0 | H99: =IF($E99="DIRECT",$L99,VLOOKUP($E99,Ratio,2,FALSE)*$G99) -> 0 | I99: =IF($E99="DIRECT",$M99,VLOOKUP($E99,Ratio,3,FALSE)*$G99) -> 0 | J99: =IF($E99="DIRECT",$N99,VLOOKUP($E99,Ratio,4,FALSE)*$G99) -> 0 | L99: 0 | M99: 0 | N99: 0
B100: Acquisition Adjustments (Electric) | C100: 200-201 | D100: 114 | E100: DIRECT | F100: DIST | G100: 0 | H100: =IF($E100="DIRECT",$L100,VLOOKUP($E100,Ratio,2,FALSE)*$G100) -> 0 | I100: =IF($E100="DIRECT",$M100,VLOOKUP($E100,Ratio,3,FALSE)*$G100) -> 0 | J100: =IF($E100="DIRECT",$N100,VLOOKUP($E100,Ratio,4,FALSE)*$G100) -> 0 | L100: 0 | M100: 0 | N100: 0
B101: Total | G101: =SUM(G95:G100) -> 0 | H101: =SUM(H95:H100) -> 0 | I101: =SUM(I95:I100) -> 0 | J101: =SUM(J95:J100) -> 0
A103: Other Property and Investments
B104: Investment in Associated Companies | C104: 110-111 | D104: 123 | E104: DIRECT | F104: DIST | G104: 0 | H104: =IF($E104="DIRECT",$L104,VLOOKUP($E104,Ratio,2,FALSE)*$G104) -> 0 | I104: =IF($E104="DIRECT",$M104,VLOOKUP($E104,Ratio,3,FALSE)*$G104) -> 0 | J104: =IF($E104="DIRECT",$N104,VLOOKUP($E104,Ratio,4,FALSE)*$G104) -> 0 | N104: =G104 -> 0
B105: Investment in Subsidiary Companies | C105: 110-111 | D105: 123.1 | E105: DIRECT | F105: DIST | G105: 0 | H105: =IF($E105="DIRECT",$L105,VLOOKUP($E105,Ratio,2,FALSE)*$G105) -> 0 | I105: =IF($E105="DIRECT",$M105,VLOOKUP($E105,Ratio,3,FALSE)*$G105) -> 0 | J105: =IF($E105="DIRECT",$N105,VLOOKUP($E105,Ratio,4,FALSE)*$G105) -> 0 | N105: =G105 -> 0
B106: Other Investment | C106: 110-111 | D106: 124 | E106: DIST | G106: 0 | H106: =VLOOKUP($E106,Ratio,2,FALSE)*$G106 -> 0 | I106: =VLOOKUP($E106,Ratio,3,FALSE)*$G106 -> 0 | J106: =VLOOKUP($E106,Ratio,4,FALSE)*$G106 -> 0
B107: Long-Term Portion of Derivative Assets | C107: 110-111 | D107: 175 | E107: DIST | G107: 0 | H107: =VLOOKUP($E107,Ratio,2,FALSE)*$G107 -> 0 | I107: =VLOOKUP($E107,Ratio,3,FALSE)*$G107 -> 0 | J107: =VLOOKUP($E107,Ratio,4,FALSE)*$G107 -> 0
B108: Long-Term Portion of Derivative Assets - Hedges | C108: 110-111 | D108: 176 | E108: DIST | G108: 0 | H108: =VLOOKUP($E108,Ratio,2,FALSE)*$G108 -> 0 | I108: =VLOOKUP($E108,Ratio,3,FALSE)*$G108 -> 0 | J108: =VLOOKUP($E108,Ratio,4,FALSE)*$G108 -> 0
B109: Total | G109: =SUM(G104:G108) -> 0 | H109: =SUM(H104:H108) -> 0 | I109: =SUM(I104:I108) -> 0 | J109: =SUM(J104:J108) -> 0
A111: Current and Accrued Assets
B112: Fuel Stock | C112: 110-111 | D112: 151 | E112: PROD | G112: 0 | H112: =VLOOKUP($E112,Ratio,2,FALSE)*$G112 -> 0 | I112: =VLOOKUP($E112,Ratio,3,FALSE)*$G112 -> 0 | J112: =VLOOKUP($E112,Ratio,4,FALSE)*$G112 -> 0
B113: Fuel Stock Expenses Undistributed | C113: 110-111 | D113: 152 | E113: PROD | G113: 0 | H113: =VLOOKUP($E113,Ratio,2,FALSE)*$G113 -> 0 | I113: =VLOOKUP($E113,Ratio,3,FALSE)*$G113 -> 0 | J113: =VLOOKUP($E113,Ratio,4,FALSE)*$G113 -> 0
B114: Plant Materials and Operating Supplies | C114: 110-111 | D114: 154 | E114: PTD | G114: 0 | H114: =VLOOKUP($E114,Ratio,2,FALSE)*$G114 -> 0 | I114: =VLOOKUP($E114,Ratio,3,FALSE)*$G114 -> 0 | J114: =VLOOKUP($E114,Ratio,4,FALSE)*$G114 -> 0
B115: Merchandise (Major Only) | C115: 110-111 | D115: 155 | E115: DIST | G115: 0 | H115: =VLOOKUP($E115,Ratio,2,FALSE)*$G115 -> 0 | I115: =VLOOKUP($E115,Ratio,3,FALSE)*$G115 -> 0 | J115: =VLOOKUP($E115,Ratio,4,FALSE)*$G115 -> 0
B116: Other Materials and Supplies (Major only) | C116: 110-111 | D116: 156 | E116: DIST | G116: 0 | H116: =VLOOKUP($E116,Ratio,2,FALSE)*$G116 -> 0 | I116: =VLOOKUP($E116,Ratio,3,FALSE)*$G116 -> 0 | J116: =VLOOKUP($E116,Ratio,4,FALSE)*$G116 -> 0
B117: Allowance Inventory | C117: 110-111 | D117: 158.1 | E117: PROD | G117: 0 | H117: =VLOOKUP($E117,Ratio,2,FALSE)*$G117 -> 0 | I117: =VLOOKUP($E117,Ratio,3,FALSE)*$G117 -> 0 | J117: =VLOOKUP($E117,Ratio,4,FALSE)*$G117 -> 0
B118: Allowances Withheld | C118: 110-111 | D118: 158.2 | E118: PROD | G118: 0 | H118: =VLOOKUP($E118,Ratio,2,FALSE)*$G118 -> 0 | I118: =VLOOKUP($E118,Ratio,3,FALSE)*$G118 -> 0 | J118: =VLOOKUP($E118,Ratio,4,FALSE)*$G118 -> 0
B119: Stores Expense Undistributed | C119: 110-111 | D119: 163 | E119: PTD | G119: 0 | H119: =VLOOKUP($E119,Ratio,2,FALSE)*$G119 -> 0 | I119: =VLOOKUP($E119,Ratio,3,FALSE)*$G119 -> 0 | J119: =VLOOKUP($E119,Ratio,4,FALSE)*$G119 -> 0
...

Sheet Sch 1A - Cash Working Capital
A1: BONNEVILLE POWER ADMINISTRATION
A2: RESIDENTIAL PURCHASE AND SALE AGREEMENT
A3: 2026 Average System Cost Methodology (ASCM) Appendix 1
A5: TOC | B5: UTILITY NAME: | C5: ='Sch 1- Rate Base '!$E$5 -> 0 | F5: BPA Reviews:
B6: End of Year Report Period: | C6: ='Sch 1- Rate Base '!$E$6 -> 0 | F6: ='Sch 1- Rate Base '!I6
B7: ASC Filing Date: | C7: ='Sch 1- Rate Base '!$E$7 -> 0 | F7: ='Sch 1- Rate Base '!I7
A10: Schedule 1A: Cash Working Capital (a/)
A11: (Automatic Input from Schedule 3- Expenses)
A12: Account Description | C12: Total | D12: Production | E12: Transmission | F12: Distribution/ Other
A14: Cash Working Capital Calculation:
B15: Total Production O&M | C15: ='Sch 3 - Expenses'!G36 -> 0 | D15: ='Sch 3 - Expenses'!H36 -> 0 | E15: ='Sch 3 - Expenses'!I36 -> 0 | F15: ='Sch 3 - Expenses'!J36 -> 0
B16: Total Transmission O&M | C16: ='Sch 3 - Expenses'!G42 -> 0 | D16: ='Sch 3 - Expenses'!H42 -> 0 | E16: ='Sch 3 - Expenses'!I42 -> 0 | F16: ='Sch 3 - Expenses'!J42 -> 0
B17: Total Distribution O&M | C17: ='Sch 3 - Expenses'!G47 -> 0 | D17: ='Sch 3 - Expenses'!H47 -> 0 | E17: ='Sch 3 - Expenses'!I47 -> 0 | F17: ='Sch 3 - Expenses'!J47 -> 0
B18: Total Customer & Sales | C18: ='Sch 3 - Expenses'!G55 -> 0 | D18: ='Sch 3 - Expenses'!H55 -> 0 | E18: ='Sch 3 - Expenses'!I55 -> 0 | F18: ='Sch 3 - Expenses'!J55 -> 0
B19: Total Administrative and General O&M | C19: ='Sch 3 - Expenses'!G75 -> 0 | D19: ='Sch 3 - Expenses'!H75 -> 0 | E19: ='Sch 3 - Expenses'!I75 -> 0 | F19: ='Sch 3 - Expenses'!J75 -> 0
B20: Less Purchased Power, Public Purpose Charge, Purchase Power for Storage, Fuel Costs | C20: ='Sch 3 - Expenses'!G16+'Sch 3 - Expenses'!G20+'Sch 3 - Expenses'!G27+'Sch 3 - Expenses'!G31+'Sch 3 - Expenses'!G35+G30+'Sch 3 - Expenses'!G32 -> 0 | D20: ='Sch 3 - Expenses'!H16+'Sch 3 - Expenses'!H20+'Sch 3 - Expenses'!H27+'Sch 3 - Expenses'!H31+'Sch 3 - Expenses'!H35+H30+'Sch 3 - Expenses'!H32 -> 0 | E20: ='Sch 3 - Expenses'!I16+'Sch 3 - Expenses'!I20+'Sch 3 - Expenses'!I27+'Sch 3 - Expenses'!I31+'Sch 3 - Expenses'!I35+I30+'Sch 3 - Expenses'!I32 -> 0 | F20: ='Sch 3 - Expenses'!J16+'Sch 3 - Expenses'!J20+'Sch 3 - Expenses'!J27+'Sch 3 - Expenses'!J31+'Sch 3 - Expenses'!J35+J30+'Sch 3 - Expenses'!J32 -> 0
A21: Revised Total O&M Expenses | C21: =SUM(C15:C19)-C20 -> 0 | D21: =SUM(D15:D19)-D20 -> 0 | E21: =SUM(E15:E19)-E20 -> 0 | F21: =SUM(F15:F19)-F20 -> 0
A23: One-Eighth Revised Total O&M Expenses
A24: Allowable Functionalized Cash Working Capital | C24: =C21/8 -> 0 | D24: =D21/8 -> 0 | E24: =E21/8 -> 0 | F24: =F21/8 -> 0
B30: Account 557 Disallowed Amounts | G30: 0 | H30: 0

Sheet Sch 2 -Rate of Return
A1: BONNEVILLE POWER ADMINISTRATION
A2: RESIDENTIAL PURCHASE AND SALE AGREEMENT
A3: 2026 Average System Cost Methodology (ASCM) Appendix 1
A5: TOC | C5: UTILITY NAME: | D5: ='Sch 1- Rate Base '!$E$5 -> 0 | H5: BPA Reviews:
A6: é | C6: End of Year Report Period: | D6: ='Sch 1- Rate Base '!$E$6 -> 0 | H6: ='Sch 1- Rate Base '!I6
C7: ASC Filing Date: | D7: ='Sch 1- Rate Base '!$E$7 -> 0 | H7: ='Sch 1- Rate Base '!I7
A8: Schedule 2: Capital Structure and Rate of Return (h/)
D10: SUMMARY (for use by ASC Forecast Model)
D11: Single-Jurisdiction Investor-Owned Utility Return Calculation: | E11: =E35 -> 0
D12: Multi-Jurisdiction Investor-Owned Utility Return Calculation: | E12: =E90 -> 0
D13: Consumer-Owned Utility Return Calculation: | E13: =E118 -> 0
D14: Rate of Return : | E14: =SUM(E11:E13) -> 0
A16: Single-Jurisdiction Investor-Owned Utility Return Calculation
A18: Step 1: Weighted Cost of Capital from Most Recent State Commission Rate Order
A19: Note: Multi-jurisdictional utilities must begin on Page 2
A20: Publicly-owned utilities must begin on Page 4
B22: Capitalization Structure | D22: Effective Cost
A23: Component | B23: Amount | C23: Percent | D23: Embedded | E23: Weighted
A24: Debt | C24: 0 | E24: =ROUNDUP(D24*C24,5) -> 0
A25: Preferred Equity | C25: 0 | E25: =ROUNDUP(D25*C25,5) -> 0
A26: Common Equity | C26: 0 | E26: =ROUNDUP(D26*C26,5) -> 0
A27: Weighted Cost of Capital | B27: =SUM(B24:B26) -> 0 | C27: =IF($B$27=0,0,B27/$B$27) -> 0 | E27: =SUM(E24:E26) -> 0
A29: Step 2: Gross Up Equity Return for Federal Income Taxes
A31: Federal Income Tax Rate (21% during Base Period) | D31: 0.21
A32: Federal Income Tax Factor | E32: =(E27-(E24))*(D31/(1-D31)) -> 0
A33: {(ROR – (Embedded Cost of Debt * (Debt / (Total Capital))} * {(Federal Tax Rate / (1- Federal Tax Rate)}
A35: Federal Income Tax Adjusted Weighted Cost of Capital | E35: =E27+E32 -> 0
A36: (Weighted Cost of Capital Plus Federal Income Tax Factor)
A38: Step 3: Calculate Return on Rate Base
E39: Total | F39: Production | G39: Transmission | H39: Other
A40: Total Rate Base from Schedule 1 | E40: ='Sch 1- Rate Base '!G166 -> 0 | F40: ='Sch 1- Rate Base '!H166 -> 0 | G40: ='Sch 1- Rate Base '!I166 -> 0 | H40: ='Sch 1- Rate Base '!J166 -> 0
A41: Federal Income Tax Adjusted Weighted Cost of Capital | E41: =$E$35 -> 0 | F41: =$E$35 -> 0 | G41: =$E$35 -> 0 | H41: =$E$35 -> 0
A42: Federal Income Tax Adjusted Return on Rate Base | E42: =E41*E40 -> 0 | F42: =F41*F40 -> 0 | G42: =G41*G40 -> 0 | H42: =H41*H40 -> 0
A43: (Total Rate Base * Federal Income Tax Adjusted Weighted Cost of Capital)
A47: Multi-Jurisdiction Investor-Owned Utility Return Calculation
A48: Step 1:
A49: Weighted Cost of Capital from Most Recent State Commission Rate Order in Jurisdiction 1
B51: Capitalization Structure | D51: Effective Cost | F51: Jurisdictional | G51: Effective Cost -
A52: Component | B52: Amount | C52: Percent | D52: Embedded | E52: Weighted | F52: Allocation | G52: Weighted State Allocation
A53: Debt | B53: 0 | C53: =IF($B$72=0,0,B53/$B$72) -> 0 | E53: =ROUNDUP(D53*C53,5) -> 0 | F53: =IF(B61=0,"0",B61/$B$78) -> 0 | G53: =E53*$F$69 -> 0 | H53: =C53*$F$69 -> 0
A54: Preferred Equity | B54: 0 | C54: =IF($B$72=0,0,B54/$B$72) -> 0 | E54: =ROUNDUP(D54*C54,5) -> 0 | G54: =E54*$F$69 -> 0 | H54: =C54*$F$69 -> 0
A55: Common Equity | B55: 0 | C55: =IF($B$72=0,0,B55/$B$72) -> 0 | E55: =ROUNDUP(D55*C55,5) -> 0 | G55: =E55*$F$69 -> 0 | H55: =C55*$F$69 -> 0
A56: Weighted Cost of Capital | B56: =SUM(B53:B55) -> 0 | C56: =SUM(C53:C55) -> 0 | E56: =SUM(E53:E55) -> 0 | G56: =SUM(G53:G55) -> 0 | H56: =SUM(H53:H55) -> 0
A58: Weighted Cost of Capital from Most Recent State Commission Rate Order in Jurisdiction 2
A60: Component | B60: Amount | C60: Percent | D60: Embedded | E60: Weighted
A61: Debt | B61: 0 | C61: =IF($B$72=0,0,B61/$B$72) -> 0 | E61: =ROUNDUP(D61*C61,5) -> 0 | F61: =IF(B69=0,"0",B69/$B$78) -> 0 | G61: =E61*$F$69 -> 0 | H61: =C61*$F$69 -> 0
A62: Preferred Equity | B62: 0 | C62: =IF($B$72=0,0,B62/$B$72) -> 0 | E62: =ROUNDUP(D62*C62,5) -> 0 | G62: =E62*$F$69 -> 0 | H62: =C62*$F$69 -> 0
A63: Common Equity | B63: 0 | C63: =IF($B$72=0,0,B63/$B$72) -> 0 | E63: =ROUNDUP(D63*C63,5) -> 0 | G63: =E63*$F$69 -> 0 | H63: =C63*$F$69 -> 0
A64: Weighted Cost of Capital | B64: =SUM(B61:B63) -> 0 | C64: =SUM(C61:C63) -> 0 | E64: =SUM(E61:E63) -> 0 | G64: =SUM(G61:G63) -> 0 | H64: =SUM(H61:H63) -> 0
A66: Weighted Cost of Capital from Most Recent State Commission Rate Order in Jurisdiction 3
A68: Component | B68: Amount | C68: Percent | D68: Embedded | E68: Weighted
A69: Debt | C69: =IF($B$72=0,0,B69/$B$72) -> 0 | E69: =ROUNDUP(D69*C69,5) -> 0 | F69: =IF(B77=0,"0",B77/$B$78) -> 0 | G69: =E69*$F$69 -> 0 | H69: =C69*$F$69 -> 0
A70: Preferred Equity | C70: =IF($B$72=0,0,B70/$B$72) -> 0 | E70: =ROUNDUP(D70*C70,5) -> 0 | G70: =E70*$F$69 -> 0 | H70: =C70*$F$69 -> 0
A71: Common Equity | C71: =IF($B$72=0,0,B71/$B$72) -> 0 | E71: =ROUNDUP(D71*C71,5) -> 0 | G71: =E71*$F$69 -> 0 | H71: =C71*$F$69 -> 0
A72: Weighted Cost of Capital | B72: =SUM(B69:B71) -> 0 | C72: =SUM(C69:C71) -> 0 | E72: =SUM(E69:E71) -> 0 | G72: =SUM(G69:G71) -> 0 | H72: =SUM(H69:H71) -> 0
A74: Jurisdiction | B74: Rate Base | C74: Weighted cost | D74: % | E74: Weighted Return
A75: WASHINGTON | B75: 0 | C75: =E56 -> 0 | D75: =C75*F53 -> 0 | E75: =$D$78*B75 -> 0 | G75: =G56 -> 0
A76: IDAHO | B76: 0 | C76: =E64 -> 0 | D76: =C76*F61 -> 0 | E76: =$D$78*B76 -> 0 | G76: =G64 -> 0
B77: 0 | C77: =E72 -> 0 | D77: =C77*F69 -> 0 | E77: =$D$78*B77 -> 0 | G77: =G72 -> 0
A78: Total | B78: =SUM(B75:B77) -> 0 | D78: =SUM(D75:D77) -> 0 | E78: =SUM(E75:E77) -> 0 | F78: =SUM(F53:F77) -> 0 | G78: =SUM(G75:G77) -> 0
A81: Multi-Jurisdiction Investor-Owned Utility Return Calculation (continued)
A84: Step 2: Gross Up Equity Return for Federal Income Taxes
A86: Federal Income Tax Rate (21% during Base Period) | D86: 0.21
A87: Federal Income Tax Factor | E87: =(G78-(G53+G61+G69))*(D86/(1-D86)) -> 0
A88: {(ROR – (Embedded Cost of Debt * (Debt / (Total Capital))} * {(Federal Tax Rate / (1- Federal Tax Rate)}
A90: Federal Income Tax Adjusted Weighted Cost of Capital | E90: =G78+E87 -> 0
A91: (Weighted Cost of Capital Plus Federal Income Tax Factor)
A93: Step 3: Calculate Return on Rate Base
E94: Total | F94: Production | G94: Transmission | H94: Other
A96: Total Rate Base from Schedule 1 | E96: ='Sch 1- Rate Base '!G166 -> 0 | F96: ='Sch 1- Rate Base '!H166 -> 0 | G96: ='Sch 1- Rate Base '!I166 -> 0 | H96: ='Sch 1- Rate Base '!J166 -> 0
A97: Federal Income Tax Adjusted Weighted Cost of Capital | E97: =$E$90 -> 0 | F97: =$E$90 -> 0 | G97: =$E$90 -> 0 | H97: =$E$90 -> 0
A98: Federal Income Tax Adjusted Return on Rate Base | E98: =E97*E96 -> 0 | F98: =F97*F96 -> 0 | G98: =G97*G96 -> 0 | H98: =H97*H96 -> 0
A99: (Total Rate Base * Federal Income Tax Adjusted Weighted Cost of Capital)
A101: Consumer-Owned Utility Return Calculation
A103: Step 1: Weighted Cost of Debt
B107: Original | C107: Year | D107: Year | E107: Interest | F107: Interest
A108: Debt Issue | B108: Amount | C108: Issued | D108: Due | E108: Rate | F108: Expense
F109: =E109*B109 -> 0
F110: =E110*B110 -> 0
F111: =E111*B111 -> 0
F112: =E112*B112 -> 0
F113: =E113*B113 -> 0
F114: =E114*B114 -> 0
F115: =E115*B115 -> 0
F116: =E116*B116 -> 0
F117: =E117*B117 -> 0
A118: Weighted Cost of Debt | B118: =SUM(B109:B117) -> 0 | E118: =IF(B118=0,0,F118/B118) -> 0 | F118: =SUM(F109:F117) -> 0
A121: Step 2: Calculate Return on Rate Base
E122: Total | F122: Production | G122: Transmission | H122: Other
A123: Total Rate Base from Schedule 1 | E123: ='Sch 1- Rate Base '!G166 -> 0 | F123: ='Sch 1- Rate Base '!H166 -> 0 | G123: ='Sch 1- Rate Base '!I166 -> 0 | H123: ='Sch 1- Rate Base '!J166 -> 0
A124: Weighted Cost of Debt | E124: =$E$118 -> 0 | F124: =$E$118 -> 0 | G124: =$E$118 -> 0 | H124: =$E$118 -> 0
A125: Return on Rate Base | E125: =E124*E123 -> 0 | F125: =F124*F123 -> 0 | G125: =G124*G123 -> 0 | H125: =H124*H123 -> 0

Sheet Sch 3 - Expenses
A1: BONNEVILLE POWER ADMINISTRATION
A2: RESIDENTIAL PURCHASE AND SALE AGREEMENT
A3: 2026 Average System Cost Methodology (ASCM) Appendix 1
A5: TOC | D5: UTILITY NAME: | E5: ='Sch 1- Rate Base '!$E$5 -> 0 | I5: BPA Reviews:
A6: é | D6: End of Year Report Period: | E6: ='Sch 1- Rate Base '!$E$6 -> 0 | I6: ='Sch 1- Rate Base '!I6
D7: ASC Filing Date: | E7: ='Sch 1- Rate Base '!$E$7 -> 0 | I7: ='Sch 1- Rate Base '!I7
A9: Schedule 3: Expenses
A11: Account Description | C11: Form 1 | E11: Functionalization | G11: Total | H11: Production | I11: Transmission | J11: Distribution/ Other | L11: Production | M11: Transmission | N11: Distribution/ Other
C12: Page | D12: Account
C13: Number | D13: Numbers | E13: Default | F13: Optional
A14: Power Production Expenses:
B15: Steam Power Generation
B16: Steam Power - Fuel | C16: 320-323 | D16: 501 | E16: PROD | G16: 0 | H16: =VLOOKUP($E16,Ratio,2,FALSE)*$G16 -> 0 | I16: =VLOOKUP($E16,Ratio,3,FALSE)*$G16 -> 0 | J16: =VLOOKUP($E16,Ratio,4,FALSE)*$G16 -> 0
B17: Steam Power - Operations (Excluding 501 - Fuel) | C17: 320-323 | D17: 500-509 | E17: PROD | G17: 0 | H17: =VLOOKUP($E17,Ratio,2,FALSE)*$G17 -> 0 | I17: =VLOOKUP($E17,Ratio,3,FALSE)*$G17 -> 0 | J17: =VLOOKUP($E17,Ratio,4,FALSE)*$G17 -> 0
B18: Steam Power - Maintenance | C18: 320-323 | D18: 510-515 | E18: PROD | G18: 0 | H18: =VLOOKUP($E18,Ratio,2,FALSE)*$G18 -> 0 | I18: =VLOOKUP($E18,Ratio,3,FALSE)*$G18 -> 0 | J18: =VLOOKUP($E18,Ratio,4,FALSE)*$G18 -> 0
B19: Nuclear Power Generation
B20: Nuclear - Fuel | C20: 320-323 | D20: 518 | E20: PROD | G20: 0 | H20: =VLOOKUP($E20,Ratio,2,FALSE)*$G20 -> 0 | I20: =VLOOKUP($E20,Ratio,3,FALSE)*$G20 -> 0 | J20: =VLOOKUP($E20,Ratio,4,FALSE)*$G20 -> 0
B21: Nuclear - Operation ( Excluding 518 - Fuel) | C21: 320-323 | D21: 517-525 | E21: PROD | G21: 0 | H21: =VLOOKUP($E21,Ratio,2,FALSE)*$G21 -> 0 | I21: =VLOOKUP($E21,Ratio,3,FALSE)*$G21 -> 0 | J21: =VLOOKUP($E21,Ratio,4,FALSE)*$G21 -> 0
B22: Nuclear - Maintenance | C22: 320-323 | D22: 528-532 | E22: PROD | G22: 0 | H22: =VLOOKUP($E22,Ratio,2,FALSE)*$G22 -> 0 | I22: =VLOOKUP($E22,Ratio,3,FALSE)*$G22 -> 0 | J22: =VLOOKUP($E22,Ratio,4,FALSE)*$G22 -> 0
B23: Hydraulic Power Generation
B24: Hydraulic - Operation | C24: 320-323 | D24: 535-540.1 | E24: PROD | G24: 0 | H24: =VLOOKUP($E24,Ratio,2,FALSE)*$G24 -> 0 | I24: =VLOOKUP($E24,Ratio,3,FALSE)*$G24 -> 0 | J24: =VLOOKUP($E24,Ratio,4,FALSE)*$G24 -> 0
B25: Hydraulic - Maintenance | C25: 320-323 | D25: 541-545.1 | E25: PROD | G25: 0 | H25: =VLOOKUP($E25,Ratio,2,FALSE)*$G25 -> 0 | I25: =VLOOKUP($E25,Ratio,3,FALSE)*$G25 -> 0 | J25: =VLOOKUP($E25,Ratio,4,FALSE)*$G25 -> 0
B26: Other Power Generation
B27: Other Power - Fuel | C27: 320-323 | D27: 547 | E27: PROD | G27: 0 | H27: =VLOOKUP($E27,Ratio,2,FALSE)*$G27 -> 0 | I27: =VLOOKUP($E27,Ratio,3,FALSE)*$G27 -> 0 | J27: =VLOOKUP($E27,Ratio,4,FALSE)*$G27 -> 0
B28: Other Power - Operations (Excluding 547 - Fuel) | C28: 320-323 | D28: 546-550.1 | E28: PROD | G28: 0 | H28: =VLOOKUP($E28,Ratio,2,FALSE)*$G28 -> 0 | I28: =VLOOKUP($E28,Ratio,3,FALSE)*$G28 -> 0 | J28: =VLOOKUP($E28,Ratio,4,FALSE)*$G28 -> 0
B29: Other Power - Maintenance | C29: 320-323 | D29: 551-554.1 | E29: PROD | G29: 0 | H29: =VLOOKUP($E29,Ratio,2,FALSE)*$G29 -> 0 | I29: =VLOOKUP($E29,Ratio,3,FALSE)*$G29 -> 0 | J29: =VLOOKUP($E29,Ratio,4,FALSE)*$G29 -> 0
B30: Other Power Supply Expenses
B31: Purchased Power (Excluding REP Reversal) | C31: 320-323 | D31: 555 | E31: PROD | G31: ='5-YEAR PP & OSS Worksheet'!D21 -> 0 | H31: =VLOOKUP($E31,Ratio,2,FALSE)*$G31 -> 0 | I31: =VLOOKUP($E31,Ratio,3,FALSE)*$G31 -> 0 | J31: =VLOOKUP($E31,Ratio,4,FALSE)*$G31 -> 0
B32: Purchased Power for Storage Operations | C32: 320-323 | D32: 555.1 | E32: PTD | G32: 0 | H32: =VLOOKUP($E32,Ratio,2,FALSE)*$G32 -> 0 | I32: =VLOOKUP($E32,Ratio,3,FALSE)*$G32 -> 0 | J32: =VLOOKUP($E32,Ratio,4,FALSE)*$G32 -> 0
B33: System Control and Load Dispatching | C33: 320-323 | D33: 556 | E33: PROD | G33: 0 | H33: =VLOOKUP($E33,Ratio,2,FALSE)*$G33 -> 0 | I33: =VLOOKUP($E33,Ratio,3,FALSE)*$G33 -> 0 | J33: =VLOOKUP($E33,Ratio,4,FALSE)*$G33 -> 0
B34: Other Expenses | C34: 320-323 | D34: 557 | E34: PROD | G34: 0 | H34: =VLOOKUP($E34,Ratio,2,FALSE)*$G34 -> 0 | I34: =VLOOKUP($E34,Ratio,3,FALSE)*$G34 -> 0 | J34: =VLOOKUP($E34,Ratio,4,FALSE)*$G34 -> 0
B35: Public Purpose Charges (b/) | E35: DIRECT | F35: DIST | G35: 0 | H35: =IF($E35="DIRECT",$L35,VLOOKUP($E35,Ratio,2,FALSE)*$G35) -> 0 | I35: =IF($E35="DIRECT",$M35,VLOOKUP($E35,Ratio,3,FALSE)*$G35) -> 0 | J35: =IF($E35="DIRECT",$N35,VLOOKUP($E35,Ratio,4,FALSE)*$G35) -> 0
A36: Total Production Expense | G36: =SUM(G16:G35) -> 0 | H36: =SUM(H16:H35) -> 0 | I36: =SUM(I16:I35) -> 0 | J36: =SUM(J16:J35) -> 0
A38: Transmission Expenses:
B39: Transmission of Electricity by Others (Wheeling) (c/) | C39: 320-323 | D39: 565 | E39: PROD | G39: 0 | H39: =VLOOKUP($E39,Ratio,2,FALSE)*$G39 -> 0 | I39: =VLOOKUP($E39,Ratio,3,FALSE)*$G39 -> 0 | J39: =VLOOKUP($E39,Ratio,4,FALSE)*$G39 -> 0
B40: Total Operations less Wheeling | C40: 320-323 | D40: 560-567.1 | E40: TRANS | G40: 0 | H40: =VLOOKUP($E40,Ratio,2,FALSE)*$G40 -> 0 | I40: =VLOOKUP($E40,Ratio,3,FALSE)*$G40 -> 0 | J40: =VLOOKUP($E40,Ratio,4,FALSE)*$G40 -> 0
B41: Total Maintenance | C41: 320-323 | D41: 568-574 | E41: TRANS | G41: 0 | H41: =VLOOKUP($E41,Ratio,2,FALSE)*$G41 -> 0 | I41: =VLOOKUP($E41,Ratio,3,FALSE)*$G41 -> 0 | J41: =VLOOKUP($E41,Ratio,4,FALSE)*$G41 -> 0
A42: Total Transmission Expense | G42: =SUM(G39:G41) -> 0 | H42: =SUM(H39:H41) -> 0 | I42: =SUM(I39:I41) -> 0 | J42: =SUM(J39:J41) -> 0
A44: Distribution Expense:
B45: Total Operations | C45: 320-323 | D45: 580-589 | E45: DIST | G45: 0 | H45: =VLOOKUP($E45,Ratio,2,FALSE)*$G45 -> 0 | I45: =VLOOKUP($E45,Ratio,3,FALSE)*$G45 -> 0 | J45: =VLOOKUP($E45,Ratio,4,FALSE)*$G45 -> 0
B46: Total Maintenance | C46: 320-323 | D46: 590-598 | E46: DIST | G46: 0 | H46: =VLOOKUP($E46,Ratio,2,FALSE)*$G46 -> 0 | I46: =VLOOKUP($E46,Ratio,3,FALSE)*$G46 -> 0 | J46: =VLOOKUP($E46,Ratio,4,FALSE)*$G46 -> 0
A47: Total Distribution Expense | G47: =SUM(G45:G46) -> 0 | H47: =SUM(H45:H46) -> 0 | I47: =SUM(I45:I46) -> 0 | J47: =SUM(J45:J46) -> 0
A49: Customer and Sales Expenses:
B50: Total Customer Accounts | C50: 320-323 | D50: 901-905 | E50: DIST | G50: 0 | H50: =VLOOKUP($E50,Ratio,2,FALSE)*$G50 -> 0 | I50: =VLOOKUP($E50,Ratio,3,FALSE)*$G50 -> 0 | J50: =VLOOKUP($E50,Ratio,4,FALSE)*$G50 -> 0
B51: Customer Service Supervision (Major only) | C51: 320-323 | D51: 907 | E51: DIST | G51: 0 | H51: =VLOOKUP($E51,Ratio,2,FALSE)*$G51 -> 0 | I51: =VLOOKUP($E51,Ratio,3,FALSE)*$G51 -> 0 | J51: =VLOOKUP($E51,Ratio,4,FALSE)*$G51 -> 0
B52: Customer Assistance Expenses (Major only) (d/) | C52: 320-323 | D52: 908 | E52: DIRECT | F52: DIRECT | G52: 0 | I52: =IF($E52="DIRECT",$M52,VLOOKUP($E52,Ratio,3,FALSE)*$G52) -> 0 | J52: =G52 -> 0
B53: Customer Service and Information | C53: 320-323 | D53: 909-910 | E53: DIST | F53: DIRECT | G53: 0 | H53: =IF($E53="DIRECT",$L53,VLOOKUP($E53,Ratio,2,FALSE)*$G53) -> 0 | I53: =IF($E53="DIRECT",$M53,VLOOKUP($E53,Ratio,3,FALSE)*$G53) -> 0 | J53: =IF($E53="DIRECT",$N53,VLOOKUP($E53,Ratio,4,FALSE)*$G53) -> 0
B54: Total Sales Expense | C54: 320-323 | D54: 911-917 | E54: DIST | G54: 0 | H54: =VLOOKUP($E54,Ratio,2,FALSE)*$G54 -> 0 | I54: =VLOOKUP($E54,Ratio,3,FALSE)*$G54 -> 0 | J54: =VLOOKUP($E54,Ratio,4,FALSE)*$G54 -> 0
A55: Total Customer and Sales Expenses | G55: =SUM(G50:G54) -> 0 | H55: =SUM(H50:H54) -> 0 | I55: =SUM(I50:I54) -> 0 | J55: =SUM(J50:J54) -> 0
A57: Administration and General Expense:
B58: Operation
B59: Administration and General Salaries | C59: 320-323 | D59: 920 | E59: LABOR | G59: 0 | H59: =VLOOKUP($E59,Ratio,2,FALSE)*$G59 -> 0 | I59: =VLOOKUP($E59,Ratio,3,FALSE)*$G59 -> 0 | J59: =VLOOKUP($E59,Ratio,4,FALSE)*$G59 -> 0
B60: Office Supplies & Expenses | C60: 320-323 | D60: 921 | E60: LABOR | G60: 0 | H60: =VLOOKUP($E60,Ratio,2,FALSE)*$G60 -> 0 | I60: =VLOOKUP($E60,Ratio,3,FALSE)*$G60 -> 0 | J60: =VLOOKUP($E60,Ratio,4,FALSE)*$G60 -> 0
B61: (Less) Administration Expenses Transferred - Credit | C61: 320-323 | D61: 922 | E61: LABOR | G61: 0 | H61: =VLOOKUP($E61,Ratio,2,FALSE)*$G61 -> 0 | I61: =VLOOKUP($E61,Ratio,3,FALSE)*$G61 -> 0 | J61: =VLOOKUP($E61,Ratio,4,FALSE)*$G61 -> 0
B62: Outside Services Employed | C62: 320-323 | D62: 923 | E62: LABOR | G62: 0 | H62: =VLOOKUP($E62,Ratio,2,FALSE)*$G62 -> 0 | I62: =VLOOKUP($E62,Ratio,3,FALSE)*$G62 -> 0 | J62: =VLOOKUP($E62,Ratio,4,FALSE)*$G62 -> 0
B63: Property Insurance | C63: 320-323 | D63: 924 | E63: PTDG | G63: 0 | H63: =VLOOKUP($E63,Ratio,2,FALSE)*$G63 -> 0 | I63: =VLOOKUP($E63,Ratio,3,FALSE)*$G63 -> 0 | J63: =VLOOKUP($E63,Ratio,4,FALSE)*$G63 -> 0
B64: Injuries and Damages (e/) | C64: 320-323 | D64: 925 | E64: DIST | G64: 0 | H64: =VLOOKUP($E64,Ratio,2,FALSE)*$G64 -> 0 | I64: =VLOOKUP($E64,Ratio,3,FALSE)*$G64 -> 0 | J64: =VLOOKUP($E64,Ratio,4,FALSE)*$G64 -> 0
B65: Commission Approved Injuries & Damages (f/) | E65: LABOR | G65: 0 | H65: =VLOOKUP($E65,Ratio,2,FALSE)*$G65 -> 0 | I65: =VLOOKUP($E65,Ratio,3,FALSE)*$G65 -> 0 | J65: =VLOOKUP($E65,Ratio,4,FALSE)*$G65 -> 0
B66: Employee Pensions & Benefits | C66: 320-323 | D66: 926 | E66: LABOR | G66: 0 | H66: =VLOOKUP($E66,Ratio,2,FALSE)*$G66 -> 0 | I66: =VLOOKUP($E66,Ratio,3,FALSE)*$G66 -> 0 | J66: =VLOOKUP($E66,Ratio,4,FALSE)*$G66 -> 0
B67: Franchise Requirements | C67: 320-323 | D67: 927 | E67: DIST | G67: 0 | H67: =VLOOKUP($E67,Ratio,2,FALSE)*$G67 -> 0 | I67: =VLOOKUP($E67,Ratio,3,FALSE)*$G67 -> 0 | J67: =VLOOKUP($E67,Ratio,4,FALSE)*$G67 -> 0
B68: Regulatory Commission Expenses | C68: 320-323 | D68: 928 | E68: DIST | G68: 0 | H68: =VLOOKUP($E68,Ratio,2,FALSE)*$G68 -> 0 | I68: =VLOOKUP($E68,Ratio,3,FALSE)*$G68 -> 0 | J68: =VLOOKUP($E68,Ratio,4,FALSE)*$G68 -> 0
B69: (Less) Duplicate Charges - Credit | C69: 320-323 | D69: 929 | E69: PTDG | G69: 0 | H69: =VLOOKUP($E69,Ratio,2,FALSE)*$G69 -> 0 | I69: =VLOOKUP($E69,Ratio,3,FALSE)*$G69 -> 0 | J69: =VLOOKUP($E69,Ratio,4,FALSE)*$G69 -> 0
B70: General Advertising Expenses | C70: 320-323 | D70: 930.1 | E70: DIST | F70: DIRECT | G70: 0 | H70: =IF($E70="DIRECT",$L70,VLOOKUP($E70,Ratio,2,FALSE)*$G70) -> 0 | I70: =IF($E70="DIRECT",$M70,VLOOKUP($E70,Ratio,3,FALSE)*$G70) -> 0 | J70: =IF($E70="DIRECT",$N70,VLOOKUP($E70,Ratio,4,FALSE)*$G70) -> 0 | L70: 0 | M70: 0 | N70: 0
B71: Miscellaneous General Expenses | C71: 320-323 | D71: 930.2 | E71: DIST | F71: DIRECT | G71: 0 | H71: =IF($E71="DIRECT",$L71,VLOOKUP($E71,Ratio,2,FALSE)*$G71) -> 0 | I71: =IF($E71="DIRECT",$M71,VLOOKUP($E71,Ratio,3,FALSE)*$G71) -> 0 | J71: =IF($E71="DIRECT",$N71,VLOOKUP($E71,Ratio,4,FALSE)*$G71) -> 0
B72: Rents | C72: 320-323 | D72: 931 | E72: DIST | G72: 0 | H72: =VLOOKUP($E72,Ratio,2,FALSE)*$G72 -> 0 | I72: =VLOOKUP($E72,Ratio,3,FALSE)*$G72 -> 0 | J72: =VLOOKUP($E72,Ratio,4,FALSE)*$G72 -> 0
B73: Maintenance
B74: Maintenance of General Plant | C74: 320-323 | D74: 935 | E74: GPM | G74: 0 | H74: =VLOOKUP($E74,Ratio,2,FALSE)*$G74 -> 0 | I74: =VLOOKUP($E74,Ratio,3,FALSE)*$G74 -> 0 | J74: =VLOOKUP($E74,Ratio,4,FALSE)*$G74 -> 0
A75: Total Administration and General Expenses | G75: =SUM(G59:G60,G62:G68,G70:G72,G74)-G61-G69 -> 0 | H75: =SUM(H59:H60,H62:H68,H70:H72,H74)-H61-H69 -> 0 | I75: =SUM(I59:I60,I62:I68,I70:I72,I74)-I61-I69 -> 0 | J75: =SUM(J59:J60,J62:J68,J70:J72,J74)-J61-J69 -> 0
A77: Total Operations and Maintenance | G77: =G36+G42+G47+G55+G75 -> 0 | H77: =H36+H42+H47+H55+H75 -> 0 | I77: =I36+I42+I47+I55+I75 -> 0 | J77: =J36+J42+J47+J55+J75 -> 0
A78: (Total Expenses: Production + Transmission + Distribution + Customer and Sales +Total Administration and General Expenses)
A80: Depreciation and Amortization:
B81: Amortization of Intangible Plant - Account 301 | C81: 336-337 | D81: 404 | E81: DIST | G81: 0 | H81: =VLOOKUP($E81,Ratio,2,FALSE)*$G81 -> 0 | I81: =VLOOKUP($E81,Ratio,3,FALSE)*$G81 -> 0 | J81: =VLOOKUP($E81,Ratio,4,FALSE)*$G81 -> 0
B82: Amortization of Intangible Plant - Account 302 | C82: 336-337 | D82: 404 | E82: DIRECT | F82: PTD | G82: 0 | H82: =IF($E82="DIRECT",$L82,VLOOKUP($E82,Ratio,2,FALSE)*$G82) -> 0 | I82: =IF($E82="DIRECT",$M82,VLOOKUP($E82,Ratio,3,FALSE)*$G82) -> 0 | J82: =IF($E82="DIRECT",$N82,VLOOKUP($E82,Ratio,4,FALSE)*$G82) -> 0 | L82: 0 | M82: 0 | N82: 0
B83: Amortization of Intangible Plant - Account 303 | C83: 336-337 | D83: 404 | E83: DIRECT | F83: DIST | G83: 0 | H83: =IF($E83="DIRECT",$L83,VLOOKUP($E83,Ratio,2,FALSE)*$G83) -> 0 | I83: =IF($E83="DIRECT",$M83,VLOOKUP($E83,Ratio,3,FALSE)*$G83) -> 0 | J83: =IF($E83="DIRECT",$N83,VLOOKUP($E83,Ratio,4,FALSE)*$G83) -> 0 | L83: 0 | M83: 0 | N83: 0
B84: Steam Production Plant | C84: 336-337 | D84: 403 | E84: PROD | G84: 0 | H84: =VLOOKUP($E84,Ratio,2,FALSE)*$G84 -> 0 | I84: =VLOOKUP($E84,Ratio,3,FALSE)*$G84 -> 0 | J84: =VLOOKUP($E84,Ratio,4,FALSE)*$G84 -> 0
B85: Nuclear Production Plant | C85: 336-337 | D85: 403 | E85: PROD | G85: 0 | H85: =VLOOKUP($E85,Ratio,2,FALSE)*$G85 -> 0 | I85: =VLOOKUP($E85,Ratio,3,FALSE)*$G85 -> 0 | J85: =VLOOKUP($E85,Ratio,4,FALSE)*$G85 -> 0
B86: Hydraulic Production Plant - Conventional | C86: 336-337 | D86: 403 | E86: PROD | G86: 0 | H86: =VLOOKUP($E86,Ratio,2,FALSE)*$G86 -> 0 | I86: =VLOOKUP($E86,Ratio,3,FALSE)*$G86 -> 0 | J86: =VLOOKUP($E86,Ratio,4,FALSE)*$G86 -> 0
B87: Hydraulic Production Plant - Pumped Storage | C87: 336-337 | D87: 403 | E87: PROD | G87: 0 | H87: =VLOOKUP($E87,Ratio,2,FALSE)*$G87 -> 0 | I87: =VLOOKUP($E87,Ratio,3,FALSE)*$G87 -> 0 | J87: =VLOOKUP($E87,Ratio,4,FALSE)*$G87 -> 0
B88: Solar Production | C88: 336-337 | D88: 403 | E88: PROD | G88: 0 | H88: =VLOOKUP($E88,Ratio,2,FALSE)*$G88 -> 0 | I88: =VLOOKUP($E88,Ratio,3,FALSE)*$G88 -> 0 | J88: =VLOOKUP($E88,Ratio,4,FALSE)*$G88 -> 0
B89: Wind Production | C89: 336-337 | D89: 403 | E89: PROD | G89: 0 | H89: =VLOOKUP($E89,Ratio,2,FALSE)*$G89 -> 0 | I89: =VLOOKUP($E89,Ratio,3,FALSE)*$G89 -> 0 | J89: =VLOOKUP($E89,Ratio,4,FALSE)*$G89 -> 0
B90: Other Renewable Production | C90: 336-337 | D90: 403 | E90: PROD | G90: 0 | H90: =VLOOKUP($E90,Ratio,2,FALSE)*$G90 -> 0 | I90: =VLOOKUP($E90,Ratio,3,FALSE)*$G90 -> 0 | J90: =VLOOKUP($E90,Ratio,4,FALSE)*$G90 -> 0
B91: Other Production Plant | C91: 336-337 | D91: 403 | E91: PROD | G91: 0 | H91: =VLOOKUP($E91,Ratio,2,FALSE)*$G91 -> 0 | I91: =VLOOKUP($E91,Ratio,3,FALSE)*$G91 -> 0 | J91: =VLOOKUP($E91,Ratio,4,FALSE)*$G91 -> 0
B92: Transmission Plant | C92: 336-337 | D92: 403 | E92: TRANS | G92: 0 | H92: =VLOOKUP($E92,Ratio,2,FALSE)*$G92 -> 0 | I92: =VLOOKUP($E92,Ratio,3,FALSE)*$G92 -> 0 | J92: =VLOOKUP($E92,Ratio,4,FALSE)*$G92 -> 0
B93: Distribution Plant | C93: 336-337 | D93: 403 | E93: DIST | G93: 0 | H93: =VLOOKUP($E93,Ratio,2,FALSE)*$G93 -> 0 | I93: =VLOOKUP($E93,Ratio,3,FALSE)*$G93 -> 0 | J93: =VLOOKUP($E93,Ratio,4,FALSE)*$G93 -> 0
B94: General Plant | C94: 336-337 | D94: 403 | E94: GP | G94: 0 | H94: =VLOOKUP($E94,Ratio,2,FALSE)*$G94 -> 0 | I94: =VLOOKUP($E94,Ratio,3,FALSE)*$G94 -> 0 | J94: =VLOOKUP($E94,Ratio,4,FALSE)*$G94 -> 0
B95: Common Plant - Electric | C95: 336-337 | D95: 403 | E95: DIRECT | G95: 0 | H95: =IF($E95="DIRECT",$L95,VLOOKUP($E95,Ratio,2,FALSE)*$G95) -> 0 | I95: =IF($E95="DIRECT",$M95,VLOOKUP($E95,Ratio,3,FALSE)*$G95) -> 0 | J95: =IF($E95="DIRECT",$N95,VLOOKUP($E95,Ratio,4,FALSE)*$G95) -> 0 | L95: 0 | M95: 0 | N95: 0
B96: Common Plant - Electric | C96: 336-337 | D96: 404 | E96: DIRECT | G96: 0 | H96: =IF($E96="DIRECT",$L96,VLOOKUP($E96,Ratio,2,FALSE)*$G96) -> 0 | I96: =IF($E96="DIRECT",$M96,VLOOKUP($E96,Ratio,3,FALSE)*$G96) -> 0 | J96: =IF($E96="DIRECT",$N96,VLOOKUP($E96,Ratio,4,FALSE)*$G96) -> 0 | L96: 0 | M96: 0 | N96: 0
B97: Depreciation Expense for Asset Retirement Costs | C97: 219 | D97: 403.1 | E97: DIRECT | G97: 0 | H97: =IF($E97="DIRECT",$L97,VLOOKUP($E97,Ratio,2,FALSE)*$G97) -> 0 | I97: =IF($E97="DIRECT",$M97,VLOOKUP($E97,Ratio,3,FALSE)*$G97) -> 0 | J97: =IF($E97="DIRECT",$N97,VLOOKUP($E97,Ratio,4,FALSE)*$G97) -> 0
B98: Amortization of Limited Term Electric Plant | C98: 336-337 | D98: 404 | E98: DIRECT | G98: 0 | H98: =IF($E98="DIRECT",$L98,VLOOKUP($E98,Ratio,2,FALSE)*$G98) -> 0 | I98: =IF($E98="DIRECT",$M98,VLOOKUP($E98,Ratio,3,FALSE)*$G98) -> 0 | J98: =IF($E98="DIRECT",$N98,VLOOKUP($E98,Ratio,4,FALSE)*$G98) -> 0
B99: Amortization of Plant Acquisition Adjustments (Electric) | C99: 200-201 | D99: 406 | E99: DIRECT | G99: 0 | H99: =IF($E99="DIRECT",$L99,VLOOKUP($E99,Ratio,2,FALSE)*$G99) -> 0 | I99: =IF($E99="DIRECT",$M99,VLOOKUP($E99,Ratio,3,FALSE)*$G99) -> 0 | J99: =IF($E99="DIRECT",$N99,VLOOKUP($E99,Ratio,4,FALSE)*$G99) -> 0
A100: Total Depreciation and Amortization | G100: =SUM(G81:G99) -> 0 | H100: =SUM(H81:H99) -> 0 | I100: =SUM(I81:I99) -> 0 | J100: =SUM(J81:J99) -> 0
A103: Total Operating Expenses | G103: =G77+G100 -> 0 | H103: =H77+H100 -> 0 | I103: =I77+I100 -> 0 | J103: =J77+J100 -> 0
A104: (Total O&M + Total Depreciation & Amortization)

Sheet Sch 3A - Taxes
A1: BONNEVILLE POWER ADMINISTRATION
A2: RESIDENTIAL PURCHASE AND SALE AGREEMENT
A3: 2026 Average System Cost Methodology (ASCM) Appendix 1
A5: TOC | D5: UTILITY NAME: | E5: ='Sch 1- Rate Base '!$E$5 -> 0 | I5: BPA Reviews:
D6: End of Year Report Period: | E6: ='Sch 1- Rate Base '!$E$6 -> 0 | I6: ='Sch 1- Rate Base '!I6
D7: ASC Filing Date: | E7: ='Sch 1- Rate Base '!$E$7 -> 0 | I7: ='Sch 1- Rate Base '!I7
A9: Schedule 3A Items: Taxes (Including Income Taxes)
A11: Account Description | C11: FERC Form 1 | E11: Funct. Method | F11: Total | G11: Production | H11: Transmission | I11: Distribution/ Other
C12: Page | D12: Account
C13: Number | D13: Numbers
A15: FEDERAL
B16: Income Tax (Included on Schedule 2) | C16: 262-263 | D16: 409.1 | E16: DIST | F16: 0 | G16: =VLOOKUP($E16,Ratio,2,FALSE)*$F16 -> 0 | H16: =VLOOKUP($E16,Ratio,3,FALSE)*$F16 -> 0 | I16: =VLOOKUP($E16,Ratio,4,FALSE)*$F16 -> 0
B17: Employment Tax | C17: 262-263 | D17: 408.1 | E17: LABOR | F17: 0 | G17: =VLOOKUP($E17,Ratio,2,FALSE)*$F17 -> 0 | H17: =VLOOKUP($E17,Ratio,3,FALSE)*$F17 -> 0 | I17: =VLOOKUP($E17,Ratio,4,FALSE)*$F17 -> 0
B18: Other Federal Taxes | C18: 262-263 | D18: 408.1 | E18: DIST | F18: 0 | G18: =VLOOKUP($E18,Ratio,2,FALSE)*$F18 -> 0 | H18: =VLOOKUP($E18,Ratio,3,FALSE)*$F18 -> 0 | I18: =VLOOKUP($E18,Ratio,4,FALSE)*$F18 -> 0
A19: TOTAL FEDERAL | F19: =SUM(F16:F18) -> 0 | G19: =SUM(G16:G18) -> 0 | H19: =SUM(H16:H18) -> 0 | I19: =SUM(I16:I18) -> 0
A21: STATE AND OTHER
B22: Property (or In-Lieu) | C22: 262-263 | D22: 408.1 | E22: PTDG | F22: 0 | G22: =VLOOKUP($E22,Ratio,2,FALSE)*$F22 -> 0 | H22: =VLOOKUP($E22,Ratio,3,FALSE)*$F22 -> 0 | I22: =VLOOKUP($E22,Ratio,4,FALSE)*$F22 -> 0
B23: Unemployment | C23: 262-263 | D23: 408.1 | E23: LABOR | F23: 0 | G23: =VLOOKUP($E23,Ratio,2,FALSE)*$F23 -> 0 | H23: =VLOOKUP($E23,Ratio,3,FALSE)*$F23 -> 0 | I23: =VLOOKUP($E23,Ratio,4,FALSE)*$F23 -> 0
B24: State Income, B&O, etc. | C24: 262-263 | D24: 409.1 | E24: DIST | F24: 0 | G24: =VLOOKUP($E24,Ratio,2,FALSE)*$F24 -> 0 | H24: =VLOOKUP($E24,Ratio,3,FALSE)*$F24 -> 0 | I24: =VLOOKUP($E24,Ratio,4,FALSE)*$F24 -> 0
B25: Franchise Fees | C25: 262-263 | D25: 408.1 | E25: DIST | F25: 0 | G25: =VLOOKUP($E25,Ratio,2,FALSE)*$F25 -> 0 | H25: =VLOOKUP($E25,Ratio,3,FALSE)*$F25 -> 0 | I25: =VLOOKUP($E25,Ratio,4,FALSE)*$F25 -> 0
B26: Regulatory Commission | C26: 262-263 | D26: 408.1 | E26: DIST | F26: 0 | G26: =VLOOKUP($E26,Ratio,2,FALSE)*$F26 -> 0 | H26: =VLOOKUP($E26,Ratio,3,FALSE)*$F26 -> 0 | I26: =VLOOKUP($E26,Ratio,4,FALSE)*$F26 -> 0
B27: City/Municipal | C27: 262-263 | D27: 408.1 | E27: DIST | F27: 0 | G27: =VLOOKUP($E27,Ratio,2,FALSE)*$F27 -> 0 | H27: =VLOOKUP($E27,Ratio,3,FALSE)*$F27 -> 0 | I27: =VLOOKUP($E27,Ratio,4,FALSE)*$F27 -> 0
B28: Other | C28: 262-263 | D28: 408.1 | E28: DIST | F28: 0 | G28: =VLOOKUP($E28,Ratio,2,FALSE)*$F28 -> 0 | H28: =VLOOKUP($E28,Ratio,3,FALSE)*$F28 -> 0 | I28: =VLOOKUP($E28,Ratio,4,FALSE)*$F28 -> 0
A29: TOTAL STATE AND OTHER TAXES | F29: =SUM(F22:F28) -> 0 | G29: =SUM(G22:G28) -> 0 | H29: =SUM(H22:H28) -> 0 | I29: =SUM(I22:I28) -> 0
A31: TOTAL TAXES | F31: =F29+F19 -> 0 | G31: =G29+G19 -> 0 | H31: =H29+H19 -> 0 | I31: =I29+I19 -> 0

Sheet Sch 3B - Other Items
A1: BONNEVILLE POWER ADMINISTRATION
A2: RESIDENTIAL PURCHASE AND SALE AGREEMENT
A3: 2026 Average System Cost Methodology (ASCM) Appendix 1
A5: TOC | D5: UTILITY NAME: | E5: ='Sch 1- Rate Base '!$E$5 -> 0 | I5: BPA Reviews:
D6: End of Year Report Period: | E6: ='Sch 1- Rate Base '!$E$6 -> 0 | I6: ='Sch 1- Rate Base '!I6
D7: ASC Filing Date: | E7: ='Sch 1- Rate Base '!$E$7 -> 0 | I7: ='Sch 1- Rate Base '!I7
A9: Schedule 3B Other Included Items
A11: Account Description | C11: FERC Form 1 | E11: Functionalization | G11: Total | H11: Production | I11: Transmission | J11: Distribution/ Other | L11: Production | M11: Transmission | N11: Distribution/ Other
C12: Page | D12: Account
C13: Number | D13: Numbers | E13: Default | F13: Optional
A14: Other Included Items:
B15: Regulatory Credits | C15: 114-117 | D15: 407.4 | E15: DIRECT | F15: PROD | G15: 0 | H15: 0 | I15: 0 | J15: 0 | L15: 0 | M15: 0 | N15: 0
B16: (Less) Regulatory Debits | C16: 114-117 | D16: 407.3 | E16: DIRECT | F16: DIST | G16: 0 | H16: 0 | I16: 0 | J16: 0 | L16: 0 | M16: 0 | N16: 0
B17: Gain from Disposition of Utility Plant | C17: 114-117 | D17: 411.6 | E17: DIRECT | F17: PROD | G17: 0 | H17: =IF($E17="DIRECT",$L17,VLOOKUP($E17,Ratio,2,FALSE)*$G17) -> 0 | I17: =IF($E17="DIRECT",$M17,VLOOKUP($E17,Ratio,3,FALSE)*$G17) -> 0 | J17: =IF($E17="DIRECT",$N17,VLOOKUP($E17,Ratio,4,FALSE)*$G17) -> 0
B18: (Less) Loss from Disposition of Utility Plant | C18: 114-117 | D18: 411.7 | E18: DIRECT | F18: DIST | G18: 0 | H18: =IF($E18="DIRECT",$L18,VLOOKUP($E18,Ratio,2,FALSE)*$G18) -> 0 | I18: =IF($E18="DIRECT",$M18,VLOOKUP($E18,Ratio,3,FALSE)*$G18) -> 0 | J18: =IF($E18="DIRECT",$N18,VLOOKUP($E18,Ratio,4,FALSE)*$G18) -> 0
B19: Gain from Disposition of Allowances | C19: 114-117 | D19: 411.8 | E19: PROD | G19: 0 | H19: =VLOOKUP($E19,Ratio,2,FALSE)*$G19 -> 0 | I19: =VLOOKUP($E19,Ratio,3,FALSE)*$G19 -> 0 | J19: =VLOOKUP($E19,Ratio,4,FALSE)*$G19 -> 0
B20: (Less) Loss from Disposition of Allowances | C20: 114-117 | D20: 411.9 | E20: PROD | G20: 0 | H20: =VLOOKUP($E20,Ratio,2,FALSE)*$G20 -> 0 | I20: =VLOOKUP($E20,Ratio,3,FALSE)*$G20 -> 0 | J20: =VLOOKUP($E20,Ratio,4,FALSE)*$G20 -> 0
B21: Miscellaneous Nonoperating Income | C21: 114-117 | D21: 421 | E21: DIRECT | F21: PROD | G21: 0 | H21: =IF($E21="DIRECT",$L21,VLOOKUP($E21,Ratio,2,FALSE)*$G21) -> 0 | I21: =IF($E21="DIRECT",$M21,VLOOKUP($E21,Ratio,3,FALSE)*$G21) -> 0 | J21: =IF($E21="DIRECT",$N21,VLOOKUP($E21,Ratio,4,FALSE)*$G21) -> 0
A22: Total Other Included Items | G22: =G15-G16+G17-G18+G19-G20+G21 -> 0 | H22: =H15-H16+H17-H18+H19-H20+H21 -> 0 | I22: =I15-I16+I17-I18+I19-I20+I21 -> 0 | J22: =J15-J16+J17-J18+J19-J20+J21 -> 0
A24: Sales for Resale:
B25: Sales for Resale (g/) | C25: 310 | D25: 447 | E25: PROD | G25: ='5-YEAR PP & OSS Worksheet'!D36 -> 0 | H25: =VLOOKUP($E25,Ratio,2,FALSE)*$G25 -> 0 | I25: =VLOOKUP($E25,Ratio,3,FALSE)*$G25 -> 0 | J25: =VLOOKUP($E25,Ratio,4,FALSE)*$G25 -> 0
B26: Transmission Sales for Resale (g/) | E26: DIRECT | G26: 0 | H26: =IF($E26="DIRECT",$L26,VLOOKUP($E26,Ratio,2,FALSE)*$G26) -> 0 | I26: =IF($E26="DIRECT",$M26,VLOOKUP($E26,Ratio,3,FALSE)*$G26) -> 0 | J26: =IF($E26="DIRECT",$N26,VLOOKUP($E26,Ratio,4,FALSE)*$G26) -> 0
A27: Total Sales for Resale | G27: =SUM(G25) -> 0 | H27: =SUM(H25) -> 0 | I27: =SUM(I25) -> 0 | J27: =SUM(J25) -> 0
A29: Other Revenues:
B30: Forfeited Discounts | C30: 300-301 | D30: 450 | E30: DIST | G30: 0 | H30: =VLOOKUP($E30,Ratio,2,FALSE)*$G30 -> 0 | I30: =VLOOKUP($E30,Ratio,3,FALSE)*$G30 -> 0 | J30: =VLOOKUP($E30,Ratio,4,FALSE)*$G30 -> 0
B31: Miscellaneous Service Revenues | C31: 300-301 | D31: 451 | E31: DIST | G31: 0 | H31: =VLOOKUP($E31,Ratio,2,FALSE)*$G31 -> 0 | I31: =VLOOKUP($E31,Ratio,3,FALSE)*$G31 -> 0 | J31: =VLOOKUP($E31,Ratio,4,FALSE)*$G31 -> 0
B32: Sales of Water and Water Power | C32: 300-301 | D32: 453 | E32: PROD | G32: 0 | H32: =VLOOKUP($E32,Ratio,2,FALSE)*$G32 -> 0 | I32: =VLOOKUP($E32,Ratio,3,FALSE)*$G32 -> 0 | J32: =VLOOKUP($E32,Ratio,4,FALSE)*$G32 -> 0
B33: Rent from Electric Property | C33: 300-301 | D33: 454 | E33: TD | G33: 0 | H33: =VLOOKUP($E33,Ratio,2,FALSE)*$G33 -> 0 | I33: =VLOOKUP($E33,Ratio,3,FALSE)*$G33 -> 0 | J33: =VLOOKUP($E33,Ratio,4,FALSE)*$G33 -> 0
B34: Interdepartmental Rents | C34: 300-301 | D34: 455 | E34: DIST | G34: 0 | H34: =VLOOKUP($E34,Ratio,2,FALSE)*$G34 -> 0 | I34: =VLOOKUP($E34,Ratio,3,FALSE)*$G34 -> 0 | J34: =VLOOKUP($E34,Ratio,4,FALSE)*$G34 -> 0
B35: Other Electric Revenues | C35: 300-301 | D35: 456 | E35: DIRECT | F35: PROD | G35: 0 | H35: =IF($E35="DIRECT",$L35,VLOOKUP($E35,Ratio,2,FALSE)*$G35) -> 0 | I35: =IF($E35="DIRECT",$M35,VLOOKUP($E35,Ratio,3,FALSE)*$G35) -> 0 | J35: =IF($E35="DIRECT",$N35,VLOOKUP($E35,Ratio,4,FALSE)*$G35) -> 0 | L35: 0 | M35: 0 | N35: 0
B36: Revenues from Transmission of Electricity of Others (i) | C36: 300-301 | D36: 456.1 | E36: TRANS | G36: 0 | H36: =VLOOKUP($E36,Ratio,2,FALSE)*$G36 -> 0 | I36: =VLOOKUP($E36,Ratio,3,FALSE)*$G36 -> 0 | J36: =VLOOKUP($E36,Ratio,4,FALSE)*$G36 -> 0
A38: Total Other Revenues | G38: =SUM(G30:G37) -> 0 | H38: =SUM(H30:H37) -> 0 | I38: =SUM(I30:I37) -> 0 | J38: =SUM(J30:J37) -> 0
A40: Total Other Included Items | G40: =+G38+G27+G22 -> 0 | H40: =+H38+H27+H22 -> 0 | I40: =+I38+I27+I22 -> 0 | J40: =+J38+J27+J22 -> 0
A41: (Total Disposition of Plant + Total Sales for Resale + Total Other Revenue)

Sheet Sch 4 - Average System Cost
A1: BONNEVILLE POWER ADMINISTRATION
A2: RESIDENTIAL PURCHASE AND SALE AGREEMENT
A3: 2026 Average System Cost Methodology (ASCM) Appendix 1
A5: TOC | B5: UTILITY NAME: | C5: ='Sch 1- Rate Base '!$E$5 -> 0 | F5: BPA Reviews:
B6: End of Year Report Period: | C6: ='Sch 1- Rate Base '!$E$6 -> 0 | F6: ='Sch 1- Rate Base '!I6
B7: ASC Filing Date: | C7: ='Sch 1- Rate Base '!$E$7 -> 0 | F7: ='Sch 1- Rate Base '!I7
A9: Schedule 4: Average System Cost
C12: Total | D12: Production | E12: Transmission | F12: Distribution/Other
A13: Total Operating Expenses | C13: ='Sch 3 - Expenses'!G103 -> 0 | D13: ='Sch 3 - Expenses'!H103 -> 0 | E13: ='Sch 3 - Expenses'!I103 -> 0 | F13: ='Sch 3 - Expenses'!J103 -> 0
A14: (From Schedule 3)
A16: Federal Income Tax Adjusted Return on Rate Base | C16: =IF('Sch 2 -Rate of Return'!E42>0,'Sch 2 -Rate of Return'!E42,IF('Sch 2 -Rate of Return'!E98>0,'Sch 2 -Rate of Return'!E98,IF('Sch 2 -Rate of Return'!E125>0,'Sch 2 -Rate of Return'!E125,0))) -> 0 | D16: =IF('Sch 2 -Rate of Return'!F42>0,'Sch 2 -Rate of Return'!F42,IF('Sch 2 -Rate of Return'!F98>0,'Sch 2 -Rate of Return'!F98,IF('Sch 2 -Rate of Return'!F125>0,'Sch 2 -Rate of Return'!F125,0))) -> 0 | E16: =IF('Sch 2 -Rate of Return'!G42>0,'Sch 2 -Rate of Return'!G42,IF('Sch 2 -Rate of Return'!G98>0,'Sch 2 -Rate of Return'!G98,IF('Sch 2 -Rate of Return'!G125>0,'Sch 2 -Rate of Return'!G125,0))) -> 0 | F16: =IF('Sch 2 -Rate of Return'!H42>0,'Sch 2 -Rate of Return'!H42,IF('Sch 2 -Rate of Return'!H98>0,'Sch 2 -Rate of Return'!H98,IF('Sch 2 -Rate of Return'!H125>0,'Sch 2 -Rate of Return'!H125,0))) -> 0
A17: (From Schedule 2)
A19: State and Other Taxes | C19: ='Sch 3A - Taxes'!F31 -> 0 | D19: ='Sch 3A - Taxes'!G31 -> 0 | E19: ='Sch 3A - Taxes'!H31 -> 0 | F19: ='Sch 3A - Taxes'!I31 -> 0
A20: (From Schedule 3a)
A22: Total Other Included Items | C22: ='Sch 3B - Other Items'!G40 -> 0 | D22: ='Sch 3B - Other Items'!H40 -> 0 | E22: ='Sch 3B - Other Items'!I40 -> 0 | F22: ='Sch 3B - Other Items'!J40 -> 0
A23: (From Schedule 3b)
A25: Total Cost | C25: =C13+C16+C19-C22 -> 0 | D25: =D13+D16+D19-D22 -> 0 | E25: =E13+E16+E19-E22 -> 0 | F25: =F13+F16+F19-F22 -> 0
A26: (Total Operating Expenses + Return on Rate Base + State and Other Taxes - Total Other Included Items)
H30: Without NLSL | I30: With NLSL
A31: Contract System Cost | H31: Removed | I31: Removed
A32: Production | D32: =D25 -> 0 | F32: NLSL Fully Alloc. Cost ($/MWh) | H32: =$D$25 -> 0 | I32: =$D$25 -> 0
A34: (Less) New Large Single Load Costs (i/) | D34: =F34*D40 -> 0 | E34: NLSL | F34: ='NLSL_Base_New-Calc'!AA58 -> 0 | H34: 0 | I34: =F34*F45 -> 0
H35: 0 | I35: 0
A36: Total Contract System Cost | D36: =D32+D33-D34-D35 -> 0 | H36: =H32+H33-H34-H35 -> 0 | I36: =I32+I33-I34-I35 -> 0
A38: Contract System Load (MWh)
A39: Total Retail Load | D39: 0 | H39: =D39 -> 0 | I39: =D39 -> 0
A40: (Less) New Large Single Load | D40: =IF(F34>MIN(H46,J46),F45,0) -> 0 | H40: 0 | I40: =F45 -> 0
A41: Total Retail Load (Net of NLSL) (i/) | D41: =D39-D40 -> 0 | F41: Distribution Losses (%) | H41: =H39-H40 -> 0 | I41: =I39-I40 -> 0
A42: Distribution Loss (j/) (See Distribution Loss Schedule) | D42: =D39*F42 -> 0 | F42: ='Distribution Loss Calc'!H23 -> 0 | H42: =H39*F42 -> 0 | I42: =I39*F42 -> 0
A43: (Less) Above-RHWM Load | D43: =IF(F35>MIN(H46,I46),F48,0) -> 0 | H43: 0 | I43: 0
A44: Total Contract System Load | D44: =D41+D42-D43 -> 0 | F44: NLSL MWH | H44: =H41+H42 -> 0 | I44: =I41+I42-I43 -> 0
F45: 0
A46: Average System Cost $/MWh | D46: =IF(D44=0,"$0",D36/D44) -> $0 | H46: =IF(H44=0,"$0",H36/H44) -> $0 | I46: =IF(I44=0,"$0",I36/I44) -> $0

Sheet 5-YEAR PP & OSS Worksheet
A1: BONNEVILLE POWER ADMINISTRATION
A2: RESIDENTIAL PURCHASE AND SALE AGREEMENT
A3: 2026 Average System Cost Methodology (ASCM) Appendix 1
F4: UTILITY NAME: | G4: ='Sch 1- Rate Base '!$E$5 -> 0 | N4: BPA Reviews:
B5: TOC | F5: End of Year Report Period: | G5: ='Sch 1- Rate Base '!$E$6 -> 0 | N5: ='Sch 1- Rate Base '!I6
F6: ASC Filing Date: | G6: ='Sch 1- Rate Base '!$E$7 -> 0 | N6: ='Sch 1- Rate Base '!I7
A7: Purchased Power & Sales for Resale
B8: FERC Form 1 | D8: Purchased Power | G8: Purchased Power - Base Period Minus 1 | J8: Purchased Power - Base Period Minus 2 | M8: Purchased Power - Base Period Minus 3 | P8: Purchased Power - Base Period Minus 4
B9: Statistical | C9: Page
B10: Classification | C10: Number | D10: Settlement Total | E10: MWh Purchased | G10: Settlement Total | H10: MWh Purchased | J10: Settlement Total | K10: MWh Purchased | M10: Settlement Total | N10: MWh Purchased | P10: Settlement Total | Q10: MWh Purchased
B11: RQ | C11: 326-327 | D11: 0 | E11: 0 | G11: 0 | H11: 0 | J11: 0 | K11: 0 | M11: 0 | N11: 0 | P11: 0 | Q11: 0
B12: LF | C12: 326-327 | D12: 0 | E12: 0 | G12: 0 | H12: 0 | J12: 0 | K12: 0 | M12: 0 | N12: 0 | P12: 0 | Q12: 0
B13: IF | C13: 326-327 | D13: 0 | E13: 0 | G13: 0 | H13: 0 | J13: 0 | K13: 0 | M13: 0 | N13: 0 | P13: 0 | Q13: 0
B14: SF | C14: 326-327 | D14: 0 | E14: 0 | G14: 0 | H14: 0 | J14: 0 | K14: 0 | M14: 0 | N14: 0 | P14: 0 | Q14: 0
B15: LU | C15: 326-327 | D15: 0 | E15: 0 | G15: 0 | H15: 0 | J15: 0 | K15: 0 | M15: 0 | N15: 0 | P15: 0 | Q15: 0
B16: IU | C16: 326-327 | D16: 0 | E16: 0 | G16: 0 | H16: 0 | J16: 0 | K16: 0 | M16: 0 | N16: 0 | P16: 0 | Q16: 0
B17: OS | C17: 326-327 | D17: 0 | E17: 0 | G17: 0 | H17: 0 | J17: 0 | K17: 0 | M17: 0 | N17: 0 | P17: 0 | Q17: 0
B18: EX | C18: 326-327 | D18: 0 | E18: 0 | G18: 0 | H18: 0 | J18: 0 | K18: 0 | M18: 0 | N18: 0 | P18: 0 | Q18: 0
B19: NA | C19: 326-327 | D19: 0 | E19: 0 | G19: 0 | H19: 0 | J19: 0 | K19: 0 | M19: 0 | N19: 0 | P19: 0 | Q19: 0
B20: AD | C20: 326-327 | D20: 0 | E20: 0 | G20: 0 | H20: 0 | J20: 0 | K20: 0 | M20: 0 | N20: 0 | P20: 0 | Q20: 0
B21: TOTAL | D21: =SUM(D11:D20) -> 0 | E21: =SUM(E11:E20) -> 0 | G21: =SUM(G11:G20) -> 0 | H21: =SUM(H11:H20) -> 0 | J21: =SUM(J11:J20) -> 0 | K21: =SUM(K11:K20) -> 0 | M21: =SUM(M11:M20) -> 0 | N21: =SUM(N11:N20) -> 0 | P21: =SUM(P11:P20) -> 0 | Q21: =SUM(Q11:Q20) -> 0
B23: FERC Form 1 | D23: Sales for Resale | G23: Sales for Resale - Base Period Minus 1 | J23: Sales for Resale - Base Period Minus 2 | M23: Sales for Resale - Base Period Minus 3 | P23: Sales for Resale - Base Period Minus 4
B24: Statistical | C24: Page
B25: Classification | C25: Number | D25: Settlement Total | E25: MWh Sold | G25: Settlement Total | H25: MWh Sold | J25: Settlement Total | K25: MWh Sold | M25: Settlement Total | N25: MWh Sold | P25: Settlement Total | Q25: MWh Sold
B26: RQ | C26: 310-311 | D26: 0 | E26: 0 | G26: 0 | H26: 0 | J26: 0 | K26: 0 | M26: 0 | N26: 0 | P26: 0 | Q26: 0
B27: LF | C27: 310-311 | D27: 0 | E27: 0 | G27: 0 | H27: 0 | J27: 0 | K27: 0 | M27: 0 | N27: 0 | P27: 0 | Q27: 0
B28: IF | C28: 310-311 | D28: 0 | E28: 0 | G28: 0 | H28: 0 | J28: 0 | K28: 0 | M28: 0 | N28: 0 | P28: 0 | Q28: 0
B29: SF | C29: 310-311 | D29: 0 | E29: 0 | G29: 0 | H29: 0 | J29: 0 | K29: 0 | M29: 0 | N29: 0 | P29: 0 | Q29: 0
B30: LU | C30: 310-311 | D30: 0 | E30: 0 | G30: 0 | H30: 0 | J30: 0 | K30: 0 | M30: 0 | N30: 0 | P30: 0 | Q30: 0
B31: IU | C31: 310-311 | D31: 0 | E31: 0 | G31: 0 | H31: 0 | J31: 0 | K31: 0 | M31: 0 | N31: 0 | P31: 0 | Q31: 0
B32: OS | C32: 310-311 | D32: 0 | E32: 0 | G32: 0 | H32: 0 | J32: 0 | K32: 0 | M32: 0 | N32: 0 | P32: 0 | Q32: 0
B33: EX | C33: 310-311 | D33: 0 | E33: 0 | G33: 0 | H33: 0 | J33: 0 | K33: 0 | M33: 0 | N33: 0 | P33: 0 | Q33: 0
B34: NA | C34: 310-311 | D34: 0 | E34: 0 | G34: 0 | H34: 0 | J34: 0 | K34: 0 | M34: 0 | N34: 0 | P34: 0 | Q34: 0
B35: AD | C35: 310-311 | D35: 0 | E35: 0 | G35: 0 | H35: 0 | J35: 0 | K35: 0 | M35: 0 | N35: 0 | P35: 0 | Q35: 0
B36: TOTAL | D36: =SUM(D26:D35) -> 0 | E36: =SUM(E26:E35) -> 0 | G36: =SUM(G26:G35) -> 0 | H36: =SUM(H26:H35) -> 0 | J36: =SUM(J26:J35) -> 0 | K36: =SUM(K26:K35) -> 0 | M36: =SUM(M26:M35) -> 0 | N36: =SUM(N26:N35) -> 0 | P36: =SUM(P26:P35) -> 0 | Q36: =SUM(Q26:Q35) -> 0
D69: Average PP | E69: =IF((E14+E17+E18)=0,0,(D14+D17+D18)/(E14+E17+E18)) -> 0 | F69: =IF((H14+H17+H18)=0,0,(G14+G17+G18)/(H14+H17+H18)) -> 0 | G69: =IF((K14+K17+K18)=0,0,(J14+J17+J18)/(K14+K17+K18)) -> 0 | H69: =IF((N14+N17+N18)=0,0,(M14+M17+M18)/(N14+N17+N18)) -> 0 | I69: =IF((Q14+Q17+Q18)=0,0,(P14+P17+P18)/(Q14+Q17+Q18)) -> 0
D70: Average SS | E70: =IF((E29+E32+E33)=0,0,(D29+D32+D33)/(E29+E32+E33)) -> 0 | F70: =IF((H29+H32+H33)=0,0,(G29+G32+G33)/(H29+H32+H33)) -> 0 | G70: =IF((K29+K32+K33)=0,0,(J29+J32+J33)/(K29+K32+K33)) -> 0 | H70: =IF((N29+N32+N33)=0,0,(M29+M32+M33)/(N29+N32+N33)) -> 0 | I70: =IF((Q29+Q32+Q33)=0,0,(P29+P32+P33)/(Q29+Q32+Q33)) -> 0
D71: 1/2 difference | E71: =(E69-E70)/2 -> 0 | F71: =(F69-F70)/2 -> 0 | G71: =(G69-G70)/2 -> 0 | H71: =(H69-H70)/2 -> 0 | I71: =(I69-I70)/2 -> 0
D72: Mid Point | E72: =AVERAGE(E69:E70) -> 0 | F72: =AVERAGE(F69:F70) -> 0 | G72: =AVERAGE(G69:G70) -> 0 | H72: =AVERAGE(H69:H70) -> 0 | I72: =AVERAGE(I69:I70) -> 0
E73: =IF(E72=0,0,((E72+E71)/E72)-1) -> 0 | F73: =IF(F72=0,0,((F72+F71)/F72)-1) -> 0 | G73: =IF(G72=0,0,((G72+G71)/G72)-1) -> 0 | H73: =IF(H72=0,0,((H72+H71)/H72)-1) -> 0 | I73: =IF(I72=0,0,((I72+I71)/I72)-1) -> 0
D75: Percentage Spread | E75: =(E73*5+F73*4+G73*3+H73*2+I73)/14 -> 0

Sheet Load Forecast
A1: Fiscal Year Load Forecast
B2: Base Period (CY) MWh | C2: Forecast Fiscal Year MWh
B3: ='Sch 1- Rate Base '!E6 -> 0 | C3: =B3+1 -> 1 | D3: =C3+1 -> 2 | E3: =D3+1 -> 3 | F3: =E3+1 -> 4 | G3: =F3+1 -> 5
A4: Total Retail Sales @ Meter | B4: ='Sch 4 - Average System Cost'!D39 -> 0 | C4: 0 | D4: 0 | E4: 0 | F4: 0 | G4: 0
A5: Distribution Losses | B5: ='Sch 4 - Average System Cost'!D42 -> 0 | C5: 0 | D5: 0 | E5: 0 | F5: 0 | G5: 0
A6: Contract System Load | B6: =B5+B4 -> 0 | C6: =C5+C4 -> 0 | D6: =D5+D4 -> 0 | E6: =E5+E4 -> 0 | F6: =F5+F4 -> 0 | G6: =G5+G4 -> 0
A7: Load for Dist Plant Adds | B7: =B6 -> 0 | C7: =C6 -> 0 | D7: =D6 -> 0 | E7: =E6 -> 0 | F7: =F6 -> 0 | G7: =G6 -> 0
A9: Base Period NLSL MWh | B9: ='Sch 4 - Average System Cost'!F45 -> 0 | C9: 0 | D9: 0 | E9: 0 | F9: 0 | G9: 0
A10: New NLSL MWh | C10: 0 | D10: 0 | E10: 0 | F10: 0 | G10: 0
A11: Total NLSL MWh | B11: =B9 -> 0 | C11: =C10+B11 -> 0 | D11: =D10+C11 -> 0 | E11: =E10+D11 -> 0 | F11: =F10+E11 -> 0 | G11: =G10+F11 -> 0
A14: Annual Load Change | C14: =C6-B6 -> 0 | D14: =D6-C6 -> 0 | E14: =E6-D6 -> 0 | F14: =F6-E6 -> 0 | G14: =G6-F6 -> 0
A16: Distribution Loss Percentage | B16: =ROUND('Sch 4 - Average System Cost'!F42,4) -> 0
A20: TOC | D20: ='Sch 1- Rate Base '!E5 -> 0
D21: ='Sch 1- Rate Base '!E6 -> 0
D22: ='Sch 1- Rate Base '!E7 -> 0
C25: BONNEVILLE POWER ADMINISTRATION
C26: RESIDENTIAL PURCHASE AND SALE AGREEMENT
C27: 2026 Average System Cost Methodology (ASCM) Appendix 1

Sheet Distribution Loss Calc
A1: BONNEVILLE POWER ADMINISTRATION
A2: RESIDENTIAL PURCHASE AND SALE AGREEMENT
A3: 2026 Average System Cost (ASCM) Appendix 1
A5: TOC | C5: UTILITY NAME: | D5: ='Sch 1- Rate Base '!$E$5 -> 0
C6: End of Year Report Period: | D6: ='Sch 1- Rate Base '!$E$6 -> 0
C7: ASC Filing Date: | D7: ='Sch 1- Rate Base '!$E$7 -> 0
A10: Distribution Loss Calculation
F23: Sch. 4 input | H23: 0

Sheet Salaries
A1: BONNEVILLE POWER ADMINISTRATION
A2: RESIDENTIAL PURCHASE AND SALE AGREEMENT
A3: 2026 Average System Cost Methodology (ASCM) Appendix 1
A5: TOC | B5: UTILITY NAME: | C5: ='Sch 1- Rate Base '!$E$5 -> 0
B6: End of Year Report Period: | C6: ='Sch 1- Rate Base '!$E$6 -> 0
A7: 2/19/2010 | B7: ASC Filing Date: | C7: ='Sch 1- Rate Base '!$E$7 -> 0
A10: Distribution of Salaries and Wages (For Labor Ratio Calculation)
A11: Description | C11: Form 1 | D11: Amount
C12: Page
C13: Number
A14: Electric
A15: Operation
A16: 1 | B16: Production | C16: 354-355 | D16: 0
A17: 2 | B17: Transmission | C17: 354-355 | D17: 0
A18: 3 | B18: Distribution | C18: 354-355 | D18: 0
A19: 4 | B19: Customer Accounts | C19: 354-355 | D19: 0
A20: 5 | B20: Customer Service and Information | C20: 354-355 | D20: 0
A21: 6 | B21: Sales | C21: 354-355 | D21: 0
A22: 7 | B22: Administrative and General | C22: 354-355 | D22: 0
A23: TOTAL Operation | D23: =SUM(D16:D22) -> 0
A25: Maintenance
A26: 9 | B26: Production | C26: 354-355 | D26: 0
A27: 10 | B27: Transmission | C27: 354-355 | D27: 0
A28: 11 | B28: Distribution | C28: 354-355 | D28: 0
A29: 12 | B29: Administrative and General | C29: 354-355 | D29: 0
A30: TOTAL Maintenance | D30: =SUM(D26:D29) -> 0
A32: Operation and Maintenance
B33: Production (Enter Total of lines 1 and 9) | C33: 354-355 | D33: =+D16+D26 -> 0
B34: Transmission (Enter Total of lines 2 and 10) | C34: 354-355 | D34: =+D17+D27 -> 0
B35: Distribution (Enter Total of lines 3 and 11) | C35: 354-355 | D35: =+D18+D28 -> 0
B36: Customer Accounts (Transcribe from line 4) | C36: 354-355 | D36: =+D19 -> 0
B37: Customer Service and Information (Transcribe from line 5) | C37: 354-355 | D37: =+D20 -> 0
B38: Sales (Transcribe from line 6) | C38: 354-355 | D38: =+D21 -> 0
B39: Administrative and General (Enter Total of lines 7 and 12) | C39: 354-355 | D39: =+D22+D29 -> 0
A40: TOTAL Operation and Maintenance | D40: =SUM(D33:D39) -> 0

Sheet Ratios
A1: BONNEVILLE POWER ADMINISTRATION | M1: NLSL Production Plant | R1: =R46 -> 0
A2: RESIDENTIAL PURCHASE AND SALE AGREEMENT | M2: Total Production Plant | R2: =E46 -> 0
A3: 2026 Average System Cost Methodology (ASCM) Appendix 1 | M3: NLSL Production Plant percent of Total Prod. Plant | R3: =IF(R2=0,0,R1/R2) -> 0
M4: Non-NLSL Production plant percent of Total Prod. Plant | R4: =IF(R2=0,0,(R2-R1)/R2) -> 0
A5: TOC | B5: UTILITY NAME: | C5: ='Sch 1- Rate Base '!$E$5 -> 0
A6: é | B6: End of Year Report Period: | C6: ='Sch 1- Rate Base '!$E$6 -> 0 | M6: NLSL Production Plant O&M | R6: ='NLSL_Base_New-Calc'!AA43+'NLSL_Base_New-Calc'!AA44 -> 0
B7: ASC Filing Date: | C7: ='Sch 1- Rate Base '!$E$7 -> 0 | M7: Total Production Plant O&M | R7: ='Sch 3 - Expenses'!H17+'Sch 3 - Expenses'!H18+'Sch 3 - Expenses'!H21+'Sch 3 - Expenses'!H22+'Sch 3 - Expenses'!H24+'Sch 3 - Expenses'!H25+'Sch 3 - Expenses'!H28+'Sch 3 - Expenses'!H29 -> 0
M8: NLSL Production Plant O&M percent of Total Prod. Plant O&M | R8: =IF(R7=0,0,R6/R7) -> 0
A9: Ratio Table | M9: Non-NLSL Production Plant O&M percent of Total Prod. Plant O&M | R9: =IF(R7=0,0,(R7-R6)/R7) -> 0
Q11: Production
A12: Labor Ratio Input: | C12: Ratio Used | D12: Total | E12: Production | F12: Transmission | G12: Distribution | Q12: Non-NLSL | R12: NLSL | S12: Total
B13: Production | C13: PROD | D13: =Salaries!D33 -> 0 | E13: =VLOOKUP($C13,Ratio,2,FALSE)*$D13 -> 0 | F13: =VLOOKUP($C13,Ratio,3,FALSE)*$D13 -> 0 | G13: =VLOOKUP($C13,Ratio,4,FALSE)*$D13 -> 0 | Q13: =E13*R9 -> 0 | R13: =E13*R8 -> 0 | S13: =SUM(Q13:R13) -> 0
B14: Transmission | C14: TRANS | D14: =Salaries!D34 -> 0 | E14: =VLOOKUP($C14,Ratio,2,FALSE)*$D14 -> 0 | F14: =VLOOKUP($C14,Ratio,3,FALSE)*$D14 -> 0 | G14: =VLOOKUP($C14,Ratio,4,FALSE)*$D14 -> 0 | Q14: 0 | R14: 0
B15: Distribution | C15: DIST | D15: =Salaries!D35 -> 0 | E15: =VLOOKUP($C15,Ratio,2,FALSE)*$D15 -> 0 | F15: =VLOOKUP($C15,Ratio,3,FALSE)*$D15 -> 0 | G15: =VLOOKUP($C15,Ratio,4,FALSE)*$D15 -> 0 | Q15: 0 | R15: 0
B16: Customer Accounts | C16: DIST | D16: =Salaries!D36 -> 0 | E16: =VLOOKUP($C16,Ratio,2,FALSE)*$D16 -> 0 | F16: =VLOOKUP($C16,Ratio,3,FALSE)*$D16 -> 0 | G16: =VLOOKUP($C16,Ratio,4,FALSE)*$D16 -> 0 | I16: Prod. | J16: Trans. | K16: Dist. | Q16: 0 | R16: 0
B17: Customer Service and Informational | C17: DIST | D17: =Salaries!D37 -> 0 | E17: =IF($C17="DIRECT",I17,VLOOKUP($C17,Ratio,2,FALSE)*$D17) -> 0 | F17: =IF($C17="DIRECT",J17,VLOOKUP($C17,Ratio,3,FALSE)*$D17) -> 0 | G17: =IF($C17="DIRECT",K17,VLOOKUP($C17,Ratio,4,FALSE)*$D17) -> 0 | Q17: =E17 -> 0 | R17: 0 | S17: =SUM(Q17:R17) -> 0
B18: Sales | C18: DIST | D18: =Salaries!D38 -> 0 | E18: =VLOOKUP($C18,Ratio,2,FALSE)*$D18 -> 0 | F18: =VLOOKUP($C18,Ratio,3,FALSE)*$D18 -> 0 | G18: =VLOOKUP($C18,Ratio,4,FALSE)*$D18 -> 0 | Q18: 0 | R18: 0
B19: Administrative & General | C19: PTD | D19: =Salaries!D39 -> 0 | E19: =VLOOKUP($C19,Ratio,2,FALSE)*$D19 -> 0 | F19: =VLOOKUP($C19,Ratio,3,FALSE)*$D19 -> 0 | G19: =VLOOKUP($C19,Ratio,4,FALSE)*$D19 -> 0 | Q19: =D19*Q50 -> 0 | R19: =D19*R50 -> 0 | S19: =SUM(Q19:R19) -> 0
A21: Total Labor | D21: =SUM(D13:D20) -> 0 | E21: =SUM(E13:E20) -> 0 | F21: =SUM(F13:F20) -> 0 | G21: =SUM(G13:G20) -> 0 | Q21: =SUM(Q13:Q19) -> 0 | R21: =SUM(R13:R19) -> 0 | S21: =SUM(Q21:R21) -> 0
B22: Labor Ratio | D22: =IF($D21=0,0,D21/$D21) -> 0 | E22: =IF($D21=0,0,E21/$D21) -> 0 | F22: =IF($D21=0,0,F21/$D21) -> 0 | G22: =IF($D21=0,0,G21/$D21) -> 0 | O22: Labor Ratio | Q22: =IF(D21=0,0,Q21/D21) -> 0 | R22: =IF(D21=0,0,R21/D21) -> 0 | S22: =SUM(Q22:R22) -> 0
A24: GP | B24: General Plant Ratio | C24: Ratio Used | D24: Total | E24: Production | F24: Transmission | G24: Distribution | Q24: Non-NLSL | R24: NLSL | S24: Total
B25: Land and Land Rights | C25: PTD | D25: ='Sch 1- Rate Base '!G44 -> 0 | E25: ='Sch 1- Rate Base '!H44 -> 0 | F25: ='Sch 1- Rate Base '!I44 -> 0 | G25: ='Sch 1- Rate Base '!J44 -> 0 | Q25: =D25*Q$50 -> 0 | R25: =D25*R$50 -> 0 | S25: =SUM(Q25:R25) -> 0
B26: Structures and Improvements | C26: PTD | D26: ='Sch 1- Rate Base '!G45 -> 0 | E26: ='Sch 1- Rate Base '!H45 -> 0 | F26: ='Sch 1- Rate Base '!I45 -> 0 | G26: ='Sch 1- Rate Base '!J45 -> 0 | Q26: =D26*Q$50 -> 0 | R26: =D26*R$50 -> 0 | S26: =SUM(Q26:R26) -> 0
B27: Furniture and Equipment | C27: LABOR | D27: ='Sch 1- Rate Base '!G46 -> 0 | E27: ='Sch 1- Rate Base '!H46 -> 0 | F27: ='Sch 1- Rate Base '!I46 -> 0 | G27: ='Sch 1- Rate Base '!J46 -> 0 | Q27: =D27*Q$22 -> 0 | R27: =D27*R$22 -> 0 | S27: =SUM(Q27:R27) -> 0
B28: Transportation Equipment | C28: TD | D28: ='Sch 1- Rate Base '!G47 -> 0 | E28: ='Sch 1- Rate Base '!H47 -> 0 | F28: ='Sch 1- Rate Base '!I47 -> 0 | G28: ='Sch 1- Rate Base '!J47 -> 0 | Q28: 0 | R28: 0
B29: Stores Equipment | C29: PTD | D29: ='Sch 1- Rate Base '!G48 -> 0 | E29: ='Sch 1- Rate Base '!H48 -> 0 | F29: ='Sch 1- Rate Base '!I48 -> 0 | G29: ='Sch 1- Rate Base '!J48 -> 0 | Q29: =D29*Q$50 -> 0 | R29: =D29*R$50 -> 0 | S29: =SUM(Q29:R29) -> 0
B30: Tools and Garage Equipment | C30: PTD | D30: ='Sch 1- Rate Base '!G49 -> 0 | E30: ='Sch 1- Rate Base '!H49 -> 0 | F30: ='Sch 1- Rate Base '!I49 -> 0 | G30: ='Sch 1- Rate Base '!J49 -> 0 | Q30: =D30*Q$50 -> 0 | R30: =D30*R$50 -> 0 | S30: =SUM(Q30:R30) -> 0
B31: Laboratory Equipment | C31: PTD | D31: ='Sch 1- Rate Base '!G50 -> 0 | E31: ='Sch 1- Rate Base '!H50 -> 0 | F31: ='Sch 1- Rate Base '!I50 -> 0 | G31: ='Sch 1- Rate Base '!J50 -> 0 | Q31: =D31*Q$50 -> 0 | R31: =D31*R$50 -> 0 | S31: =SUM(Q31:R31) -> 0
B32: Power Operated Equipment | C32: TD | D32: ='Sch 1- Rate Base '!G51 -> 0 | E32: ='Sch 1- Rate Base '!H51 -> 0 | F32: ='Sch 1- Rate Base '!I51 -> 0 | G32: ='Sch 1- Rate Base '!J51 -> 0 | Q32: 0 | R32: 0
B33: Communication Equipment | C33: PTD | D33: ='Sch 1- Rate Base '!G52 -> 0 | E33: ='Sch 1- Rate Base '!H52 -> 0 | F33: ='Sch 1- Rate Base '!I52 -> 0 | G33: ='Sch 1- Rate Base '!J52 -> 0 | Q33: =D33*Q$50 -> 0 | R33: =D33*R$50 -> 0 | S33: =SUM(Q33:R33) -> 0
B34: Miscellaneous Equipment | C34: PTD | D34: ='Sch 1- Rate Base '!G55 -> 0 | E34: ='Sch 1- Rate Base '!H55 -> 0 | F34: ='Sch 1- Rate Base '!I55 -> 0 | G34: ='Sch 1- Rate Base '!J55 -> 0 | Q34: =D34*Q$50 -> 0 | R34: =D34*R$50 -> 0 | S34: =SUM(Q34:R34) -> 0
B35: Other Tangible Property | C35: ='Sch 1- Rate Base '!E56 -> DIRECT | D35: ='Sch 1- Rate Base '!G56 -> 0 | E35: ='Sch 1- Rate Base '!H56 -> 0 | F35: ='Sch 1- Rate Base '!I56 -> 0 | G35: ='Sch 1- Rate Base '!J56 -> 0 | Q35: =E35*R4 -> 0 | R35: =E35*R3 -> 0
B36: Asset Retirement Costs for General Plant | C36: PTD | D36: ='Sch 1- Rate Base '!G57 -> 0 | E36: ='Sch 1- Rate Base '!H57 -> 0 | F36: ='Sch 1- Rate Base '!I57 -> 0 | G36: ='Sch 1- Rate Base '!J57 -> 0 | Q36: =D36*Q$50 -> 0 | R36: =D36*R$50 -> 0 | S36: =SUM(Q36:R36) -> 0
B37: TOTAL | D37: =SUM(D25:D36) -> 0 | E37: =SUM(E25:E36) -> 0 | F37: =SUM(F25:F36) -> 0 | G37: =SUM(G25:G36) -> 0 | Q37: =SUM(Q25:Q36) -> 0 | R37: =SUM(R25:R36) -> 0 | S37: =SUM(Q37:R37) -> 0
B38: RATIO (GP) | D38: =IF($D37=0,0,D37/$D37) -> 0 | E38: =IF($D37=0,0,E37/$D37) -> 0 | F38: =IF($D37=0,0,F37/$D37) -> 0 | G38: =IF($D37=0,0,G37/$D37) -> 0 | O38: GP Ratio | Q38: =IF(D37=0,0,Q37/D37) -> 0 | R38: =IF(D37=0,0,R37/D37) -> 0 | S38: =SUM(Q38:R38) -> 0
A41: PTD | B41: Production, Transmission, Distribution Ratio | C41: Ratio Used | D41: Total | E41: Production | F41: Transmission | G41: Distribution | Q41: Non-NLSL | R41: NLSL | S41: Total
B42: Steam Production | C42: PROD | D42: ='Sch 1- Rate Base '!G22 -> 0 | E42: ='Sch 1- Rate Base '!H22 -> 0 | F42: ='Sch 1- Rate Base '!I22 -> 0 | G42: ='Sch 1- Rate Base '!J22 -> 0 | Q42: =D42-R42 -> 0 | R42: =SUMIF('NLSL_Base_New-Calc'!B$11:I$11,1,'NLSL_Base_New-Calc'!B$17:I$17) -> 0
B43: Nuclear Production | C43: PROD | D43: ='Sch 1- Rate Base '!G23 -> 0 | E43: ='Sch 1- Rate Base '!H23 -> 0 | F43: ='Sch 1- Rate Base '!I23 -> 0 | G43: ='Sch 1- Rate Base '!J23 -> 0 | Q43: =D43-R43 -> 0
B44: Hydraulic Production | C44: PROD | D44: ='Sch 1- Rate Base '!G24 -> 0 | E44: ='Sch 1- Rate Base '!H24 -> 0 | F44: ='Sch 1- Rate Base '!I24 -> 0 | G44: ='Sch 1- Rate Base '!J24 -> 0 | Q44: =D44-R44 -> 0 | R44: =SUMIF('NLSL_Base_New-Calc'!B$11:I$11,2,'NLSL_Base_New-Calc'!B$17:I$17) -> 0
B45: Other Production | C45: PROD | D45: ='Sch 1- Rate Base '!G28 -> 0 | E45: ='Sch 1- Rate Base '!H28 -> 0 | F45: ='Sch 1- Rate Base '!I28 -> 0 | G45: ='Sch 1- Rate Base '!J28 -> 0 | Q45: =D45-R45 -> 0 | R45: =SUMIF('NLSL_Base_New-Calc'!B$11:I$11,3,'NLSL_Base_New-Calc'!B$17:I$17) -> 0
B46: Total Production Plant | D46: =SUM(D42:D45) -> 0 | E46: =SUM(E42:E45) -> 0 | F46: =SUM(F42:F45) -> 0 | G46: =SUM(G42:G45) -> 0 | Q46: =SUM(Q42:Q45) -> 0 | R46: =SUM(R42:R45) -> 0 | S46: =Q46+R46 -> 0
B47: Transmission Plant | C47: TRANS | D47: ='Sch 1- Rate Base '!G33 -> 0 | E47: ='Sch 1- Rate Base '!H33 -> 0 | F47: ='Sch 1- Rate Base '!I33 -> 0 | G47: ='Sch 1- Rate Base '!J33 -> 0
B48: Total Distribution Plant | C48: DIST | D48: ='Sch 1- Rate Base '!G37 -> 0 | E48: ='Sch 1- Rate Base '!H37 -> 0 | F48: ='Sch 1- Rate Base '!I37 -> 0 | G48: ='Sch 1- Rate Base '!J37 -> 0
B49: TOTAL | D49: =D46+D47+D48 -> 0 | E49: =E46+E47+E48 -> 0 | F49: =F46+F47+F48 -> 0 | G49: =G46+G47+G48 -> 0 | Q49: =Q46 -> 0 | R49: =R46 -> 0 | S49: =Q49+R49 -> 0
B50: PTD Ratio | D50: =IF($D49=0,0,D49/$D49) -> 0 | E50: =IF($D49=0,0,E49/$D49) -> 0 | F50: =IF($D49=0,0,F49/$D49) -> 0 | G50: =IF($D49=0,0,G49/$D49) -> 0 | O50: PTD Ratio | Q50: =IF(D49=0,0,Q46/D49) -> 0 | R50: =IF(D49=0,0,R46/D49) -> 0 | S50: =Q50+R50 -> 0
A52: PTDG | B52: Production, Transmission, Distribution and General Plant Ratio | C52: Ratio Used | D52: Total | E52: Production | F52: Transmission | G52: Distribution | Q52: Non-NLSL | R52: NLSL | S52: Total
B53: PTD Total | D53: =D49 -> 0 | E53: =E49 -> 0 | F53: =F49 -> 0 | G53: =G49 -> 0 | Q53: =Q49 -> 0 | R53: =R49 -> 0 | S53: =Q53+R53 -> 0
B54: Intangible Plant - Organization | C54: DIST | D54: ='Sch 1- Rate Base '!G16 -> 0 | E54: ='Sch 1- Rate Base '!H16 -> 0 | F54: ='Sch 1- Rate Base '!I16 -> 0 | G54: ='Sch 1- Rate Base '!J16 -> 0
B55: Intangible Plant - Franchises and Consents | C55: DIRECT | D55: ='Sch 1- Rate Base '!G17 -> 0 | E55: ='Sch 1- Rate Base '!H17 -> 0 | F55: ='Sch 1- Rate Base '!I17 -> 0 | G55: ='Sch 1- Rate Base '!J17 -> 0 | Q55: =E55*R$4 -> 0 | R55: =E55*R$3 -> 0 | S55: =Q55+R55 -> 0
B56: Intangible Plant - Miscellaneous | C56: DIRECT | D56: ='Sch 1- Rate Base '!G18 -> 0 | E56: ='Sch 1- Rate Base '!H18 -> 0 | F56: ='Sch 1- Rate Base '!I18 -> 0 | G56: ='Sch 1- Rate Base '!J18 -> 0 | Q56: =E56*R$4 -> 0 | R56: =E56*R$3 -> 0 | S56: =Q56+R56 -> 0
B57: General Plant Total | D57: =D37 -> 0 | E57: =E37 -> 0 | F57: =F37 -> 0 | G57: =G37 -> 0 | Q57: =Q37 -> 0 | R57: =R37 -> 0 | S57: =Q57+R57 -> 0
B58: TOTAL | D58: =SUM(D53:D57) -> 0 | E58: =SUM(E53:E57) -> 0 | F58: =SUM(F53:F57) -> 0 | G58: =SUM(G53:G57) -> 0 | Q58: =SUM(Q53:Q57) -> 0 | R58: =SUM(R53:R57) -> 0 | S58: =Q58+R58 -> 0
B59: PTDG RATIO | D59: =IF($D58=0,0,D58/$D58) -> 0 | E59: =IF($D58=0,0,E58/$D58) -> 0 | F59: =IF($D58=0,0,F58/$D58) -> 0 | G59: =IF($D58=0,0,G58/$D58) -> 0 | O59: PTDG Ratio | Q59: =IF(D58=0,0,Q58/D58) -> 0 | R59: =IF(D58=0,0,R58/D58) -> 0 | S59: =Q59+R59 -> 0
A61: TD | B61: Transmission and Distribution Plant Ratio | C61: Ratio Used | D61: Total | E61: Production | F61: Transmission | G61: Distribution | Q61: Non-NLSL | R61: NLSL | S61: Total
B62: Total Transmission Plant | C62: TRANS | D62: =D47 -> 0 | E62: =E47 -> 0 | F62: =F47 -> 0 | G62: =G47 -> 0
B63: Total Distribution Plant | C63: DIST | D63: =D48 -> 0 | E63: =E48 -> 0 | F63: =F48 -> 0 | G63: =G48 -> 0
B64: TOTAL | D64: =SUM(D62:D63) -> 0 | E64: =SUM(E62:E63) -> 0 | F64: =SUM(F62:F63) -> 0 | G64: =SUM(G62:G63) -> 0 | Q64: =SUM(Q62:Q63) -> 0 | R64: =SUM(R62:R63) -> 0 | S64: =Q64+R64 -> 0
B65: TD RATIO | D65: =IF($D64=0,0,D64/$D64) -> 0 | E65: =IF($D64=0,0,E64/$D64) -> 0 | F65: =IF($D64=0,0,F64/$D64) -> 0 | G65: =IF($D64=0,0,G64/$D64) -> 0 | O65: TD Ratio | Q65: =IF(D64=0,0,Q64/D64) -> 0 | R65: =IF(D64=0,0,R64/D64) -> 0 | S65: =Q65+R65 -> 0
A68: GPM | B68: Maintenance of General Plant Ratio | C68: Ratio Used | D68: Total | E68: Production | F68: Transmission | G68: Distribution | Q68: Non-NLSL | R68: NLSL | S68: Total
B69: Structures and Improvements | C69: =C26 -> PTD | D69: =D26 -> 0 | E69: =E26 -> 0 | F69: =F26 -> 0 | G69: =G26 -> 0 | Q69: =D69*Q$50 -> 0 | R69: =D69*R$50 -> 0 | S69: =Q69+R69 -> 0
B70: Furniture and Equipment | C70: =C27 -> LABOR | D70: =D27 -> 0 | E70: =E27 -> 0 | F70: =F27 -> 0 | G70: =G27 -> 0 | Q70: =D70*Q$22 -> 0 | R70: =D70*R$22 -> 0 | S70: =Q70+R70 -> 0
B71: Communication Equipment | C71: =C33 -> PTD | D71: =D33 -> 0 | E71: =E33 -> 0 | F71: =F33 -> 0 | G71: =G33 -> 0 | Q71: =D71*Q$50 -> 0 | R71: =D71*R$50 -> 0 | S71: =Q71+R71 -> 0
B72: Miscellaneous Equipment | C72: =C34 -> PTD | D72: =D34 -> 0 | E72: =E34 -> 0 | F72: =F34 -> 0 | G72: =G34 -> 0 | Q72: =D72*Q$50 -> 0 | R72: =D72*R$50 -> 0 | S72: =Q72+R72 -> 0
B73: TOTAL | D73: =SUM(D69:D72) -> 0 | E73: =SUM(E69:E72) -> 0 | F73: =SUM(F69:F72) -> 0 | G73: =SUM(G69:G72) -> 0 | Q73: =SUM(Q69:Q72) -> 0 | R73: =SUM(R69:R72) -> 0 | S73: =Q73+R73 -> 0
B74: GPM RATIO | D74: =IF($D73=0,0,D73/$D73) -> 0 | E74: =IF($D73=0,0,E73/$D73) -> 0 | F74: =IF($D73=0,0,F73/$D73) -> 0 | G74: =IF($D73=0,0,G73/$D73) -> 0 | O74: GPM Ratio | Q74: =IF(D73=0,0,Q73/D73) -> 0 | R74: =IF(D73=0,0,R73/D73) -> 0 | S74: =Q74+R74 -> 0
B76: SUMMARY RATIO TABLE | Q76: Non-NLSL | R76: NLSL | S76: Total
P77: CONS
B78: Direct to Distribution | D78: DIST | E78: 0 | F78: 0 | G78: 1 | H78: =ROW() -> 78 | J78: DIST | K78: =VLOOKUP(J78,$D$78:$H$87,5,FALSE) -> 78 | P78: DIST | Q78: 0
B79: Direct to Production | D79: PROD | E79: 1 | F79: 0 | G79: 0 | H79: =ROW() -> 79 | J79: PROD | K79: =VLOOKUP(J79,$D$78:$H$87,5,FALSE) -> 79 | P79: PROD
B80: Direct to Transmission | D80: TRANS | E80: 0 | F80: 1 | G80: 0 | H80: =ROW() -> 80 | J80: TRANS | K80: =VLOOKUP(J80,$D$78:$H$87,5,FALSE) -> 80 | P80: TRANS | Q80: 0
B81: Direct Allocation | D81: DIRECT | E81: 0 | F81: 0 | G81: 0 | H81: =ROW() -> 81 | J81: DIRECT | K81: =VLOOKUP(J81,$D$78:$H$87,5,FALSE) -> 81 | P81: DIRECT
B82: General Plant | D82: GP | E82: =E38 -> 0 | F82: =F38 -> 0 | G82: =G38 -> 0 | H82: =ROW() -> 82 | J82: GP | K82: =VLOOKUP(J82,$D$78:$H$87,5,FALSE) -> 82 | P82: GP | Q82: =Q38 -> 0 | R82: =R38 -> 0 | S82: =Q82+R82 -> 0
B83: Maintenance of General Plant | D83: GPM | E83: =E74 -> 0 | F83: =F74 -> 0 | G83: =G74 -> 0 | H83: =ROW() -> 83 | J83: GPM | K83: =VLOOKUP(J83,$D$78:$H$87,5,FALSE) -> 83 | P83: GPM | Q83: =Q74 -> 0 | R83: =R74 -> 0 | S83: =Q83+R83 -> 0
B84: Labor Ratios | D84: LABOR | E84: =E22 -> 0 | F84: =F22 -> 0 | G84: =G22 -> 0 | H84: =ROW() -> 84 | J84: LABOR | K84: =VLOOKUP(J84,$D$78:$H$87,5,FALSE) -> 84 | P84: LABOR | Q84: =Q22 -> 0 | R84: =R22 -> 0 | S84: =Q84+R84 -> 0
B85: Production, Transmission, Distribution | D85: PTD | E85: =E50 -> 0 | F85: =F50 -> 0 | G85: =G50 -> 0 | H85: =ROW() -> 85 | J85: PTD | K85: =VLOOKUP(J85,$D$78:$H$87,5,FALSE) -> 85 | P85: PTD | Q85: =Q50 -> 0 | R85: =R50 -> 0 | S85: =Q85+R85 -> 0
B86: Production, Transmission, Distribution, General | D86: PTDG | E86: =E59 -> 0 | F86: =F59 -> 0 | G86: =G59 -> 0 | H86: =ROW() -> 86 | J86: PTDG | K86: =VLOOKUP(J86,$D$78:$H$87,5,FALSE) -> 86 | P86: PTDG | Q86: =Q59 -> 0 | R86: =R59 -> 0 | S86: =Q86+R86 -> 0
B87: Transmission, Distribution | D87: TD | E87: =E65 -> 0 | F87: =F65 -> 0 | G87: =G65 -> 0 | H87: =ROW() -> 87 | J87: TD | K87: =VLOOKUP(J87,$D$78:$H$87,5,FALSE) -> 87 | P87: TD | Q87: =Q65 -> 0 | R87: =R65 -> 0 | S87: =Q87+R87 -> 0

Sheet New Resources - Individual
B1: ='Sch 1- Rate Base '!E5 -> 0 | E1: Name | AG1: 2008 | AH1: 1
A2: TOC | B2: Rate Period Mid-Point From ASC Tab | E2: Online Year | F2: 0 | G2: 0 | H2: 0 | I2: 0 | J2: 0 | K2: 0 | L2: 0 | M2: 0 | N2: 0 | O2: 0 | P2: 0 | Q2: 0 | AG2: 2009 | AH2: 2
A3: é | B3: 0 | E3: Online Month | F3: 0 | G3: 0 | H3: 0 | I3: 0 | J3: 0 | K3: 0 | L3: 0 | M3: 0 | N3: 0 | O3: 0 | P3: 0 | Q3: 0 | AG3: 2010 | AH3: 3
E4: =B3 -> 0 | F4: =IF(ISERROR(DATE(F2,F3,1)),"",(DATE(F2,F3,1))) | G4: =IF(ISERROR(DATE(G2,G3,1)),"",(DATE(G2,G3,1))) | H4: =IF(ISERROR(DATE(H2,H3,1)),"",(DATE(H2,H3,1))) | I4: =IF(ISERROR(DATE(I2,I3,1)),"",(DATE(I2,I3,1))) | J4: =IF(ISERROR(DATE(J2,J3,1)),"",(DATE(J2,J3,1))) | K4: =IF(ISERROR(DATE(K2,K3,1)),"",(DATE(K2,K3,1))) | L4: =IF(ISERROR(DATE(L2,L3,1)),"",(DATE(L2,L3,1))) | M4: =IF(ISERROR(DATE(M2,M3,1)),"",(DATE(M2,M3,1))) | ... Y4: =IF(ISERROR(DATE(Y2,Y3,1)),"",(DATE(Y2,Y3,1))) | AG4: 2011 | AH4: 4
A5: 1 | B5: 2 | C5: 3 | D5: 4 | E5: 5 | F5: 6 | G5: 7 | H5: 8 | I5: 9 | J5: 10 | K5: 11 | L5: 12 | M5: 13 | N5: 14 | O5: 15 | P5: 16 | Q5: 17 | R5: 18 | S5: 19 | T5: 20 | U5: 21 | V5: 22 | W5: 23 | X5: 24 | Y5: 25 | AA5: 1 | AB5: 5 | AC5: 5 | AD5: 5 | AG5: 2012 | AH5: 5
B6: New Resource Group Number | F6: 0 | G6: 0 | H6: 0 | I6: 0 | J6: 0 | K6: 0 | L6: 0 | M6: 0 | N6: 0 | O6: 0 | P6: 0 | Q6: 0 | R6: 0 | S6: 0 | T6: 0 | U6: 0 | V6: 0 | W6: 0 | X6: 0 | Y6: 0 | AG6: 2013 | AH6: 6
A7: 100 | B7: Steam Production Plant | C7: Accnt # | AH7: 7
A8: 110 | B8: Steam Production | C8: 310-316 | F8: 0 | G8: 0 | H8: 0 | I8: 0 | J8: 0 | K8: 0 | L8: 0 | M8: 0 | N8: 0 | O8: 0 | P8: 0 | Q8: 0 | R8: 0 | S8: 0 | T8: 0 | U8: 0 | V8: 0 | W8: 0 | X8: 0 | Y8: 0 | AH8: 8
A9: 120 | B9: Fuel (Stock) | C9: 151 | F9: 0 | G9: 0 | H9: 0 | I9: 0 | J9: 0 | K9: 0 | L9: 0 | M9: 0 | N9: 0 | O9: 0 | P9: 0 | Q9: 0 | R9: 0 | S9: 0 | T9: 0 | U9: 0 | V9: 0 | W9: 0 | X9: 0 | Y9: 0 | AH9: 9
A10: 130 | B10: Plant Materials and Operating Supplies | C10: 154 | F10: 0 | G10: 0 | H10: 0 | I10: 0 | J10: 0 | K10: 0 | L10: 0 | M10: 0 | N10: 0 | O10: 0 | P10: 0 | Q10: 0 | R10: 0 | S10: 0 | T10: 0 | U10: 0 | V10: 0 | W10: 0 | X10: 0 | Y10: 0 | AH10: 10
A11: 140 | B11: EPA Allowances | C11: 158.1-158.2 | F11: 0 | G11: 0 | H11: 0 | I11: 0 | J11: 0 | K11: 0 | L11: 0 | M11: 0 | N11: 0 | O11: 0 | P11: 0 | Q11: 0 | R11: 0 | S11: 0 | T11: 0 | U11: 0 | V11: 0 | W11: 0 | X11: 0 | Y11: 0 | AH11: 11
A12: 150 | B12: Steam Expense | AH12: 12
A13: 160 | B13: Steam Power - Fuel | C13: 501 | F13: 0 | G13: 0 | H13: 0 | I13: 0 | J13: 0 | K13: 0 | L13: 0 | M13: 0 | N13: 0 | O13: 0 | P13: 0 | Q13: 0 | R13: 0 | S13: 0 | T13: 0 | U13: 0 | V13: 0 | W13: 0 | X13: 0 | Y13: 0
A14: 170 | B14: Steam Power - Op (Excluding 501 - Fuel) | C14: 500-509 | G14: 0 | H14: 0 | I14: 0 | J14: 0 | K14: 0 | L14: 0 | M14: 0 | N14: 0 | O14: 0 | P14: 0 | Q14: 0 | R14: 0 | S14: 0 | T14: 0 | U14: 0 | V14: 0 | W14: 0 | X14: 0 | Y14: 0
A15: 180 | B15: Steam Power - Maintenance | C15: 510-515 | G15: 0 | H15: 0 | I15: 0 | J15: 0 | K15: 0 | L15: 0 | M15: 0 | N15: 0 | O15: 0 | P15: 0 | Q15: 0 | R15: 0 | S15: 0 | T15: 0 | U15: 0 | V15: 0 | W15: 0 | X15: 0 | Y15: 0
A16: 190 | B16: Property Insurance | C16: 924 | F16: 0 | G16: 0 | H16: 0 | I16: 0 | J16: 0 | K16: 0 | L16: 0 | M16: 0 | N16: 0 | O16: 0 | P16: 0 | Q16: 0 | R16: 0 | S16: 0 | T16: 0 | U16: 0 | V16: 0 | W16: 0 | X16: 0 | Y16: 0
A17: 200 | B17: Depreciation | C17: 403 | D17: OK | G17: 0 | H17: 0 | I17: 0 | J17: 0 | K17: 0 | L17: 0 | M17: 0 | N17: 0 | O17: 0 | P17: 0 | Q17: 0 | R17: 0 | S17: 0 | T17: 0 | U17: 0 | V17: 0 | W17: 0 | X17: 0 | Y17: 0
A18: 210 | B18: Firm Sales for Resale ($) | C18: 447 | D18: OSS & PP | F18: 0 | G18: 0 | H18: 0 | I18: 0 | J18: 0 | K18: 0 | L18: 0 | M18: 0 | N18: 0 | O18: 0 | P18: 0 | Q18: 0 | R18: 0 | S18: 0 | T18: 0 | U18: 0 | V18: 0 | W18: 0 | X18: 0 | Y18: 0
A19: 220 | B19: Firm Sales for Resale (MWh) | D19: OSS & PP | F19: 0 | G19: 0 | H19: 0 | I19: 0 | J19: 0 | K19: 0 | L19: 0 | M19: 0 | N19: 0 | O19: 0 | P19: 0 | Q19: 0 | R19: 0 | S19: 0 | T19: 0 | U19: 0 | V19: 0 | W19: 0 | X19: 0 | Y19: 0
A20: 230 | B20: Expected Annual Generation (MWh) | D20: OSS & PP | F20: 0 | G20: 0 | H20: 0 | I20: 0 | J20: 0 | K20: 0 | L20: 0 | M20: 0 | N20: 0 | O20: 0 | P20: 0 | Q20: 0 | R20: 0 | S20: 0 | T20: 0 | U20: 0 | V20: 0 | W20: 0 | X20: 0 | Y20: 0
A21: 240 | B21: Nuclear Production Plant
A22: 250 | B22: Nuclear Production | C22: 320-325 | F22: 0 | G22: 0 | H22: 0 | I22: 0 | J22: 0 | K22: 0 | L22: 0 | M22: 0 | N22: 0 | O22: 0 | P22: 0 | Q22: 0 | R22: 0 | S22: 0 | T22: 0 | U22: 0 | V22: 0 | W22: 0 | X22: 0 | Y22: 0
A23: 260 | B23: Nuclear Fuel (Stock) | C23: 120.1-120.6 | D23: OK | F23: 0 | G23: 0 | H23: 0 | I23: 0 | J23: 0 | K23: 0 | L23: 0 | M23: 0 | N23: 0 | O23: 0 | P23: 0 | Q23: 0 | R23: 0 | S23: 0 | T23: 0 | U23: 0 | V23: 0 | W23: 0 | X23: 0 | Y23: 0
A24: 270 | B24: Plant Materials and Operating Supplies | C24: 154 | F24: 0 | G24: 0 | H24: 0 | I24: 0 | J24: 0 | K24: 0 | L24: 0 | M24: 0 | N24: 0 | O24: 0 | P24: 0 | Q24: 0 | R24: 0 | S24: 0 | T24: 0 | U24: 0 | V24: 0 | W24: 0 | X24: 0 | Y24: 0
A25: 280 | B25: Nuclear Expense
A26: 290 | B26: Nuclear - Fuel (Expense) | C26: 518 | F26: 0 | G26: 0 | H26: 0 | I26: 0 | J26: 0 | K26: 0 | L26: 0 | M26: 0 | N26: 0 | O26: 0 | P26: 0 | Q26: 0 | R26: 0 | S26: 0 | T26: 0 | U26: 0 | V26: 0 | W26: 0 | X26: 0 | Y26: 0
A27: 300 | B27: Nuclear - Operation ( Excluding 518 - Fuel) | C27: 517-525 | F27: 0 | G27: 0 | H27: 0 | I27: 0 | J27: 0 | K27: 0 | L27: 0 | M27: 0 | N27: 0 | O27: 0 | P27: 0 | Q27: 0 | R27: 0 | S27: 0 | T27: 0 | U27: 0 | V27: 0 | W27: 0 | X27: 0 | Y27: 0
A28: 310 | B28: Nuclear - Maintenance | C28: 528-532 | F28: 0 | G28: 0 | H28: 0 | I28: 0 | J28: 0 | K28: 0 | L28: 0 | M28: 0 | N28: 0 | O28: 0 | P28: 0 | Q28: 0 | R28: 0 | S28: 0 | T28: 0 | U28: 0 | V28: 0 | W28: 0 | X28: 0 | Y28: 0
A29: 320 | B29: Property Insurance | C29: 924 | F29: 0 | G29: 0 | H29: 0 | I29: 0 | J29: 0 | K29: 0 | L29: 0 | M29: 0 | N29: 0 | O29: 0 | P29: 0 | Q29: 0 | R29: 0 | S29: 0 | T29: 0 | U29: 0 | V29: 0 | W29: 0 | X29: 0 | Y29: 0
A30: 330 | B30: Depreciation | C30: 403 | D30: OK | F30: 0 | G30: 0 | H30: 0 | I30: 0 | J30: 0 | K30: 0 | L30: 0 | M30: 0 | N30: 0 | O30: 0 | P30: 0 | Q30: 0 | R30: 0 | S30: 0 | T30: 0 | U30: 0 | V30: 0 | W30: 0 | X30: 0 | Y30: 0
A31: 340 | B31: Firm Sales for Resale ($) | C31: 447 | D31: OSS & PP | F31: 0 | G31: 0 | H31: 0 | I31: 0 | J31: 0 | K31: 0 | L31: 0 | M31: 0 | N31: 0 | O31: 0 | P31: 0 | Q31: 0 | R31: 0 | S31: 0 | T31: 0 | U31: 0 | V31: 0 | W31: 0 | X31: 0 | Y31: 0
A32: 350 | B32: Firm Sales for Resale (MWh) | D32: OSS & PP | F32: 0 | G32: 0 | H32: 0 | I32: 0 | J32: 0 | K32: 0 | L32: 0 | M32: 0 | N32: 0 | O32: 0 | P32: 0 | Q32: 0 | R32: 0 | S32: 0 | T32: 0 | U32: 0 | V32: 0 | W32: 0 | X32: 0 | Y32: 0
A33: 360 | B33: Expected Annual Generation (MWh) | D33: OSS & PP | F33: 0 | G33: 0 | H33: 0 | I33: 0 | J33: 0 | K33: 0 | L33: 0 | M33: 0 | N33: 0 | O33: 0 | P33: 0 | Q33: 0 | R33: 0 | S33: 0 | T33: 0 | U33: 0 | V33: 0 | W33: 0 | X33: 0 | Y33: 0
A34: 370 | B34: Hydraulic Production Plant
A35: 380 | B35: Hydraulic Production | C35: 330-336 | F35: 0 | G35: 0 | H35: 0 | I35: 0 | J35: 0 | K35: 0 | L35: 0 | M35: 0 | N35: 0 | O35: 0 | P35: 0 | Q35: 0 | R35: 0 | S35: 0 | T35: 0 | U35: 0 | V35: 0 | W35: 0 | X35: 0 | Y35: 0
A36: 390 | B36: Plant Materials and Operating Supplies | C36: 154 | F36: 0 | G36: 0 | H36: 0 | I36: 0 | J36: 0 | K36: 0 | L36: 0 | M36: 0 | N36: 0 | O36: 0 | P36: 0 | Q36: 0 | R36: 0 | S36: 0 | T36: 0 | U36: 0 | V36: 0 | W36: 0 | X36: 0 | Y36: 0
A37: 400 | B37: Hydraulic Expense
A38: 410 | B38: Hydraulic - Operation | C38: 535-540 | F38: 0 | G38: 0 | H38: 0 | I38: 0 | J38: 0 | K38: 0 | L38: 0 | M38: 0 | N38: 0 | O38: 0 | P38: 0 | Q38: 0 | R38: 0 | S38: 0 | T38: 0 | U38: 0 | V38: 0 | W38: 0 | X38: 0 | Y38: 0
A39: 420 | B39: Hydraulic - Maintenance | C39: 541-545 | F39: 0 | G39: 0 | H39: 0 | I39: 0 | J39: 0 | K39: 0 | L39: 0 | M39: 0 | N39: 0 | O39: 0 | P39: 0 | Q39: 0 | R39: 0 | S39: 0 | T39: 0 | U39: 0 | V39: 0 | W39: 0 | X39: 0 | Y39: 0
A40: 430 | B40: Property Insurance | C40: 924 | F40: 0 | G40: 0 | H40: 0 | I40: 0 | J40: 0 | K40: 0 | L40: 0 | M40: 0 | N40: 0 | O40: 0 | P40: 0 | Q40: 0 | R40: 0 | S40: 0 | T40: 0 | U40: 0 | V40: 0 | W40: 0 | X40: 0 | Y40: 0
A41: 520 | B41: Firm Sales for Resale ($) | C41: 447 | D41: OSS & PP | F41: 0 | G41: 0 | H41: 0 | I41: 0 | J41: 0 | K41: 0 | L41: 0 | M41: 0 | N41: 0 | O41: 0 | P41: 0 | Q41: 0 | R41: 0 | S41: 0 | T41: 0 | U41: 0 | V41: 0 | W41: 0 | X41: 0 | Y41: 0
A42: 530 | B42: Firm Sales for Resale (MWh) | D42: OSS & PP | F42: 0 | G42: 0 | H42: 0 | I42: 0 | J42: 0 | K42: 0 | L42: 0 | M42: 0 | N42: 0 | O42: 0 | P42: 0 | Q42: 0 | R42: 0 | S42: 0 | T42: 0 | U42: 0 | V42: 0 | W42: 0 | X42: 0 | Y42: 0
A43: 540 | B43: Expected Annual Generation (MWh) | D43: OSS & PP | F43: 0 | G43: 0 | H43: 0 | I43: 0 | J43: 0 | K43: 0 | L43: 0 | M43: 0 | N43: 0 | O43: 0 | P43: 0 | Q43: 0 | R43: 0 | S43: 0 | T43: 0 | U43: 0 | V43: 0 | W43: 0 | X43: 0 | Y43: 0
A44: 440 | B44: Depreciation
A45: 450 | B45: Hydraulic Production Plant - Conventional | C45: 403 | F45: 0 | G45: 0 | H45: 0 | I45: 0 | J45: 0 | K45: 0 | L45: 0 | M45: 0 | N45: 0 | O45: 0 | P45: 0 | Q45: 0 | R45: 0 | S45: 0 | T45: 0 | U45: 0 | V45: 0 | W45: 0 | X45: 0 | Y45: 0
A46: 460 | B46: Hydraulic Production Plant - Pumped Storage | C46: 403 | F46: 0 | G46: 0 | H46: 0 | I46: 0 | J46: 0 | K46: 0 | L46: 0 | M46: 0 | N46: 0 | O46: 0 | P46: 0 | Q46: 0 | R46: 0 | S46: 0 | T46: 0 | U46: 0 | V46: 0 | W46: 0 | X46: 0 | Y46: 0
A47: 470 | B47: Other Production Plant
A48: 480 | B48: Other Production | C48: 340-346 | F48: 0 | G48: 0 | H48: 0 | I48: 0 | J48: 0 | K48: 0 | L48: 0 | M48: 0 | N48: 0 | O48: 0 | P48: 0 | Q48: 0 | R48: 0 | S48: 0 | T48: 0 | U48: 0 | V48: 0 | W48: 0 | X48: 0 | Y48: 0
A49: 490 | B49: Fuel Stock | C49: 151 | F49: 0 | G49: 0 | H49: 0 | I49: 0 | J49: 0 | K49: 0 | L49: 0 | M49: 0 | N49: 0 | O49: 0 | P49: 0 | Q49: 0 | R49: 0 | S49: 0 | T49: 0 | U49: 0 | V49: 0 | W49: 0 | X49: 0 | Y49: 0
A50: 500 | B50: Plant Materials and Operating Supplies | C50: 154 | F50: 0 | G50: 0 | H50: 0 | I50: 0 | J50: 0 | K50: 0 | L50: 0 | M50: 0 | N50: 0 | O50: 0 | P50: 0 | Q50: 0 | R50: 0 | S50: 0 | T50: 0 | U50: 0 | V50: 0 | W50: 0 | X50: 0 | Y50: 0
A51: 510 | B51: EPA Allowances | C51: 158.1-158.2 | F51: 0 | G51: 0 | H51: 0 | I51: 0 | J51: 0 | K51: 0 | L51: 0 | M51: 0 | N51: 0 | O51: 0 | P51: 0 | Q51: 0 | R51: 0 | S51: 0 | T51: 0 | U51: 0 | V51: 0 | W51: 0 | X51: 0 | Y51: 0
A52: 550 | B52: Other Expense
A53: 560 | B53: Other Power - Fuel | C53: 547 | F53: 0 | G53: 0 | H53: 0 | I53: 0 | J53: 0 | K53: 0 | L53: 0 | M53: 0 | N53: 0 | O53: 0 | P53: 0 | Q53: 0 | R53: 0 | S53: 0 | T53: 0 | U53: 0 | V53: 0 | W53: 0 | X53: 0 | Y53: 0
A54: 570 | B54: Other Power - Operations (Excluding 547 - Fuel) | C54: 546-550 | F54: 0 | G54: 0 | H54: 0 | I54: 0 | J54: 0 | K54: 0 | L54: 0 | M54: 0 | N54: 0 | O54: 0 | P54: 0 | Q54: 0 | R54: 0 | S54: 0 | T54: 0 | U54: 0 | V54: 0 | W54: 0 | X54: 0 | Y54: 0
A55: 580 | B55: Other Power - Maintenance | C55: 551-554 | F55: 0 | G55: 0 | H55: 0 | I55: 0 | J55: 0 | K55: 0 | L55: 0 | M55: 0 | N55: 0 | O55: 0 | P55: 0 | Q55: 0 | R55: 0 | S55: 0 | T55: 0 | U55: 0 | V55: 0 | W55: 0 | X55: 0 | Y55: 0
A56: 590 | B56: Property Insurance | C56: 924 | F56: 0 | G56: 0 | H56: 0 | I56: 0 | J56: 0 | K56: 0 | L56: 0 | M56: 0 | N56: 0 | O56: 0 | P56: 0 | Q56: 0 | R56: 0 | S56: 0 | T56: 0 | U56: 0 | V56: 0 | W56: 0 | X56: 0 | Y56: 0
A57: 600 | B57: Depreciation | C57: 403 | D57: OK | F57: 0 | G57: 0 | H57: 0 | I57: 0 | J57: 0 | K57: 0 | L57: 0 | M57: 0 | N57: 0 | O57: 0 | P57: 0 | Q57: 0 | R57: 0 | S57: 0 | T57: 0 | U57: 0 | V57: 0 | W57: 0 | X57: 0 | Y57: 0
A58: 610 | B58: Firm Sales for Resale ($) | C58: 447 | D58: OSS & PP | F58: 0 | G58: 0 | H58: 0 | I58: 0 | J58: 0 | K58: 0 | L58: 0 | M58: 0 | N58: 0 | O58: 0 | P58: 0 | Q58: 0 | R58: 0 | S58: 0 | T58: 0 | U58: 0 | V58: 0 | W58: 0 | X58: 0 | Y58: 0
A59: 620 | B59: Firm Sales for Resale (MWh) | D59: OSS & PP | F59: 0 | G59: 0 | H59: 0 | I59: 0 | J59: 0 | K59: 0 | L59: 0 | M59: 0 | N59: 0 | O59: 0 | P59: 0 | Q59: 0 | R59: 0 | S59: 0 | T59: 0 | U59: 0 | V59: 0 | W59: 0 | X59: 0 | Y59: 0
A60: 630 | B60: Expected Annual Generation (MWh) | D60: OSS & PP | F60: 0 | G60: 0 | H60: 0 | I60: 0 | J60: 0 | K60: 0 | L60: 0 | M60: 0 | N60: 0 | O60: 0 | P60: 0 | Q60: 0 | R60: 0 | S60: 0 | T60: 0 | U60: 0 | V60: 0 | W60: 0 | X60: 0 | Y60: 0
A61: 640 | B61: Property Taxes Production
A62: 650 | B62: Total Production Property | C62: 262 | F62: 0 | G62: 0 | H62: 0 | I62: 0 | J62: 0 | K62: 0 | L62: 0 | M62: 0 | N62: 0 | O62: 0 | P62: 0 | Q62: 0 | R62: 0 | S62: 0 | T62: 0 | U62: 0 | V62: 0 | W62: 0 | X62: 0 | Y62: 0
A63: 660
A64: 670
A65: 680
A66: 690
A67: 700
A68: 710
A69: 720
A70: 730
A71: 740
A72: 750
A73: 760
A74: 770 | F74: 0 | G74: 0 | H74: 0 | I74: 0 | J74: 0 | K74: 0 | L74: 0 | M74: 0 | N74: 0 | P74: 0 | Q74: 0 | R74: 0 | S74: 0 | T74: 0 | U74: 0 | V74: 0 | W74: 0 | X74: 0 | Y74: 0
A75: 780 | B75: Purchased Power Contracts (Market)
A76: 781 | B76: Contract Termination ($) | D76: OSS & PP | F76: 0 | G76: 0 | H76: 0 | I76: 0 | J76: 0 | K76: 0 | L76: 0 | M76: 0 | N76: 0 | O76: 0 | P76: 0 | Q76: 0 | R76: 0 | S76: 0 | T76: 0 | U76: 0 | V76: 0 | W76: 0 | X76: 0 | Y76: 0
A77: 782 | B77: Contract Termination (MWh) | F77: 0 | G77: 0 | H77: 0 | I77: 0 | J77: 0 | K77: 0 | L77: 0 | M77: 0 | N77: 0 | O77: 0 | P77: 0 | Q77: 0 | R77: 0 | S77: 0 | T77: 0 | U77: 0 | V77: 0 | W77: 0 | X77: 0 | Y77: 0
A78: 790 | B78: Purchased Power (Excluding REP Reversal) | C78: 555 | D78: OSS & PP | F78: 0 | G78: 0 | H78: 0 | I78: 0 | J78: 0 | K78: 0 | L78: 0 | M78: 0 | N78: 0 | O78: 0 | P78: 0 | Q78: 0 | R78: 0 | S78: 0 | T78: 0 | U78: 0 | V78: 0 | W78: 0 | X78: 0 | Y78: 0
A79: 800 | B79: Purchased Power (MWh) | D79: OSS & PP | F79: 0 | G79: 0 | H79: 0 | I79: 0 | J79: 0 | K79: 0 | L79: 0 | M79: 0 | N79: 0 | O79: 0 | P79: 0 | Q79: 0 | R79: 0 | S79: 0 | T79: 0 | U79: 0 | V79: 0 | W79: 0 | X79: 0 | Y79: 0
A80: 810 | B80: System Control and Load Dispatching | C80: 556 | F80: 0 | G80: 0 | H80: 0 | I80: 0 | J80: 0 | K80: 0 | L80: 0 | M80: 0 | N80: 0 | O80: 0 | P80: 0 | Q80: 0 | R80: 0 | S80: 0 | T80: 0 | U80: 0 | V80: 0 | W80: 0 | X80: 0 | Y80: 0
A81: 820 | B81: Other Expenses | C81: 557 | F81: 0 | G81: 0 | H81: 0 | I81: 0 | J81: 0 | K81: 0 | L81: 0 | M81: 0 | N81: 0 | O81: 0 | P81: 0 | Q81: 0 | R81: 0 | S81: 0 | T81: 0 | U81: 0 | V81: 0 | W81: 0 | X81: 0 | Y81: 0
A82: 830 | B82: Transmission Plant
A83: 840 | B83: Transmission Plant | C83: 350-359 | F83: 0 | G83: 0 | H83: 0 | I83: 0 | J83: 0 | K83: 0 | L83: 0 | M83: 0 | N83: 0 | O83: 0 | P83: 0 | Q83: 0 | R83: 0 | S83: 0 | T83: 0 | U83: 0 | V83: 0 | W83: 0 | X83: 0 | Y83: 0
A84: 850 | B84: Plant Materials and Operating Supplies | F84: 0 | G84: 0 | H84: 0 | I84: 0 | J84: 0 | K84: 0 | L84: 0 | M84: 0 | N84: 0 | O84: 0 | P84: 0 | Q84: 0 | R84: 0 | S84: 0 | T84: 0 | U84: 0 | V84: 0 | W84: 0 | X84: 0 | Y84: 0
A85: 860 | B85: Transmission Expenses
A86: 870 | B86: Transmission of Electricity to Others (Wheeling) | C86: 565 | F86: 0 | G86: 0 | H86: 0 | I86: 0 | J86: 0 | K86: 0 | L86: 0 | M86: 0 | N86: 0 | O86: 0 | P86: 0 | Q86: 0 | R86: 0 | S86: 0 | T86: 0 | U86: 0 | V86: 0 | W86: 0 | X86: 0 | Y86: 0
A87: 880 | B87: Total Operations less Wheeling | C87: 560-567 | F87: 0 | G87: 0 | H87: 0 | I87: 0 | J87: 0 | K87: 0 | L87: 0 | M87: 0 | N87: 0 | O87: 0 | P87: 0 | Q87: 0 | R87: 0 | S87: 0 | T87: 0 | U87: 0 | V87: 0 | W87: 0 | X87: 0 | Y87: 0
A88: 890 | B88: Total Maintenance | C88: 568-573 | F88: 0 | G88: 0 | H88: 0 | I88: 0 | J88: 0 | K88: 0 | L88: 0 | M88: 0 | N88: 0 | O88: 0 | P88: 0 | Q88: 0 | R88: 0 | S88: 0 | T88: 0 | U88: 0 | V88: 0 | W88: 0 | X88: 0 | Y88: 0
A89: 900 | B89: Property Insurance | C89: 924 | F89: 0 | G89: 0 | H89: 0 | I89: 0 | J89: 0 | K89: 0 | L89: 0 | M89: 0 | N89: 0 | O89: 0 | P89: 0 | Q89: 0 | R89: 0 | S89: 0 | T89: 0 | U89: 0 | V89: 0 | W89: 0 | X89: 0 | Y89: 0
A90: 910 | B90: Depreciation | C90: 403 | F90: 0 | G90: 0 | H90: 0 | I90: 0 | J90: 0 | K90: 0 | L90: 0 | M90: 0 | N90: 0 | O90: 0 | P90: 0 | Q90: 0 | R90: 0 | S90: 0 | T90: 0 | U90: 0 | V90: 0 | W90: 0 | X90: 0 | Y90: 0
A91: 920 | B91: Other Electric Revenues | C91: 456 | F91: 0 | G91: 0 | H91: 0 | I91: 0 | J91: 0 | K91: 0 | L91: 0 | M91: 0 | N91: 0 | O91: 0 | P91: 0 | Q91: 0 | R91: 0 | S91: 0 | T91: 0 | U91: 0 | V91: 0 | W91: 0 | X91: 0 | Y91: 0
A92: 930 | B92: Revenues from Transmission of Electricity of Others (i) | C92: 456.1 | F92: 0 | G92: 0 | H92: 0 | I92: 0 | J92: 0 | K92: 0 | L92: 0 | M92: 0 | N92: 0 | O92: 0 | P92: 0 | Q92: 0 | R92: 0 | S92: 0 | T92: 0 | U92: 0 | V92: 0 | W92: 0 | X92: 0 | Y92: 0
A93: 940 | B93: Property Taxes Transmission
A94: 950 | B94: Total Transmission Property | C94: 262 | F94: 0 | G94: 0 | H94: 0 | I94: 0 | J94: 0 | K94: 0 | L94: 0 | M94: 0 | N94: 0 | O94: 0 | P94: 0 | Q94: 0 | R94: 0 | S94: 0 | T94: 0 | U94: 0 | V94: 0 | W94: 0 | X94: 0 | Y94: 0
A95: 960
A96: 970
A97: 980
A98: 990
A99: 1000
A100: 1010
...

Sheet New Resources - Group
B1: ='Sch 1- Rate Base '!E5 -> 0 | AG1: 2008 | AH1: 1
A2: TOC | B2: Rate Period Mid-Point From ASC Tab | E2: Online Year | F2: =IF(F4>0,YEAR(F4),"") | G2: =IF(G4>0,YEAR(G4),"") | H2: =IF(H4>0,YEAR(H4),"") | I2: =IF(I4>0,YEAR(I4),"") | J2: =IF(J4>0,YEAR(J4),"") | K2: =IF(K4>0,YEAR(K4),"") | L2: =IF(L4>0,YEAR(L4),"") | M2: =IF(M4>0,YEAR(M4),"") | ... Y2: =IF(Y4>0,YEAR(Y4),"") | AG2: 2009 | AH2: 2
A3: é | B3: ='New Resources - Individual'!B3 -> 0 | E3: Online Month | F3: =IF(F4>0,MONTH(F4),"") | G3: =IF(G4>0,MONTH(G4),"") | H3: =IF(H4>0,MONTH(H4),"") | I3: =IF(I4>0,MONTH(I4),"") | J3: =IF(J4>0,MONTH(J4),"") | K3: =IF(K4>0,MONTH(K4),"") | L3: =IF(L4>0,MONTH(L4),"") | M3: =IF(M4>0,MONTH(M4),"") | ... Y3: =IF(Y4>0,MONTH(Y4),"") | AG3: 2010 | AH3: 3
E4: =B3 -> 0 | F4: {=MAX(IF(('New Resources - Individual'!$F$6:$Y$6=F$6),'New Resources - Individual'!$F$4:$Y$4))} -> 0 | G4: {=MAX(IF(('New Resources - Individual'!$F$6:$Y$6=G$6),'New Resources - Individual'!$F$4:$Y$4))} -> 0 | H4: {=MAX(IF(('New Resources - Individual'!$F$6:$Y$6=H$6),'New Resources - Individual'!$F$4:$Y$4))} -> 0 | I4: {=MAX(IF(('New Resources - Individual'!$F$6:$Y$6=I$6),'New Resources - Individual'!$F$4:$Y$4))} -> 0 | J4: {=MAX(IF(('New Resources - Individual'!$F$6:$Y$6=J$6),'New Resources - Individual'!$F$4:$Y$4))} -> 0 | K4: {=MAX(IF(('New Resources - Individual'!$F$6:$Y$6=K$6),'New Resources - Individual'!$F$4:$Y$4))} -> 0 | L4: {=MAX(IF(('New Resources - Individual'!$F$6:$Y$6=L$6),'New Resources - Individual'!$F$4:$Y$4))} -> 0 | M4: {=MAX(IF(('New Resources - Individual'!$F$6:$Y$6=M$6),'New Resources - Individual'!$F$4:$Y$4))} -> 0 | ... Y4: {=MAX(IF(('New Resources - Individual'!$F$6:$Y$6=Y$6),'New Resources - Individual'!$F$4:$Y$4))} -> 0 | AG4: 2011 | AH4: 4
A5: 1 | B5: 2 | C5: 3 | D5: 4 | E5: 5 | F5: 6 | G5: 7 | H5: 8 | I5: 9 | J5: 10 | K5: 11 | L5: 12 | M5: 13 | N5: 14 | O5: 15 | P5: 16 | Q5: 17 | R5: 18 | S5: 19 | T5: 20 | U5: 21 | V5: 22 | W5: 23 | X5: 24 | Y5: 25 | Z5: 5 | AA5: 5 | AB5: 5 | AC5: 5 | AD5: 5 | AG5: 2012 | AH5: 5
A6: é | B6: New Resource Group | D6: New Resource Switch (Input in ASCs Tab, 1=On, 0=Off) | F6: 1 | G6: 2 | H6: 3 | I6: 4 | J6: 5 | K6: 6 | L6: 7 | M6: 8 | N6: 9 | O6: 10 | P6: 11 | Q6: 12 | R6: 13 | S6: 14 | T6: 15 | U6: 16 | V6: 17 | W6: 18 | X6: 19 | Y6: 20 | AG6: 2013 | AH6: 6
A7: 100 | B7: Steam Production Plant | C7: Accnt # | AH7: 7
A8: 110 | B8: Steam Production | C8: 310-316 | F8: =SUMIF('New Resources - Individual'!$F$6:$Y$6,F$6,'New Resources - Individual'!$F8:$Y8) -> 0 | G8: =SUMIF('New Resources - Individual'!$F$6:$Y$6,G$6,'New Resources - Individual'!$F8:$Y8) -> 0 | H8: =SUMIF('New Resources - Individual'!$F$6:$Y$6,H$6,'New Resources - Individual'!$F8:$Y8) -> 0 | I8: =SUMIF('New Resources - Individual'!$F$6:$Y$6,I$6,'New Resources - Individual'!$F8:$Y8) -> 0 | J8: =SUMIF('New Resources - Individual'!$F$6:$Y$6,J$6,'New Resources - Individual'!$F8:$Y8) -> 0 | K8: =SUMIF('New Resources - Individual'!$F$6:$Y$6,K$6,'New Resources - Individual'!$F8:$Y8) -> 0 | L8: =SUMIF('New Resources - Individual'!$F$6:$Y$6,L$6,'New Resources - Individual'!$F8:$Y8) -> 0 | M8: =SUMIF('New Resources - Individual'!$F$6:$Y$6,M$6,'New Resources - Individual'!$F8:$Y8) -> 0 | ... Y8: =SUMIF('New Resources - Individual'!$F$6:$Y$6,Y$6,'New Resources - Individual'!$F8:$Y8) -> 0 | AH8: 8
A9: 120 | B9: Fuel (Stock) | C9: 151 | F9: =SUMIF('New Resources - Individual'!$F$6:$Y$6,F$6,'New Resources - Individual'!$F9:$Y9) -> 0 | G9: =('New Resources - Individual'!G9)-(SUMIF('New Resources - Individual'!$F$6:$Y$6,G$6,'New Resources - Individual'!$F9:$Y9)) -> 0 | H9: =0-(SUMIF('New Resources - Individual'!$F$6:$Y$6,H$6,'New Resources - Individual'!$F9:$Y9)) -> 0 | I9: =0-(SUMIF('New Resources - Individual'!$F$6:$Y$6,I$6,'New Resources - Individual'!$F9:$Y9)) -> 0 | J9: =0-(SUMIF('New Resources - Individual'!$F$6:$Y$6,J$6,'New Resources - Individual'!$F9:$Y9)) -> 0 | K9: =0-(SUMIF('New Resources - Individual'!$F$6:$Y$6,K$6,'New Resources - Individual'!$F9:$Y9)) -> 0 | L9: =0-(SUMIF('New Resources - Individual'!$F$6:$Y$6,L$6,'New Resources - Individual'!$F9:$Y9)) -> 0 | M9: =0-(SUMIF('New Resources - Individual'!$F$6:$Y$6,M$6,'New Resources - Individual'!$F9:$Y9)) -> 0 | N9: =0-(SUMIF('New Resources - Individual'!$F$6:$Y$6,N$6,'New Resources - Individual'!$F9:$Y9)) -> 0 | O9: =0-(SUMIF('New Resources - Individual'!$F$6:$Y$6,O$6,'New Resources - Individual'!$F9:$Y9)) -> 0 | ... Y9: =0-(SUMIF('New Resources - Individual'!$F$6:$Y$6,Y$6,'New Resources - Individual'!$F9:$Y9)) -> 0 | AH9: 9
A10: 130 | B10: Plant Materials and Operating Supplies | C10: 154 | F10: =SUMIF('New Resources - Individual'!$F$6:$Y$6,F$6,'New Resources - Individual'!$F10:$Y10) -> 0 | G10: =SUMIF('New Resources - Individual'!$F$6:$Y$6,G$6,'New Resources - Individual'!$F10:$Y10) -> 0 | H10: =SUMIF('New Resources - Individual'!$F$6:$Y$6,H$6,'New Resources - Individual'!$F10:$Y10) -> 0 | I10: =SUMIF('New Resources - Individual'!$F$6:$Y$6,I$6,'New Resources - Individual'!$F10:$Y10) -> 0 | J10: =SUMIF('New Resources - Individual'!$F$6:$Y$6,J$6,'New Resources - Individual'!$F10:$Y10) -> 0 | K10: =SUMIF('New Resources - Individual'!$F$6:$Y$6,K$6,'New Resources - Individual'!$F10:$Y10) -> 0 | L10: =SUMIF('New Resources - Individual'!$F$6:$Y$6,L$6,'New Resources - Individual'!$F10:$Y10) -> 0 | M10: =SUMIF('New Resources - Individual'!$F$6:$Y$6,M$6,'New Resources - Individual'!$F10:$Y10) -> 0 | ... Y10: =SUMIF('New Resources - Individual'!$F$6:$Y$6,Y$6,'New Resources - Individual'!$F10:$Y10) -> 0 | AH10: 10
A11: 140 | B11: EPA Allowances | C11: 158.1-158.2 | F11: =SUMIF('New Resources - Individual'!$F$6:$Y$6,F$6,'New Resources - Individual'!$F11:$Y11) -> 0 | G11: =SUMIF('New Resources - Individual'!$F$6:$Y$6,G$6,'New Resources - Individual'!$F11:$Y11) -> 0 | H11: =SUMIF('New Resources - Individual'!$F$6:$Y$6,H$6,'New Resources - Individual'!$F11:$Y11) -> 0 | I11: =SUMIF('New Resources - Individual'!$F$6:$Y$6,I$6,'New Resources - Individual'!$F11:$Y11) -> 0 | J11: =SUMIF('New Resources - Individual'!$F$6:$Y$6,J$6,'New Resources - Individual'!$F11:$Y11) -> 0 | K11: =SUMIF('New Resources - Individual'!$F$6:$Y$6,K$6,'New Resources - Individual'!$F11:$Y11) -> 0 | L11: =SUMIF('New Resources - Individual'!$F$6:$Y$6,L$6,'New Resources - Individual'!$F11:$Y11) -> 0 | M11: =SUMIF('New Resources - Individual'!$F$6:$Y$6,M$6,'New Resources - Individual'!$F11:$Y11) -> 0 | ... Y11: =SUMIF('New Resources - Individual'!$F$6:$Y$6,Y$6,'New Resources - Individual'!$F11:$Y11) -> 0 | AH11: 11
A12: 150 | B12: Steam Expense | AH12: 12
A13: 160 | B13: Steam Power - Fuel | C13: 501 | F13: =SUMIF('New Resources - Individual'!$F$6:$Y$6,F$6,'New Resources - Individual'!$F13:$Y13) -> 0 | G13: =SUMIF('New Resources - Individual'!$F$6:$Y$6,G$6,'New Resources - Individual'!$F13:$Y13) -> 0 | H13: =SUMIF('New Resources - Individual'!$F$6:$Y$6,H$6,'New Resources - Individual'!$F13:$Y13) -> 0 | I13: =SUMIF('New Resources - Individual'!$F$6:$Y$6,I$6,'New Resources - Individual'!$F13:$Y13) -> 0 | J13: =SUMIF('New Resources - Individual'!$F$6:$Y$6,J$6,'New Resources - Individual'!$F13:$Y13) -> 0 | K13: =SUMIF('New Resources - Individual'!$F$6:$Y$6,K$6,'New Resources - Individual'!$F13:$Y13) -> 0 | L13: =SUMIF('New Resources - Individual'!$F$6:$Y$6,L$6,'New Resources - Individual'!$F13:$Y13) -> 0 | M13: =SUMIF('New Resources - Individual'!$F$6:$Y$6,M$6,'New Resources - Individual'!$F13:$Y13) -> 0 | ... Y13: =SUMIF('New Resources - Individual'!$F$6:$Y$6,Y$6,'New Resources - Individual'!$F13:$Y13) -> 0
A14: 170 | B14: Steam Power - Op (Excluding 501 - Fuel) | C14: 500-509 | F14: =SUMIF('New Resources - Individual'!$F$6:$Y$6,F$6,'New Resources - Individual'!$F14:$Y14) -> 0 | G14: =SUMIF('New Resources - Individual'!$F$6:$Y$6,G$6,'New Resources - Individual'!$F14:$Y14) -> 0 | H14: =SUMIF('New Resources - Individual'!$F$6:$Y$6,H$6,'New Resources - Individual'!$F14:$Y14) -> 0 | I14: =SUMIF('New Resources - Individual'!$F$6:$Y$6,I$6,'New Resources - Individual'!$F14:$Y14) -> 0 | J14: =SUMIF('New Resources - Individual'!$F$6:$Y$6,J$6,'New Resources - Individual'!$F14:$Y14) -> 0 | K14: =SUMIF('New Resources - Individual'!$F$6:$Y$6,K$6,'New Resources - Individual'!$F14:$Y14) -> 0 | L14: =SUMIF('New Resources - Individual'!$F$6:$Y$6,L$6,'New Resources - Individual'!$F14:$Y14) -> 0 | M14: =SUMIF('New Resources - Individual'!$F$6:$Y$6,M$6,'New Resources - Individual'!$F14:$Y14) -> 0 | ... Y14: =SUMIF('New Resources - Individual'!$F$6:$Y$6,Y$6,'New Resources - Individual'!$F14:$Y14) -> 0
A15: 180 | B15: Steam Power - Maintenance | C15: 510-515 | F15: =SUMIF('New Resources - Individual'!$F$6:$Y$6,F$6,'New Resources - Individual'!$F15:$Y15) -> 0 | G15: =SUMIF('New Resources - Individual'!$F$6:$Y$6,G$6,'New Resources - Individual'!$F15:$Y15) -> 0 | H15: =SUMIF('New Resources - Individual'!$F$6:$Y$6,H$6,'New Resources - Individual'!$F15:$Y15) -> 0 | I15: =SUMIF('New Resources - Individual'!$F$6:$Y$6,I$6,'New Resources - Individual'!$F15:$Y15) -> 0 | J15: =SUMIF('New Resources - Individual'!$F$6:$Y$6,J$6,'New Resources - Individual'!$F15:$Y15) -> 0 | K15: =SUMIF('New Resources - Individual'!$F$6:$Y$6,K$6,'New Resources - Individual'!$F15:$Y15) -> 0 | L15: =SUMIF('New Resources - Individual'!$F$6:$Y$6,L$6,'New Resources - Individual'!$F15:$Y15) -> 0 | M15: =SUMIF('New Resources - Individual'!$F$6:$Y$6,M$6,'New Resources - Individual'!$F15:$Y15) -> 0 | ... Y15: =SUMIF('New Resources - Individual'!$F$6:$Y$6,Y$6,'New Resources - Individual'!$F15:$Y15) -> 0
A16: 190 | B16: Property Insurance | C16: 924 | F16: =SUMIF('New Resources - Individual'!$F$6:$Y$6,F$6,'New Resources - Individual'!$F16:$Y16) -> 0 | G16: =SUMIF('New Resources - Individual'!$F$6:$Y$6,G$6,'New Resources - Individual'!$F16:$Y16) -> 0 | H16: =SUMIF('New Resources - Individual'!$F$6:$Y$6,H$6,'New Resources - Individual'!$F16:$Y16) -> 0 | I16: =SUMIF('New Resources - Individual'!$F$6:$Y$6,I$6,'New Resources - Individual'!$F16:$Y16) -> 0 | J16: =SUMIF('New Resources - Individual'!$F$6:$Y$6,J$6,'New Resources - Individual'!$F16:$Y16) -> 0 | K16: =SUMIF('New Resources - Individual'!$F$6:$Y$6,K$6,'New Resources - Individual'!$F16:$Y16) -> 0 | L16: =SUMIF('New Resources - Individual'!$F$6:$Y$6,L$6,'New Resources - Individual'!$F16:$Y16) -> 0 | M16: =SUMIF('New Resources - Individual'!$F$6:$Y$6,M$6,'New Resources - Individual'!$F16:$Y16) -> 0 | ... Y16: =SUMIF('New Resources - Individual'!$F$6:$Y$6,Y$6,'New Resources - Individual'!$F16:$Y16) -> 0
A17: 200 | B17: Depreciation | C17: 403 | D17: OK | F17: =SUMIF('New Resources - Individual'!$F$6:$Y$6,F$6,'New Resources - Individual'!$F17:$Y17) -> 0 | G17: =SUMIF('New Resources - Individual'!$F$6:$Y$6,G$6,'New Resources - Individual'!$F17:$Y17) -> 0 | H17: =SUMIF('New Resources - Individual'!$F$6:$Y$6,H$6,'New Resources - Individual'!$F17:$Y17) -> 0 | I17: =SUMIF('New Resources - Individual'!$F$6:$Y$6,I$6,'New Resources - Individual'!$F17:$Y17) -> 0 | J17: =SUMIF('New Resources - Individual'!$F$6:$Y$6,J$6,'New Resources - Individual'!$F17:$Y17) -> 0 | K17: =SUMIF('New Resources - Individual'!$F$6:$Y$6,K$6,'New Resources - Individual'!$F17:$Y17) -> 0 | L17: =SUMIF('New Resources - Individual'!$F$6:$Y$6,L$6,'New Resources - Individual'!$F17:$Y17) -> 0 | M17: =SUMIF('New Resources - Individual'!$F$6:$Y$6,M$6,'New Resources - Individual'!$F17:$Y17) -> 0 | ... Y17: =SUMIF('New Resources - Individual'!$F$6:$Y$6,Y$6,'New Resources - Individual'!$F17:$Y17) -> 0
A18: 210 | B18: Firm Sales for Resale ($) | C18: 447 | D18: OSS & PP | F18: =SUMIF('New Resources - Individual'!$F$6:$Y$6,F$6,'New Resources - Individual'!$F18:$Y18) -> 0 | G18: =SUMIF('New Resources - Individual'!$F$6:$Y$6,G$6,'New Resources - Individual'!$F18:$Y18) -> 0 | H18: =SUMIF('New Resources - Individual'!$F$6:$Y$6,H$6,'New Resources - Individual'!$F18:$Y18) -> 0 | I18: =SUMIF('New Resources - Individual'!$F$6:$Y$6,I$6,'New Resources - Individual'!$F18:$Y18) -> 0 | J18: =SUMIF('New Resources - Individual'!$F$6:$Y$6,J$6,'New Resources - Individual'!$F18:$Y18) -> 0 | K18: =SUMIF('New Resources - Individual'!$F$6:$Y$6,K$6,'New Resources - Individual'!$F18:$Y18) -> 0 | L18: =SUMIF('New Resources - Individual'!$F$6:$Y$6,L$6,'New Resources - Individual'!$F18:$Y18) -> 0 | M18: =SUMIF('New Resources - Individual'!$F$6:$Y$6,M$6,'New Resources - Individual'!$F18:$Y18) -> 0 | ... Y18: =SUMIF('New Resources - Individual'!$F$6:$Y$6,Y$6,'New Resources - Individual'!$F18:$Y18) -> 0
A19: 220 | B19: Firm Sales for Resale (MWh) | D19: OSS & PP | F19: =SUMIF('New Resources - Individual'!$F$6:$Y$6,F$6,'New Resources - Individual'!$F19:$Y19) -> 0 | G19: =SUMIF('New Resources - Individual'!$F$6:$Y$6,G$6,'New Resources - Individual'!$F19:$Y19) -> 0 | H19: =SUMIF('New Resources - Individual'!$F$6:$Y$6,H$6,'New Resources - Individual'!$F19:$Y19) -> 0 | I19: =SUMIF('New Resources - Individual'!$F$6:$Y$6,I$6,'New Resources - Individual'!$F19:$Y19) -> 0 | J19: =SUMIF('New Resources - Individual'!$F$6:$Y$6,J$6,'New Resources - Individual'!$F19:$Y19) -> 0 | K19: =SUMIF('New Resources - Individual'!$F$6:$Y$6,K$6,'New Resources - Individual'!$F19:$Y19) -> 0 | L19: =SUMIF('New Resources - Individual'!$F$6:$Y$6,L$6,'New Resources - Individual'!$F19:$Y19) -> 0 | M19: =SUMIF('New Resources - Individual'!$F$6:$Y$6,M$6,'New Resources - Individual'!$F19:$Y19) -> 0 | ... Y19: =SUMIF('New Resources - Individual'!$F$6:$Y$6,Y$6,'New Resources - Individual'!$F19:$Y19) -> 0
A20: 230 | B20: Expected Annual Generation (MWh) | D20: OSS & PP | F20: =SUMIF('New Resources - Individual'!$F$6:$Y$6,F$6,'New Resources - Individual'!$F20:$Y20) -> 0 | G20: =SUMIF('New Resources - Individual'!$F$6:$Y$6,G$6,'New Resources - Individual'!$F20:$Y20) -> 0 | H20: =SUMIF('New Resources - Individual'!$F$6:$Y$6,H$6,'New Resources - Individual'!$F20:$Y20) -> 0 | I20: =SUMIF('New Resources - Individual'!$F$6:$Y$6,I$6,'New Resources - Individual'!$F20:$Y20) -> 0 | J20: =SUMIF('New Resources - Individual'!$F$6:$Y$6,J$6,'New Resources - Individual'!$F20:$Y20) -> 0 | K20: =SUMIF('New Resources - Individual'!$F$6:$Y$6,K$6,'New Resources - Individual'!$F20:$Y20) -> 0 | L20: =SUMIF('New Resources - Individual'!$F$6:$Y$6,L$6,'New Resources - Individual'!$F20:$Y20) -> 0 | M20: =SUMIF('New Resources - Individual'!$F$6:$Y$6,M$6,'New Resources - Individual'!$F20:$Y20) -> 0 | ... Y20: =SUMIF('New Resources - Individual'!$F$6:$Y$6,Y$6,'New Resources - Individual'!$F20:$Y20) -> 0
A21: 240 | B21: Nuclear Production Plant
A22: 250 | B22: Nuclear Production | C22: 320-325 | F22: =SUMIF('New Resources - Individual'!$F$6:$Y$6,F$6,'New Resources - Individual'!$F22:$Y22) -> 0 | G22: =SUMIF('New Resources - Individual'!$F$6:$Y$6,G$6,'New Resources - Individual'!$F22:$Y22) -> 0 | H22: =SUMIF('New Resources - Individual'!$F$6:$Y$6,H$6,'New Resources - Individual'!$F22:$Y22) -> 0 | I22: =SUMIF('New Resources - Individual'!$F$6:$Y$6,I$6,'New Resources - Individual'!$F22:$Y22) -> 0 | J22: =SUMIF('New Resources - Individual'!$F$6:$Y$6,J$6,'New Resources - Individual'!$F22:$Y22) -> 0 | K22: =SUMIF('New Resources - Individual'!$F$6:$Y$6,K$6,'New Resources - Individual'!$F22:$Y22) -> 0 | L22: =SUMIF('New Resources - Individual'!$F$6:$Y$6,L$6,'New Resources - Individual'!$F22:$Y22) -> 0 | M22: =SUMIF('New Resources - Individual'!$F$6:$Y$6,M$6,'New Resources - Individual'!$F22:$Y22) -> 0 | ... Y22: =SUMIF('New Resources - Individual'!$F$6:$Y$6,Y$6,'New Resources - Individual'!$F22:$Y22) -> 0
A23: 260 | B23: Nuclear Fuel (Stock) | C23: 120.1-120.6 | D23: OK | F23: =SUMIF('New Resources - Individual'!$F$6:$Y$6,F$6,'New Resources - Individual'!$F23:$Y23) -> 0 | G23: =SUMIF('New Resources - Individual'!$F$6:$Y$6,G$6,'New Resources - Individual'!$F23:$Y23) -> 0 | H23: =SUMIF('New Resources - Individual'!$F$6:$Y$6,H$6,'New Resources - Individual'!$F23:$Y23) -> 0 | I23: =SUMIF('New Resources - Individual'!$F$6:$Y$6,I$6,'New Resources - Individual'!$F23:$Y23) -> 0 | J23: =SUMIF('New Resources - Individual'!$F$6:$Y$6,J$6,'New Resources - Individual'!$F23:$Y23) -> 0 | K23: =SUMIF('New Resources - Individual'!$F$6:$Y$6,K$6,'New Resources - Individual'!$F23:$Y23) -> 0 | L23: =SUMIF('New Resources - Individual'!$F$6:$Y$6,L$6,'New Resources - Individual'!$F23:$Y23) -> 0 | M23: =SUMIF('New Resources - Individual'!$F$6:$Y$6,M$6,'New Resources - Individual'!$F23:$Y23) -> 0 | ... Y23: =SUMIF('New Resources - Individual'!$F$6:$Y$6,Y$6,'New Resources - Individual'!$F23:$Y23) -> 0
A24: 270 | B24: Plant Materials and Operating Supplies | C24: 154 | F24: =SUMIF('New Resources - Individual'!$F$6:$Y$6,F$6,'New Resources - Individual'!$F24:$Y24) -> 0 | G24: =SUMIF('New Resources - Individual'!$F$6:$Y$6,G$6,'New Resources - Individual'!$F24:$Y24) -> 0 | H24: =SUMIF('New Resources - Individual'!$F$6:$Y$6,H$6,'New Resources - Individual'!$F24:$Y24) -> 0 | I24: =SUMIF('New Resources - Individual'!$F$6:$Y$6,I$6,'New Resources - Individual'!$F24:$Y24) -> 0 | J24: =SUMIF('New Resources - Individual'!$F$6:$Y$6,J$6,'New Resources - Individual'!$F24:$Y24) -> 0 | K24: =SUMIF('New Resources - Individual'!$F$6:$Y$6,K$6,'New Resources - Individual'!$F24:$Y24) -> 0 | L24: =SUMIF('New Resources - Individual'!$F$6:$Y$6,L$6,'New Resources - Individual'!$F24:$Y24) -> 0 | M24: =SUMIF('New Resources - Individual'!$F$6:$Y$6,M$6,'New Resources - Individual'!$F24:$Y24) -> 0 | ... Y24: =SUMIF('New Resources - Individual'!$F$6:$Y$6,Y$6,'New Resources - Individual'!$F24:$Y24) -> 0
A25: 280 | B25: Nuclear Expense
A26: 290 | B26: Nuclear - Fuel (Expense) | C26: 518 | F26: =SUMIF('New Resources - Individual'!$F$6:$Y$6,F$6,'New Resources - Individual'!$F26:$Y26) -> 0 | G26: =SUMIF('New Resources - Individual'!$F$6:$Y$6,G$6,'New Resources - Individual'!$F26:$Y26) -> 0 | H26: =SUMIF('New Resources - Individual'!$F$6:$Y$6,H$6,'New Resources - Individual'!$F26:$Y26) -> 0 | I26: =SUMIF('New Resources - Individual'!$F$6:$Y$6,I$6,'New Resources - Individual'!$F26:$Y26) -> 0 | J26: =SUMIF('New Resources - Individual'!$F$6:$Y$6,J$6,'New Resources - Individual'!$F26:$Y26) -> 0 | K26: =SUMIF('New Resources - Individual'!$F$6:$Y$6,K$6,'New Resources - Individual'!$F26:$Y26) -> 0 | L26: =SUMIF('New Resources - Individual'!$F$6:$Y$6,L$6,'New Resources - Individual'!$F26:$Y26) -> 0 | M26: =SUMIF('New Resources - Individual'!$F$6:$Y$6,M$6,'New Resources - Individual'!$F26:$Y26) -> 0 | ... Y26: =SUMIF('New Resources - Individual'!$F$6:$Y$6,Y$6,'New Resources - Individual'!$F26:$Y26) -> 0
A27: 300 | B27: Nuclear - Operation ( Excluding 518 - Fuel) | C27: 517-525 | F27: =SUMIF('New Resources - Individual'!$F$6:$Y$6,F$6,'New Resources - Individual'!$F27:$Y27) -> 0 | G27: =SUMIF('New Resources - Individual'!$F$6:$Y$6,G$6,'New Resources - Individual'!$F27:$Y27) -> 0 | H27: =SUMIF('New Resources - Individual'!$F$6:$Y$6,H$6,'New Resources - Individual'!$F27:$Y27) -> 0 | I27: =SUMIF('New Resources - Individual'!$F$6:$Y$6,I$6,'New Resources - Individual'!$F27:$Y27) -> 0 | J27: =SUMIF('New Resources - Individual'!$F$6:$Y$6,J$6,'New Resources - Individual'!$F27:$Y27) -> 0 | K27: =SUMIF('New Resources - Individual'!$F$6:$Y$6,K$6,'New Resources - Individual'!$F27:$Y27) -> 0 | L27: =SUMIF('New Resources - Individual'!$F$6:$Y$6,L$6,'New Resources - Individual'!$F27:$Y27) -> 0 | M27: =SUMIF('New Resources - Individual'!$F$6:$Y$6,M$6,'New Resources - Individual'!$F27:$Y27) -> 0 | ... Y27: =SUMIF('New Resources - Individual'!$F$6:$Y$6,Y$6,'New Resources - Individual'!$F27:$Y27) -> 0
A28: 310 | B28: Nuclear - Maintenance | C28: 528-532 | F28: =SUMIF('New Resources - Individual'!$F$6:$Y$6,F$6,'New Resources - Individual'!$F28:$Y28) -> 0 | G28: =SUMIF('New Resources - Individual'!$F$6:$Y$6,G$6,'New Resources - Individual'!$F28:$Y28) -> 0 | H28: =SUMIF('New Resources - Individual'!$F$6:$Y$6,H$6,'New Resources - Individual'!$F28:$Y28) -> 0 | I28: =SUMIF('New Resources - Individual'!$F$6:$Y$6,I$6,'New Resources - Individual'!$F28:$Y28) -> 0 | J28: =SUMIF('New Resources - Individual'!$F$6:$Y$6,J$6,'New Resources - Individual'!$F28:$Y28) -> 0 | K28: =SUMIF('New Resources - Individual'!$F$6:$Y$6,K$6,'New Resources - Individual'!$F28:$Y28) -> 0 | L28: =SUMIF('New Resources - Individual'!$F$6:$Y$6,L$6,'New Resources - Individual'!$F28:$Y28) -> 0 | M28: =SUMIF('New Resources - Individual'!$F$6:$Y$6,M$6,'New Resources - Individual'!$F28:$Y28) -> 0 | ... Y28: =SUMIF('New Resources - Individual'!$F$6:$Y$6,Y$6,'New Resources - Individual'!$F28:$Y28) -> 0
A29: 320 | B29: Property Insurance | C29: 924 | F29: =SUMIF('New Resources - Individual'!$F$6:$Y$6,F$6,'New Resources - Individual'!$F29:$Y29) -> 0 | G29: =SUMIF('New Resources - Individual'!$F$6:$Y$6,G$6,'New Resources - Individual'!$F29:$Y29) -> 0 | H29: =SUMIF('New Resources - Individual'!$F$6:$Y$6,H$6,'New Resources - Individual'!$F29:$Y29) -> 0 | I29: =SUMIF('New Resources - Individual'!$F$6:$Y$6,I$6,'New Resources - Individual'!$F29:$Y29) -> 0 | J29: =SUMIF('New Resources - Individual'!$F$6:$Y$6,J$6,'New Resources - Individual'!$F29:$Y29) -> 0 | K29: =SUMIF('New Resources - Individual'!$F$6:$Y$6,K$6,'New Resources - Individual'!$F29:$Y29) -> 0 | L29: =SUMIF('New Resources - Individual'!$F$6:$Y$6,L$6,'New Resources - Individual'!$F29:$Y29) -> 0 | M29: =SUMIF('New Resources - Individual'!$F$6:$Y$6,M$6,'New Resources - Individual'!$F29:$Y29) -> 0 | ... Y29: =SUMIF('New Resources - Individual'!$F$6:$Y$6,Y$6,'New Resources - Individual'!$F29:$Y29) -> 0
A30: 330 | B30: Depreciation | C30: 403 | D30: OK | F30: =SUMIF('New Resources - Individual'!$F$6:$Y$6,F$6,'New Resources - Individual'!$F30:$Y30) -> 0 | G30: =SUMIF('New Resources - Individual'!$F$6:$Y$6,G$6,'New Resources - Individual'!$F30:$Y30) -> 0 | H30: =SUMIF('New Resources - Individual'!$F$6:$Y$6,H$6,'New Resources - Individual'!$F30:$Y30) -> 0 | I30: =SUMIF('New Resources - Individual'!$F$6:$Y$6,I$6,'New Resources - Individual'!$F30:$Y30) -> 0 | J30: =SUMIF('New Resources - Individual'!$F$6:$Y$6,J$6,'New Resources - Individual'!$F30:$Y30) -> 0 | K30: =SUMIF('New Resources - Individual'!$F$6:$Y$6,K$6,'New Resources - Individual'!$F30:$Y30) -> 0 | L30: =SUMIF('New Resources - Individual'!$F$6:$Y$6,L$6,'New Resources - Individual'!$F30:$Y30) -> 0 | M30: =SUMIF('New Resources - Individual'!$F$6:$Y$6,M$6,'New Resources - Individual'!$F30:$Y30) -> 0 | ... Y30: =SUMIF('New Resources - Individual'!$F$6:$Y$6,Y$6,'New Resources - Individual'!$F30:$Y30) -> 0
A31: 340 | B31: Firm Sales for Resale ($) | C31: 447 | D31: OSS & PP | F31: =SUMIF('New Resources - Individual'!$F$6:$Y$6,F$6,'New Resources - Individual'!$F31:$Y31) -> 0 | G31: =SUMIF('New Resources - Individual'!$F$6:$Y$6,G$6,'New Resources - Individual'!$F31:$Y31) -> 0 | H31: =SUMIF('New Resources - Individual'!$F$6:$Y$6,H$6,'New Resources - Individual'!$F31:$Y31) -> 0 | I31: =SUMIF('New Resources - Individual'!$F$6:$Y$6,I$6,'New Resources - Individual'!$F31:$Y31) -> 0 | J31: =SUMIF('New Resources - Individual'!$F$6:$Y$6,J$6,'New Resources - Individual'!$F31:$Y31) -> 0 | K31: =SUMIF('New Resources - Individual'!$F$6:$Y$6,K$6,'New Resources - Individual'!$F31:$Y31) -> 0 | L31: =SUMIF('New Resources - Individual'!$F$6:$Y$6,L$6,'New Resources - Individual'!$F31:$Y31) -> 0 | M31: =SUMIF('New Resources - Individual'!$F$6:$Y$6,M$6,'New Resources - Individual'!$F31:$Y31) -> 0 | ... Y31: =SUMIF('New Resources - Individual'!$F$6:$Y$6,Y$6,'New Resources - Individual'!$F31:$Y31) -> 0
A32: 350 | B32: Firm Sales for Resale (MWh) | D32: OSS & PP | F32: =SUMIF('New Resources - Individual'!$F$6:$Y$6,F$6,'New Resources - Individual'!$F32:$Y32) -> 0 | G32: =SUMIF('New Resources - Individual'!$F$6:$Y$6,G$6,'New Resources - Individual'!$F32:$Y32) -> 0 | H32: =SUMIF('New Resources - Individual'!$F$6:$Y$6,H$6,'New Resources - Individual'!$F32:$Y32) -> 0 | I32: =SUMIF('New Resources - Individual'!$F$6:$Y$6,I$6,'New Resources - Individual'!$F32:$Y32) -> 0 | J32: =SUMIF('New Resources - Individual'!$F$6:$Y$6,J$6,'New Resources - Individual'!$F32:$Y32) -> 0 | K32: =SUMIF('New Resources - Individual'!$F$6:$Y$6,K$6,'New Resources - Individual'!$F32:$Y32) -> 0 | L32: =SUMIF('New Resources - Individual'!$F$6:$Y$6,L$6,'New Resources - Individual'!$F32:$Y32) -> 0 | M32: =SUMIF('New Resources - Individual'!$F$6:$Y$6,M$6,'New Resources - Individual'!$F32:$Y32) -> 0 | ... Y32: =SUMIF('New Resources - Individual'!$F$6:$Y$6,Y$6,'New Resources - Individual'!$F32:$Y32) -> 0
A33: 360 | B33: Expected Annual Generation (MWh) | D33: OSS & PP | F33: =SUMIF('New Resources - Individual'!$F$6:$Y$6,F$6,'New Resources - Individual'!$F33:$Y33) -> 0 | G33: =SUMIF('New Resources - Individual'!$F$6:$Y$6,G$6,'New Resources - Individual'!$F33:$Y33) -> 0 | H33: =SUMIF('New Resources - Individual'!$F$6:$Y$6,H$6,'New Resources - Individual'!$F33:$Y33) -> 0 | I33: =SUMIF('New Resources - Individual'!$F$6:$Y$6,I$6,'New Resources - Individual'!$F33:$Y33) -> 0 | J33: =SUMIF('New Resources - Individual'!$F$6:$Y$6,J$6,'New Resources - Individual'!$F33:$Y33) -> 0 | K33: =SUMIF('New Resources - Individual'!$F$6:$Y$6,K$6,'New Resources - Individual'!$F33:$Y33) -> 0 | L33: =SUMIF('New Resources - Individual'!$F$6:$Y$6,L$6,'New Resources - Individual'!$F33:$Y33) -> 0 | M33: =SUMIF('New Resources - Individual'!$F$6:$Y$6,M$6,'New Resources - Individual'!$F33:$Y33) -> 0 | ... Y33: =SUMIF('New Resources - Individual'!$F$6:$Y$6,Y$6,'New Resources - Individual'!$F33:$Y33) -> 0
A34: 370 | B34: Hydraulic Production Plant
A35: 380 | B35: Hydraulic Production | C35: 330-336 | F35: =SUMIF('New Resources - Individual'!$F$6:$Y$6,F$6,'New Resources - Individual'!$F35:$Y35) -> 0 | G35: =SUMIF('New Resources - Individual'!$F$6:$Y$6,G$6,'New Resources - Individual'!$F35:$Y35) -> 0 | H35: =SUMIF('New Resources - Individual'!$F$6:$Y$6,H$6,'New Resources - Individual'!$F35:$Y35) -> 0 | I35: =SUMIF('New Resources - Individual'!$F$6:$Y$6,I$6,'New Resources - Individual'!$F35:$Y35) -> 0 | J35: =SUMIF('New Resources - Individual'!$F$6:$Y$6,J$6,'New Resources - Individual'!$F35:$Y35) -> 0 | K35: =SUMIF('New Resources - Individual'!$F$6:$Y$6,K$6,'New Resources - Individual'!$F35:$Y35) -> 0 | L35: =SUMIF('New Resources - Individual'!$F$6:$Y$6,L$6,'New Resources - Individual'!$F35:$Y35) -> 0 | M35: =SUMIF('New Resources - Individual'!$F$6:$Y$6,M$6,'New Resources - Individual'!$F35:$Y35) -> 0 | ... Y35: =SUMIF('New Resources - Individual'!$F$6:$Y$6,Y$6,'New Resources - Individual'!$F35:$Y35) -> 0
A36: 390 | B36: Plant Materials and Operating Supplies | C36: 154 | F36: =SUMIF('New Resources - Individual'!$F$6:$Y$6,F$6,'New Resources - Individual'!$F36:$Y36) -> 0 | G36: =SUMIF('New Resources - Individual'!$F$6:$Y$6,G$6,'New Resources - Individual'!$F36:$Y36) -> 0 | H36: =SUMIF('New Resources - Individual'!$F$6:$Y$6,H$6,'New Resources - Individual'!$F36:$Y36) -> 0 | I36: =SUMIF('New Resources - Individual'!$F$6:$Y$6,I$6,'New Resources - Individual'!$F36:$Y36) -> 0 | J36: =SUMIF('New Resources - Individual'!$F$6:$Y$6,J$6,'New Resources - Individual'!$F36:$Y36) -> 0 | K36: =SUMIF('New Resources - Individual'!$F$6:$Y$6,K$6,'New Resources - Individual'!$F36:$Y36) -> 0 | L36: =SUMIF('New Resources - Individual'!$F$6:$Y$6,L$6,'New Resources - Individual'!$F36:$Y36) -> 0 | M36: =SUMIF('New Resources - Individual'!$F$6:$Y$6,M$6,'New Resources - Individual'!$F36:$Y36) -> 0 | ... Y36: =SUMIF('New Resources - Individual'!$F$6:$Y$6,Y$6,'New Resources - Individual'!$F36:$Y36) -> 0
A37: 400 | B37: Hydraulic Expense
A38: 410 | B38: Hydraulic - Operation | C38: 535-540 | F38: =SUMIF('New Resources - Individual'!$F$6:$Y$6,F$6,'New Resources - Individual'!$F38:$Y38) -> 0 | G38: =SUMIF('New Resources - Individual'!$F$6:$Y$6,G$6,'New Resources - Individual'!$F38:$Y38) -> 0 | H38: =SUMIF('New Resources - Individual'!$F$6:$Y$6,H$6,'New Resources - Individual'!$F38:$Y38) -> 0 | I38: =SUMIF('New Resources - Individual'!$F$6:$Y$6,I$6,'New Resources - Individual'!$F38:$Y38) -> 0 | J38: =SUMIF('New Resources - Individual'!$F$6:$Y$6,J$6,'New Resources - Individual'!$F38:$Y38) -> 0 | K38: =SUMIF('New Resources - Individual'!$F$6:$Y$6,K$6,'New Resources - Individual'!$F38:$Y38) -> 0 | L38: =SUMIF('New Resources - Individual'!$F$6:$Y$6,L$6,'New Resources - Individual'!$F38:$Y38) -> 0 | M38: =SUMIF('New Resources - Individual'!$F$6:$Y$6,M$6,'New Resources - Individual'!$F38:$Y38) -> 0 | ... Y38: =SUMIF('New Resources - Individual'!$F$6:$Y$6,Y$6,'New Resources - Individual'!$F38:$Y38) -> 0
A39: 420 | B39: Hydraulic - Maintenance | C39: 541-545 | F39: =SUMIF('New Resources - Individual'!$F$6:$Y$6,F$6,'New Resources - Individual'!$F39:$Y39) -> 0 | G39: =SUMIF('New Resources - Individual'!$F$6:$Y$6,G$6,'New Resources - Individual'!$F39:$Y39) -> 0 | H39: =SUMIF('New Resources - Individual'!$F$6:$Y$6,H$6,'New Resources - Individual'!$F39:$Y39) -> 0 | I39: =SUMIF('New Resources - Individual'!$F$6:$Y$6,I$6,'New Resources - Individual'!$F39:$Y39) -> 0 | J39: =SUMIF('New Resources - Individual'!$F$6:$Y$6,J$6,'New Resources - Individual'!$F39:$Y39) -> 0 | K39: =SUMIF('New Resources - Individual'!$F$6:$Y$6,K$6,'New Resources - Individual'!$F39:$Y39) -> 0 | L39: =SUMIF('New Resources - Individual'!$F$6:$Y$6,L$6,'New Resources - Individual'!$F39:$Y39) -> 0 | M39: =SUMIF('New Resources - Individual'!$F$6:$Y$6,M$6,'New Resources - Individual'!$F39:$Y39) -> 0 | ... Y39: =SUMIF('New Resources - Individual'!$F$6:$Y$6,Y$6,'New Resources - Individual'!$F39:$Y39) -> 0
A40: 430 | B40: Property Insurance | C40: 924 | F40: =SUMIF('New Resources - Individual'!$F$6:$Y$6,F$6,'New Resources - Individual'!$F40:$Y40) -> 0 | G40: =SUMIF('New Resources - Individual'!$F$6:$Y$6,G$6,'New Resources - Individual'!$F40:$Y40) -> 0 | H40: =SUMIF('New Resources - Individual'!$F$6:$Y$6,H$6,'New Resources - Individual'!$F40:$Y40) -> 0 | I40: =SUMIF('New Resources - Individual'!$F$6:$Y$6,I$6,'New Resources - Individual'!$F40:$Y40) -> 0 | J40: =SUMIF('New Resources - Individual'!$F$6:$Y$6,J$6,'New Resources - Individual'!$F40:$Y40) -> 0 | K40: =SUMIF('New Resources - Individual'!$F$6:$Y$6,K$6,'New Resources - Individual'!$F40:$Y40) -> 0 | L40: =SUMIF('New Resources - Individual'!$F$6:$Y$6,L$6,'New Resources - Individual'!$F40:$Y40) -> 0 | M40: =SUMIF('New Resources - Individual'!$F$6:$Y$6,M$6,'New Resources - Individual'!$F40:$Y40) -> 0 | ... Y40: =SUMIF('New Resources - Individual'!$F$6:$Y$6,Y$6,'New Resources - Individual'!$F40:$Y40) -> 0
A41: 520 | B41: Firm Sales for Resale ($) | C41: 447 | D41: OSS & PP | F41: =SUMIF('New Resources - Individual'!$F$6:$Y$6,F$6,'New Resources - Individual'!$F41:$Y41) -> 0 | G41: =SUMIF('New Resources - Individual'!$F$6:$Y$6,G$6,'New Resources - Individual'!$F41:$Y41) -> 0 | H41: =SUMIF('New Resources - Individual'!$F$6:$Y$6,H$6,'New Resources - Individual'!$F41:$Y41) -> 0 | I41: =SUMIF('New Resources - Individual'!$F$6:$Y$6,I$6,'New Resources - Individual'!$F41:$Y41) -> 0 | J41: =SUMIF('New Resources - Individual'!$F$6:$Y$6,J$6,'New Resources - Individual'!$F41:$Y41) -> 0 | K41: =SUMIF('New Resources - Individual'!$F$6:$Y$6,K$6,'New Resources - Individual'!$F41:$Y41) -> 0 | L41: =SUMIF('New Resources - Individual'!$F$6:$Y$6,L$6,'New Resources - Individual'!$F41:$Y41) -> 0 | M41: =SUMIF('New Resources - Individual'!$F$6:$Y$6,M$6,'New Resources - Individual'!$F41:$Y41) -> 0 | ... Y41: =SUMIF('New Resources - Individual'!$F$6:$Y$6,Y$6,'New Resources - Individual'!$F41:$Y41) -> 0
A42: 530 | B42: Firm Sales for Resale (MWh) | D42: OSS & PP | F42: =SUMIF('New Resources - Individual'!$F$6:$Y$6,F$6,'New Resources - Individual'!$F42:$Y42) -> 0 | G42: =SUMIF('New Resources - Individual'!$F$6:$Y$6,G$6,'New Resources - Individual'!$F42:$Y42) -> 0 | H42: =SUMIF('New Resources - Individual'!$F$6:$Y$6,H$6,'New Resources - Individual'!$F42:$Y42) -> 0 | I42: =SUMIF('New Resources - Individual'!$F$6:$Y$6,I$6,'New Resources - Individual'!$F42:$Y42) -> 0 | J42: =SUMIF('New Resources - Individual'!$F$6:$Y$6,J$6,'New Resources - Individual'!$F42:$Y42) -> 0 | K42: =SUMIF('New Resources - Individual'!$F$6:$Y$6,K$6,'New Resources - Individual'!$F42:$Y42) -> 0 | L42: =SUMIF('New Resources - Individual'!$F$6:$Y$6,L$6,'New Resources - Individual'!$F42:$Y42) -> 0 | M42: =SUMIF('New Resources - Individual'!$F$6:$Y$6,M$6,'New Resources - Individual'!$F42:$Y42) -> 0 | ... Y42: =SUMIF('New Resources - Individual'!$F$6:$Y$6,Y$6,'New Resources - Individual'!$F42:$Y42) -> 0
A43: 540 | B43: Expected Annual Generation (MWh) | D43: OSS & PP | F43: =SUMIF('New Resources - Individual'!$F$6:$Y$6,F$6,'New Resources - Individual'!$F43:$Y43) -> 0 | G43: =SUMIF('New Resources - Individual'!$F$6:$Y$6,G$6,'New Resources - Individual'!$F43:$Y43) -> 0 | H43: =SUMIF('New Resources - Individual'!$F$6:$Y$6,H$6,'New Resources - Individual'!$F43:$Y43) -> 0 | I43: =SUMIF('New Resources - Individual'!$F$6:$Y$6,I$6,'New Resources - Individual'!$F43:$Y43) -> 0 | J43: =SUMIF('New Resources - Individual'!$F$6:$Y$6,J$6,'New Resources - Individual'!$F43:$Y43) -> 0 | K43: =SUMIF('New Resources - Individual'!$F$6:$Y$6,K$6,'New Resources - Individual'!$F43:$Y43) -> 0 | L43: =SUMIF('New Resources - Individual'!$F$6:$Y$6,L$6,'New Resources - Individual'!$F43:$Y43) -> 0 | M43: =SUMIF('New Resources - Individual'!$F$6:$Y$6,M$6,'New Resources - Individual'!$F43:$Y43) -> 0 | ... Y43: =SUMIF('New Resources - Individual'!$F$6:$Y$6,Y$6,'New Resources - Individual'!$F43:$Y43) -> 0
A44: 440 | B44: Depreciation
A45: 450 | B45: Hydraulic Production Plant - Conventional | C45: 403 | F45: =SUMIF('New Resources - Individual'!$F$6:$Y$6,F$6,'New Resources - Individual'!$F45:$Y45) -> 0 | G45: =SUMIF('New Resources - Individual'!$F$6:$Y$6,G$6,'New Resources - Individual'!$F45:$Y45) -> 0 | H45: =SUMIF('New Resources - Individual'!$F$6:$Y$6,H$6,'New Resources - Individual'!$F45:$Y45) -> 0 | I45: =SUMIF('New Resources - Individual'!$F$6:$Y$6,I$6,'New Resources - Individual'!$F45:$Y45) -> 0 | J45: =SUMIF('New Resources - Individual'!$F$6:$Y$6,J$6,'New Resources - Individual'!$F45:$Y45) -> 0 | K45: =SUMIF('New Resources - Individual'!$F$6:$Y$6,K$6,'New Resources - Individual'!$F45:$Y45) -> 0 | L45: =SUMIF('New Resources - Individual'!$F$6:$Y$6,L$6,'New Resources - Individual'!$F45:$Y45) -> 0 | M45: =SUMIF('New Resources - Individual'!$F$6:$Y$6,M$6,'New Resources - Individual'!$F45:$Y45) -> 0 | ... Y45: =SUMIF('New Resources - Individual'!$F$6:$Y$6,Y$6,'New Resources - Individual'!$F45:$Y45) -> 0
A46: 460 | B46: Hydraulic Production Plant - Pumped Storage | C46: 403 | F46: =SUMIF('New Resources - Individual'!$F$6:$Y$6,F$6,'New Resources - Individual'!$F46:$Y46) -> 0 | G46: =SUMIF('New Resources - Individual'!$F$6:$Y$6,G$6,'New Resources - Individual'!$F46:$Y46) -> 0 | H46: =SUMIF('New Resources - Individual'!$F$6:$Y$6,H$6,'New Resources - Individual'!$F46:$Y46) -> 0 | I46: =SUMIF('New Resources - Individual'!$F$6:$Y$6,I$6,'New Resources - Individual'!$F46:$Y46) -> 0 | J46: =SUMIF('New Resources - Individual'!$F$6:$Y$6,J$6,'New Resources - Individual'!$F46:$Y46) -> 0 | K46: =SUMIF('New Resources - Individual'!$F$6:$Y$6,K$6,'New Resources - Individual'!$F46:$Y46) -> 0 | L46: =SUMIF('New Resources - Individual'!$F$6:$Y$6,L$6,'New Resources - Individual'!$F46:$Y46) -> 0 | M46: =SUMIF('New Resources - Individual'!$F$6:$Y$6,M$6,'New Resources - Individual'!$F46:$Y46) -> 0 | ... Y46: =SUMIF('New Resources - Individual'!$F$6:$Y$6,Y$6,'New Resources - Individual'!$F46:$Y46) -> 0
A47: 470 | B47: Other Production Plant
A48: 480 | B48: Other Production | C48: 340-346 | F48: =SUMIF('New Resources - Individual'!$F$6:$Y$6,F$6,'New Resources - Individual'!$F48:$Y48) -> 0 | G48: =SUMIF('New Resources - Individual'!$F$6:$Y$6,G$6,'New Resources - Individual'!$F48:$Y48) -> 0 | H48: =SUMIF('New Resources - Individual'!$F$6:$Y$6,H$6,'New Resources - Individual'!$F48:$Y48) -> 0 | I48: =SUMIF('New Resources - Individual'!$F$6:$Y$6,I$6,'New Resources - Individual'!$F48:$Y48) -> 0 | J48: =SUMIF('New Resources - Individual'!$F$6:$Y$6,J$6,'New Resources - Individual'!$F48:$Y48) -> 0 | K48: =SUMIF('New Resources - Individual'!$F$6:$Y$6,K$6,'New Resources - Individual'!$F48:$Y48) -> 0 | L48: =SUMIF('New Resources - Individual'!$F$6:$Y$6,L$6,'New Resources - Individual'!$F48:$Y48) -> 0 | M48: =SUMIF('New Resources - Individual'!$F$6:$Y$6,M$6,'New Resources - Individual'!$F48:$Y48) -> 0 | ... Y48: =SUMIF('New Resources - Individual'!$F$6:$Y$6,Y$6,'New Resources - Individual'!$F48:$Y48) -> 0
A49: 490 | B49: Fuel Stock | C49: 151 | F49: =SUMIF('New Resources - Individual'!$F$6:$Y$6,F$6,'New Resources - Individual'!$F49:$Y49) -> 0 | G49: =SUMIF('New Resources - Individual'!$F$6:$Y$6,G$6,'New Resources - Individual'!$F49:$Y49) -> 0 | H49: =SUMIF('New Resources - Individual'!$F$6:$Y$6,H$6,'New Resources - Individual'!$F49:$Y49) -> 0 | I49: =SUMIF('New Resources - Individual'!$F$6:$Y$6,I$6,'New Resources - Individual'!$F49:$Y49) -> 0 | J49: =SUMIF('New Resources - Individual'!$F$6:$Y$6,J$6,'New Resources - Individual'!$F49:$Y49) -> 0 | K49: =SUMIF('New Resources - Individual'!$F$6:$Y$6,K$6,'New Resources - Individual'!$F49:$Y49) -> 0 | L49: =SUMIF('New Resources - Individual'!$F$6:$Y$6,L$6,'New Resources - Individual'!$F49:$Y49) -> 0 | M49: =SUMIF('New Resources - Individual'!$F$6:$Y$6,M$6,'New Resources - Individual'!$F49:$Y49) -> 0 | ... Y49: =SUMIF('New Resources - Individual'!$F$6:$Y$6,Y$6,'New Resources - Individual'!$F49:$Y49) -> 0
A50: 500 | B50: Plant Materials and Operating Supplies | C50: 154 | F50: =SUMIF('New Resources - Individual'!$F$6:$Y$6,F$6,'New Resources - Individual'!$F50:$Y50) -> 0 | G50: =SUMIF('New Resources - Individual'!$F$6:$Y$6,G$6,'New Resources - Individual'!$F50:$Y50) -> 0 | H50: =SUMIF('New Resources - Individual'!$F$6:$Y$6,H$6,'New Resources - Individual'!$F50:$Y50) -> 0 | I50: =SUMIF('New Resources - Individual'!$F$6:$Y$6,I$6,'New Resources - Individual'!$F50:$Y50) -> 0 | J50: =SUMIF('New Resources - Individual'!$F$6:$Y$6,J$6,'New Resources - Individual'!$F50:$Y50) -> 0 | K50: =SUMIF('New Resources - Individual'!$F$6:$Y$6,K$6,'New Resources - Individual'!$F50:$Y50) -> 0 | L50: =SUMIF('New Resources - Individual'!$F$6:$Y$6,L$6,'New Resources - Individual'!$F50:$Y50) -> 0 | M50: =SUMIF('New Resources - Individual'!$F$6:$Y$6,M$6,'New Resources - Individual'!$F50:$Y50) -> 0 | ... Y50: =SUMIF('New Resources - Individual'!$F$6:$Y$6,Y$6,'New Resources - Individual'!$F50:$Y50) -> 0
A51: 510 | B51: EPA Allowances | C51: 158.1-158.2 | F51: =SUMIF('New Resources - Individual'!$F$6:$Y$6,F$6,'New Resources - Individual'!$F51:$Y51) -> 0 | G51: =SUMIF('New Resources - Individual'!$F$6:$Y$6,G$6,'New Resources - Individual'!$F51:$Y51) -> 0 | H51: =SUMIF('New Resources - Individual'!$F$6:$Y$6,H$6,'New Resources - Individual'!$F51:$Y51) -> 0 | I51: =SUMIF('New Resources - Individual'!$F$6:$Y$6,I$6,'New Resources - Individual'!$F51:$Y51) -> 0 | J51: =SUMIF('New Resources - Individual'!$F$6:$Y$6,J$6,'New Resources - Individual'!$F51:$Y51) -> 0 | K51: =SUMIF('New Resources - Individual'!$F$6:$Y$6,K$6,'New Resources - Individual'!$F51:$Y51) -> 0 | L51: =SUMIF('New Resources - Individual'!$F$6:$Y$6,L$6,'New Resources - Individual'!$F51:$Y51) -> 0 | M51: =SUMIF('New Resources - Individual'!$F$6:$Y$6,M$6,'New Resources - Individual'!$F51:$Y51) -> 0 | ... Y51: =SUMIF('New Resources - Individual'!$F$6:$Y$6,Y$6,'New Resources - Individual'!$F51:$Y51) -> 0
A52: 550 | B52: Other Expense
A53: 560 | B53: Other Power - Fuel | C53: 547 | F53: =SUMIF('New Resources - Individual'!$F$6:$Y$6,F$6,'New Resources - Individual'!$F53:$Y53) -> 0 | G53: =SUMIF('New Resources - Individual'!$F$6:$Y$6,G$6,'New Resources - Individual'!$F53:$Y53) -> 0 | H53: =SUMIF('New Resources - Individual'!$F$6:$Y$6,H$6,'New Resources - Individual'!$F53:$Y53) -> 0 | I53: =SUMIF('New Resources - Individual'!$F$6:$Y$6,I$6,'New Resources - Individual'!$F53:$Y53) -> 0 | J53: =SUMIF('New Resources - Individual'!$F$6:$Y$6,J$6,'New Resources - Individual'!$F53:$Y53) -> 0 | K53: =SUMIF('New Resources - Individual'!$F$6:$Y$6,K$6,'New Resources - Individual'!$F53:$Y53) -> 0 | L53: =SUMIF('New Resources - Individual'!$F$6:$Y$6,L$6,'New Resources - Individual'!$F53:$Y53) -> 0 | M53: =SUMIF('New Resources - Individual'!$F$6:$Y$6,M$6,'New Resources - Individual'!$F53:$Y53) -> 0 | ... Y53: =SUMIF('New Resources - Individual'!$F$6:$Y$6,Y$6,'New Resources - Individual'!$F53:$Y53) -> 0
A54: 570 | B54: Other Power - Operations (Excluding 547 - Fuel) | C54: 546-550 | F54: =SUMIF('New Resources - Individual'!$F$6:$Y$6,F$6,'New Resources - Individual'!$F54:$Y54) -> 0 | G54: =SUMIF('New Resources - Individual'!$F$6:$Y$6,G$6,'New Resources - Individual'!$F54:$Y54) -> 0 | H54: =SUMIF('New Resources - Individual'!$F$6:$Y$6,H$6,'New Resources - Individual'!$F54:$Y54) -> 0 | I54: =SUMIF('New Resources - Individual'!$F$6:$Y$6,I$6,'New Resources - Individual'!$F54:$Y54) -> 0 | J54: =SUMIF('New Resources - Individual'!$F$6:$Y$6,J$6,'New Resources - Individual'!$F54:$Y54) -> 0 | K54: =SUMIF('New Resources - Individual'!$F$6:$Y$6,K$6,'New Resources - Individual'!$F54:$Y54) -> 0 | L54: =SUMIF('New Resources - Individual'!$F$6:$Y$6,L$6,'New Resources - Individual'!$F54:$Y54) -> 0 | M54: =SUMIF('New Resources - Individual'!$F$6:$Y$6,M$6,'New Resources - Individual'!$F54:$Y54) -> 0 | ... Y54: =SUMIF('New Resources - Individual'!$F$6:$Y$6,Y$6,'New Resources - Individual'!$F54:$Y54) -> 0
A55: 580 | B55: Other Power - Maintenance | C55: 551-554 | F55: =SUMIF('New Resources - Individual'!$F$6:$Y$6,F$6,'New Resources - Individual'!$F55:$Y55) -> 0 | G55: =SUMIF('New Resources - Individual'!$F$6:$Y$6,G$6,'New Resources - Individual'!$F55:$Y55) -> 0 | H55: =SUMIF('New Resources - Individual'!$F$6:$Y$6,H$6,'New Resources - Individual'!$F55:$Y55) -> 0 | I55: =SUMIF('New Resources - Individual'!$F$6:$Y$6,I$6,'New Resources - Individual'!$F55:$Y55) -> 0 | J55: =SUMIF('New Resources - Individual'!$F$6:$Y$6,J$6,'New Resources - Individual'!$F55:$Y55) -> 0 | K55: =SUMIF('New Resources - Individual'!$F$6:$Y$6,K$6,'New Resources - Individual'!$F55:$Y55) -> 0 | L55: =SUMIF('New Resources - Individual'!$F$6:$Y$6,L$6,'New Resources - Individual'!$F55:$Y55) -> 0 | M55: =SUMIF('New Resources - Individual'!$F$6:$Y$6,M$6,'New Resources - Individual'!$F55:$Y55) -> 0 | ... Y55: =SUMIF('New Resources - Individual'!$F$6:$Y$6,Y$6,'New Resources - Individual'!$F55:$Y55) -> 0
A56: 590 | B56: Property Insurance | C56: 924 | F56: =SUMIF('New Resources - Individual'!$F$6:$Y$6,F$6,'New Resources - Individual'!$F56:$Y56) -> 0 | G56: =SUMIF('New Resources - Individual'!$F$6:$Y$6,G$6,'New Resources - Individual'!$F56:$Y56) -> 0 | H56: =SUMIF('New Resources - Individual'!$F$6:$Y$6,H$6,'New Resources - Individual'!$F56:$Y56) -> 0 | I56: =SUMIF('New Resources - Individual'!$F$6:$Y$6,I$6,'New Resources - Individual'!$F56:$Y56) -> 0 | J56: =SUMIF('New Resources - Individual'!$F$6:$Y$6,J$6,'New Resources - Individual'!$F56:$Y56) -> 0 | K56: =SUMIF('New Resources - Individual'!$F$6:$Y$6,K$6,'New Resources - Individual'!$F56:$Y56) -> 0 | L56: =SUMIF('New Resources - Individual'!$F$6:$Y$6,L$6,'New Resources - Individual'!$F56:$Y56) -> 0 | M56: =SUMIF('New Resources - Individual'!$F$6:$Y$6,M$6,'New Resources - Individual'!$F56:$Y56) -> 0 | ... Y56: =SUMIF('New Resources - Individual'!$F$6:$Y$6,Y$6,'New Resources - Individual'!$F56:$Y56) -> 0
A57: 600 | B57: Depreciation | C57: 403 | D57: OK | F57: =SUMIF('New Resources - Individual'!$F$6:$Y$6,F$6,'New Resources - Individual'!$F57:$Y57) -> 0 | G57: =SUMIF('New Resources - Individual'!$F$6:$Y$6,G$6,'New Resources - Individual'!$F57:$Y57) -> 0 | H57: =SUMIF('New Resources - Individual'!$F$6:$Y$6,H$6,'New Resources - Individual'!$F57:$Y57) -> 0 | I57: =SUMIF('New Resources - Individual'!$F$6:$Y$6,I$6,'New Resources - Individual'!$F57:$Y57) -> 0 | J57: =SUMIF('New Resources - Individual'!$F$6:$Y$6,J$6,'New Resources - Individual'!$F57:$Y57) -> 0 | K57: =SUMIF('New Resources - Individual'!$F$6:$Y$6,K$6,'New Resources - Individual'!$F57:$Y57) -> 0 | L57: =SUMIF('New Resources - Individual'!$F$6:$Y$6,L$6,'New Resources - Individual'!$F57:$Y57) -> 0 | M57: =SUMIF('New Resources - Individual'!$F$6:$Y$6,M$6,'New Resources - Individual'!$F57:$Y57) -> 0 | ... Y57: =SUMIF('New Resources - Individual'!$F$6:$Y$6,Y$6,'New Resources - Individual'!$F57:$Y57) -> 0
A58: 610 | B58: Firm Sales for Resale ($) | C58: 447 | D58: OSS & PP | F58: =SUMIF('New Resources - Individual'!$F$6:$Y$6,F$6,'New Resources - Individual'!$F58:$Y58) -> 0 | G58: =SUMIF('New Resources - Individual'!$F$6:$Y$6,G$6,'New Resources - Individual'!$F58:$Y58) -> 0 | H58: =SUMIF('New Resources - Individual'!$F$6:$Y$6,H$6,'New Resources - Individual'!$F58:$Y58) -> 0 | I58: =SUMIF('New Resources - Individual'!$F$6:$Y$6,I$6,'New Resources - Individual'!$F58:$Y58) -> 0 | J58: =SUMIF('New Resources - Individual'!$F$6:$Y$6,J$6,'New Resources - Individual'!$F58:$Y58) -> 0 | K58: =SUMIF('New Resources - Individual'!$F$6:$Y$6,K$6,'New Resources - Individual'!$F58:$Y58) -> 0 | L58: =SUMIF('New Resources - Individual'!$F$6:$Y$6,L$6,'New Resources - Individual'!$F58:$Y58) -> 0 | M58: =SUMIF('New Resources - Individual'!$F$6:$Y$6,M$6,'New Resources - Individual'!$F58:$Y58) -> 0 | ... Y58: =SUMIF('New Resources - Individual'!$F$6:$Y$6,Y$6,'New Resources - Individual'!$F58:$Y58) -> 0
A59: 620 | B59: Firm Sales for Resale (MWh) | D59: OSS & PP | F59: =SUMIF('New Resources - Individual'!$F$6:$Y$6,F$6,'New Resources - Individual'!$F59:$Y59) -> 0 | G59: =SUMIF('New Resources - Individual'!$F$6:$Y$6,G$6,'New Resources - Individual'!$F59:$Y59) -> 0 | H59: =SUMIF('New Resources - Individual'!$F$6:$Y$6,H$6,'New Resources - Individual'!$F59:$Y59) -> 0 | I59: =SUMIF('New Resources - Individual'!$F$6:$Y$6,I$6,'New Resources - Individual'!$F59:$Y59) -> 0 | J59: =SUMIF('New Resources - Individual'!$F$6:$Y$6,J$6,'New Resources - Individual'!$F59:$Y59) -> 0 | K59: =SUMIF('New Resources - Individual'!$F$6:$Y$6,K$6,'New Resources - Individual'!$F59:$Y59) -> 0 | L59: =SUMIF('New Resources - Individual'!$F$6:$Y$6,L$6,'New Resources - Individual'!$F59:$Y59) -> 0 | M59: =SUMIF('New Resources - Individual'!$F$6:$Y$6,M$6,'New Resources - Individual'!$F59:$Y59) -> 0 | ... Y59: =SUMIF('New Resources - Individual'!$F$6:$Y$6,Y$6,'New Resources - Individual'!$F59:$Y59) -> 0
A60: 630 | B60: Expected Annual Generation (MWh) | D60: OSS & PP | F60: =SUMIF('New Resources - Individual'!$F$6:$Y$6,F$6,'New Resources - Individual'!$F60:$Y60) -> 0 | G60: =SUMIF('New Resources - Individual'!$F$6:$Y$6,G$6,'New Resources - Individual'!$F60:$Y60) -> 0 | H60: =SUMIF('New Resources - Individual'!$F$6:$Y$6,H$6,'New Resources - Individual'!$F60:$Y60) -> 0 | I60: =SUMIF('New Resources - Individual'!$F$6:$Y$6,I$6,'New Resources - Individual'!$F60:$Y60) -> 0 | J60: =SUMIF('New Resources - Individual'!$F$6:$Y$6,J$6,'New Resources - Individual'!$F60:$Y60) -> 0 | K60: =SUMIF('New Resources - Individual'!$F$6:$Y$6,K$6,'New Resources - Individual'!$F60:$Y60) -> 0 | L60: =SUMIF('New Resources - Individual'!$F$6:$Y$6,L$6,'New Resources - Individual'!$F60:$Y60) -> 0 | M60: =SUMIF('New Resources - Individual'!$F$6:$Y$6,M$6,'New Resources - Individual'!$F60:$Y60) -> 0 | ... Y60: =SUMIF('New Resources - Individual'!$F$6:$Y$6,Y$6,'New Resources - Individual'!$F60:$Y60) -> 0
A61: 640 | B61: Property Taxes Production
A62: 650 | B62: Total Production Property | C62: 262 | F62: =SUMIF('New Resources - Individual'!$F$6:$Y$6,F$6,'New Resources - Individual'!$F62:$Y62) -> 0 | G62: =SUMIF('New Resources - Individual'!$F$6:$Y$6,G$6,'New Resources - Individual'!$F62:$Y62) -> 0 | H62: =SUMIF('New Resources - Individual'!$F$6:$Y$6,H$6,'New Resources - Individual'!$F62:$Y62) -> 0 | I62: =SUMIF('New Resources - Individual'!$F$6:$Y$6,I$6,'New Resources - Individual'!$F62:$Y62) -> 0 | J62: =SUMIF('New Resources - Individual'!$F$6:$Y$6,J$6,'New Resources - Individual'!$F62:$Y62) -> 0 | K62: =SUMIF('New Resources - Individual'!$F$6:$Y$6,K$6,'New Resources - Individual'!$F62:$Y62) -> 0 | L62: =SUMIF('New Resources - Individual'!$F$6:$Y$6,L$6,'New Resources - Individual'!$F62:$Y62) -> 0 | M62: =SUMIF('New Resources - Individual'!$F$6:$Y$6,M$6,'New Resources - Individual'!$F62:$Y62) -> 0 | ... Y62: =SUMIF('New Resources - Individual'!$F$6:$Y$6,Y$6,'New Resources - Individual'!$F62:$Y62) -> 0
A63: 660
A64: 670
A65: 680
A66: 690
A67: 700
A68: 710
A69: 720
A70: 730
A71: 740
A72: 750
A73: 760
A74: 770
A75: 780 | B75: Purchased Power Contracts (Market)
A76: 781 | B76: Contract Termination ($) | D76: OSS & PP | F76: =SUMIF('New Resources - Individual'!$F$6:$Y$6,F$6,'New Resources - Individual'!$F76:$Y76) -> 0 | G76: =SUMIF('New Resources - Individual'!$F$6:$Y$6,G$6,'New Resources - Individual'!$F76:$Y76) -> 0 | H76: =SUMIF('New Resources - Individual'!$F$6:$Y$6,H$6,'New Resources - Individual'!$F76:$Y76) -> 0 | I76: =SUMIF('New Resources - Individual'!$F$6:$Y$6,I$6,'New Resources - Individual'!$F76:$Y76) -> 0 | J76: =SUMIF('New Resources - Individual'!$F$6:$Y$6,J$6,'New Resources - Individual'!$F76:$Y76) -> 0 | K76: =SUMIF('New Resources - Individual'!$F$6:$Y$6,K$6,'New Resources - Individual'!$F76:$Y76) -> 0 | L76: =SUMIF('New Resources - Individual'!$F$6:$Y$6,L$6,'New Resources - Individual'!$F76:$Y76) -> 0 | M76: =SUMIF('New Resources - Individual'!$F$6:$Y$6,M$6,'New Resources - Individual'!$F76:$Y76) -> 0 | ... Y76: =SUMIF('New Resources - Individual'!$F$6:$Y$6,Y$6,'New Resources - Individual'!$F76:$Y76) -> 0
A77: 782 | B77: Contract Termination (MWh) | F77: =SUMIF('New Resources - Individual'!$F$6:$Y$6,F$6,'New Resources - Individual'!$F77:$Y77) -> 0 | G77: =SUMIF('New Resources - Individual'!$F$6:$Y$6,G$6,'New Resources - Individual'!$F77:$Y77) -> 0 | H77: =SUMIF('New Resources - Individual'!$F$6:$Y$6,H$6,'New Resources - Individual'!$F77:$Y77) -> 0 | I77: =SUMIF('New Resources - Individual'!$F$6:$Y$6,I$6,'New Resources - Individual'!$F77:$Y77) -> 0 | J77: =SUMIF('New Resources - Individual'!$F$6:$Y$6,J$6,'New Resources - Individual'!$F77:$Y77) -> 0 | K77: =SUMIF('New Resources - Individual'!$F$6:$Y$6,K$6,'New Resources - Individual'!$F77:$Y77) -> 0 | L77: =SUMIF('New Resources - Individual'!$F$6:$Y$6,L$6,'New Resources - Individual'!$F77:$Y77) -> 0 | M77: =SUMIF('New Resources - Individual'!$F$6:$Y$6,M$6,'New Resources - Individual'!$F77:$Y77) -> 0 | ... Y77: =SUMIF('New Resources - Individual'!$F$6:$Y$6,Y$6,'New Resources - Individual'!$F77:$Y77) -> 0
A78: 790 | B78: Purchased Power (Excluding REP Reversal) | C78: 555 | D78: OSS & PP | F78: =SUMIF('New Resources - Individual'!$F$6:$Y$6,F$6,'New Resources - Individual'!$F78:$Y78) -> 0 | G78: =SUMIF('New Resources - Individual'!$F$6:$Y$6,G$6,'New Resources - Individual'!$F78:$Y78) -> 0 | H78: =SUMIF('New Resources - Individual'!$F$6:$Y$6,H$6,'New Resources - Individual'!$F78:$Y78) -> 0 | I78: =SUMIF('New Resources - Individual'!$F$6:$Y$6,I$6,'New Resources - Individual'!$F78:$Y78) -> 0 | J78: =SUMIF('New Resources - Individual'!$F$6:$Y$6,J$6,'New Resources - Individual'!$F78:$Y78) -> 0 | K78: =SUMIF('New Resources - Individual'!$F$6:$Y$6,K$6,'New Resources - Individual'!$F78:$Y78) -> 0 | L78: =SUMIF('New Resources - Individual'!$F$6:$Y$6,L$6,'New Resources - Individual'!$F78:$Y78) -> 0 | M78: =SUMIF('New Resources - Individual'!$F$6:$Y$6,M$6,'New Resources - Individual'!$F78:$Y78) -> 0 | ... Y78: =SUMIF('New Resources - Individual'!$F$6:$Y$6,Y$6,'New Resources - Individual'!$F78:$Y78) -> 0
A79: 800 | B79: Purchased Power (MWh) | D79: OSS & PP | F79: =SUMIF('New Resources - Individual'!$F$6:$Y$6,F$6,'New Resources - Individual'!$F79:$Y79) -> 0 | G79: =SUMIF('New Resources - Individual'!$F$6:$Y$6,G$6,'New Resources - Individual'!$F79:$Y79) -> 0 | H79: =SUMIF('New Resources - Individual'!$F$6:$Y$6,H$6,'New Resources - Individual'!$F79:$Y79) -> 0 | I79: =SUMIF('New Resources - Individual'!$F$6:$Y$6,I$6,'New Resources - Individual'!$F79:$Y79) -> 0 | J79: =SUMIF('New Resources - Individual'!$F$6:$Y$6,J$6,'New Resources - Individual'!$F79:$Y79) -> 0 | K79: =SUMIF('New Resources - Individual'!$F$6:$Y$6,K$6,'New Resources - Individual'!$F79:$Y79) -> 0 | L79: =SUMIF('New Resources - Individual'!$F$6:$Y$6,L$6,'New Resources - Individual'!$F79:$Y79) -> 0 | M79: =SUMIF('New Resources - Individual'!$F$6:$Y$6,M$6,'New Resources - Individual'!$F79:$Y79) -> 0 | ... Y79: =SUMIF('New Resources - Individual'!$F$6:$Y$6,Y$6,'New Resources - Individual'!$F79:$Y79) -> 0
A80: 810 | B80: System Control and Load Dispatching | C80: 556 | F80: =SUMIF('New Resources - Individual'!$F$6:$Y$6,F$6,'New Resources - Individual'!$F80:$Y80) -> 0 | G80: =SUMIF('New Resources - Individual'!$F$6:$Y$6,G$6,'New Resources - Individual'!$F80:$Y80) -> 0 | H80: =SUMIF('New Resources - Individual'!$F$6:$Y$6,H$6,'New Resources - Individual'!$F80:$Y80) -> 0 | I80: =SUMIF('New Resources - Individual'!$F$6:$Y$6,I$6,'New Resources - Individual'!$F80:$Y80) -> 0 | J80: =SUMIF('New Resources - Individual'!$F$6:$Y$6,J$6,'New Resources - Individual'!$F80:$Y80) -> 0 | K80: =SUMIF('New Resources - Individual'!$F$6:$Y$6,K$6,'New Resources - Individual'!$F80:$Y80) -> 0 | L80: =SUMIF('New Resources - Individual'!$F$6:$Y$6,L$6,'New Resources - Individual'!$F80:$Y80) -> 0 | M80: =SUMIF('New Resources - Individual'!$F$6:$Y$6,M$6,'New Resources - Individual'!$F80:$Y80) -> 0 | ... Y80: =SUMIF('New Resources - Individual'!$F$6:$Y$6,Y$6,'New Resources - Individual'!$F80:$Y80) -> 0
A81: 820 | B81: Other Expenses | C81: 557 | F81: =SUMIF('New Resources - Individual'!$F$6:$Y$6,F$6,'New Resources - Individual'!$F81:$Y81) -> 0 | G81: =SUMIF('New Resources - Individual'!$F$6:$Y$6,G$6,'New Resources - Individual'!$F81:$Y81) -> 0 | H81: =SUMIF('New Resources - Individual'!$F$6:$Y$6,H$6,'New Resources - Individual'!$F81:$Y81) -> 0 | I81: =SUMIF('New Resources - Individual'!$F$6:$Y$6,I$6,'New Resources - Individual'!$F81:$Y81) -> 0 | J81: =SUMIF('New Resources - Individual'!$F$6:$Y$6,J$6,'New Resources - Individual'!$F81:$Y81) -> 0 | K81: =SUMIF('New Resources - Individual'!$F$6:$Y$6,K$6,'New Resources - Individual'!$F81:$Y81) -> 0 | L81: =SUMIF('New Resources - Individual'!$F$6:$Y$6,L$6,'New Resources - Individual'!$F81:$Y81) -> 0 | M81: =SUMIF('New Resources - Individual'!$F$6:$Y$6,M$6,'New Resources - Individual'!$F81:$Y81) -> 0 | ... Y81: =SUMIF('New Resources - Individual'!$F$6:$Y$6,Y$6,'New Resources - Individual'!$F81:$Y81) -> 0
A82: 830 | B82: Transmission Plant
A83: 840 | B83: Transmission Plant | C83: 350-359 | F83: =SUMIF('New Resources - Individual'!$F$6:$Y$6,F$6,'New Resources - Individual'!$F83:$Y83) -> 0 | G83: =SUMIF('New Resources - Individual'!$F$6:$Y$6,G$6,'New Resources - Individual'!$F83:$Y83) -> 0 | H83: =SUMIF('New Resources - Individual'!$F$6:$Y$6,H$6,'New Resources - Individual'!$F83:$Y83) -> 0 | I83: =SUMIF('New Resources - Individual'!$F$6:$Y$6,I$6,'New Resources - Individual'!$F83:$Y83) -> 0 | J83: =SUMIF('New Resources - Individual'!$F$6:$Y$6,J$6,'New Resources - Individual'!$F83:$Y83) -> 0 | K83: =SUMIF('New Resources - Individual'!$F$6:$Y$6,K$6,'New Resources - Individual'!$F83:$Y83) -> 0 | L83: =SUMIF('New Resources - Individual'!$F$6:$Y$6,L$6,'New Resources - Individual'!$F83:$Y83) -> 0 | M83: =SUMIF('New Resources - Individual'!$F$6:$Y$6,M$6,'New Resources - Individual'!$F83:$Y83) -> 0 | ... Y83: =SUMIF('New Resources - Individual'!$F$6:$Y$6,Y$6,'New Resources - Individual'!$F83:$Y83) -> 0
A84: 850 | B84: Plant Materials and Operating Supplies | F84: =SUMIF('New Resources - Individual'!$F$6:$Y$6,F$6,'New Resources - Individual'!$F84:$Y84) -> 0 | G84: =SUMIF('New Resources - Individual'!$F$6:$Y$6,G$6,'New Resources - Individual'!$F84:$Y84) -> 0 | H84: =SUMIF('New Resources - Individual'!$F$6:$Y$6,H$6,'New Resources - Individual'!$F84:$Y84) -> 0 | I84: =SUMIF('New Resources - Individual'!$F$6:$Y$6,I$6,'New Resources - Individual'!$F84:$Y84) -> 0 | J84: =SUMIF('New Resources - Individual'!$F$6:$Y$6,J$6,'New Resources - Individual'!$F84:$Y84) -> 0 | K84: =SUMIF('New Resources - Individual'!$F$6:$Y$6,K$6,'New Resources - Individual'!$F84:$Y84) -> 0 | L84: =SUMIF('New Resources - Individual'!$F$6:$Y$6,L$6,'New Resources - Individual'!$F84:$Y84) -> 0 | M84: =SUMIF('New Resources - Individual'!$F$6:$Y$6,M$6,'New Resources - Individual'!$F84:$Y84) -> 0 | ... Y84: =SUMIF('New Resources - Individual'!$F$6:$Y$6,Y$6,'New Resources - Individual'!$F84:$Y84) -> 0
A85: 860 | B85: Transmission Expenses
A86: 870 | B86: Transmission of Electricity to Others (Wheeling) | C86: 565 | F86: =SUMIF('New Resources - Individual'!$F$6:$Y$6,F$6,'New Resources - Individual'!$F86:$Y86) -> 0 | G86: =SUMIF('New Resources - Individual'!$F$6:$Y$6,G$6,'New Resources - Individual'!$F86:$Y86) -> 0 | H86: =SUMIF('New Resources - Individual'!$F$6:$Y$6,H$6,'New Resources - Individual'!$F86:$Y86) -> 0 | I86: =SUMIF('New Resources - Individual'!$F$6:$Y$6,I$6,'New Resources - Individual'!$F86:$Y86) -> 0 | J86: =SUMIF('New Resources - Individual'!$F$6:$Y$6,J$6,'New Resources - Individual'!$F86:$Y86) -> 0 | K86: =SUMIF('New Resources - Individual'!$F$6:$Y$6,K$6,'New Resources - Individual'!$F86:$Y86) -> 0 | L86: =SUMIF('New Resources - Individual'!$F$6:$Y$6,L$6,'New Resources - Individual'!$F86:$Y86) -> 0 | M86: =SUMIF('New Resources - Individual'!$F$6:$Y$6,M$6,'New Resources - Individual'!$F86:$Y86) -> 0 | ... Y86: =SUMIF('New Resources - Individual'!$F$6:$Y$6,Y$6,'New Resources - Individual'!$F86:$Y86) -> 0
A87: 880 | B87: Total Operations less Wheeling | C87: 560-567 | F87: =SUMIF('New Resources - Individual'!$F$6:$Y$6,F$6,'New Resources - Individual'!$F87:$Y87) -> 0 | G87: =SUMIF('New Resources - Individual'!$F$6:$Y$6,G$6,'New Resources - Individual'!$F87:$Y87) -> 0 | H87: =SUMIF('New Resources - Individual'!$F$6:$Y$6,H$6,'New Resources - Individual'!$F87:$Y87) -> 0 | I87: =SUMIF('New Resources - Individual'!$F$6:$Y$6,I$6,'New Resources - Individual'!$F87:$Y87) -> 0 | J87: =SUMIF('New Resources - Individual'!$F$6:$Y$6,J$6,'New Resources - Individual'!$F87:$Y87) -> 0 | K87: =SUMIF('New Resources - Individual'!$F$6:$Y$6,K$6,'New Resources - Individual'!$F87:$Y87) -> 0 | L87: =SUMIF('New Resources - Individual'!$F$6:$Y$6,L$6,'New Resources - Individual'!$F87:$Y87) -> 0 | M87: =SUMIF('New Resources - Individual'!$F$6:$Y$6,M$6,'New Resources - Individual'!$F87:$Y87) -> 0 | ... Y87: =SUMIF('New Resources - Individual'!$F$6:$Y$6,Y$6,'New Resources - Individual'!$F87:$Y87) -> 0
A88: 890 | B88: Total Maintenance | C88: 568-573 | F88: =SUMIF('New Resources - Individual'!$F$6:$Y$6,F$6,'New Resources - Individual'!$F88:$Y88) -> 0 | G88: =SUMIF('New Resources - Individual'!$F$6:$Y$6,G$6,'New Resources - Individual'!$F88:$Y88) -> 0 | H88: =SUMIF('New Resources - Individual'!$F$6:$Y$6,H$6,'New Resources - Individual'!$F88:$Y88) -> 0 | I88: =SUMIF('New Resources - Individual'!$F$6:$Y$6,I$6,'New Resources - Individual'!$F88:$Y88) -> 0 | J88: =SUMIF('New Resources - Individual'!$F$6:$Y$6,J$6,'New Resources - Individual'!$F88:$Y88) -> 0 | K88: =SUMIF('New Resources - Individual'!$F$6:$Y$6,K$6,'New Resources - Individual'!$F88:$Y88) -> 0 | L88: =SUMIF('New Resources - Individual'!$F$6:$Y$6,L$6,'New Resources - Individual'!$F88:$Y88) -> 0 | M88: =SUMIF('New Resources - Individual'!$F$6:$Y$6,M$6,'New Resources - Individual'!$F88:$Y88) -> 0 | ... Y88: =SUMIF('New Resources - Individual'!$F$6:$Y$6,Y$6,'New Resources - Individual'!$F88:$Y88) -> 0
A89: 900 | B89: Property Insurance | C89: 924 | F89: =SUMIF('New Resources - Individual'!$F$6:$Y$6,F$6,'New Resources - Individual'!$F89:$Y89) -> 0 | G89: =SUMIF('New Resources - Individual'!$F$6:$Y$6,G$6,'New Resources - Individual'!$F89:$Y89) -> 0 | H89: =SUMIF('New Resources - Individual'!$F$6:$Y$6,H$6,'New Resources - Individual'!$F89:$Y89) -> 0 | I89: =SUMIF('New Resources - Individual'!$F$6:$Y$6,I$6,'New Resources - Individual'!$F89:$Y89) -> 0 | J89: =SUMIF('New Resources - Individual'!$F$6:$Y$6,J$6,'New Resources - Individual'!$F89:$Y89) -> 0 | K89: =SUMIF('New Resources - Individual'!$F$6:$Y$6,K$6,'New Resources - Individual'!$F89:$Y89) -> 0 | L89: =SUMIF('New Resources - Individual'!$F$6:$Y$6,L$6,'New Resources - Individual'!$F89:$Y89) -> 0 | M89: =SUMIF('New Resources - Individual'!$F$6:$Y$6,M$6,'New Resources - Individual'!$F89:$Y89) -> 0 | ... Y89: =SUMIF('New Resources - Individual'!$F$6:$Y$6,Y$6,'New Resources - Individual'!$F89:$Y89) -> 0
A90: 910 | B90: Depreciation | C90: 403 | F90: =SUMIF('New Resources - Individual'!$F$6:$Y$6,F$6,'New Resources - Individual'!$F90:$Y90) -> 0 | G90: =SUMIF('New Resources - Individual'!$F$6:$Y$6,G$6,'New Resources - Individual'!$F90:$Y90) -> 0 | H90: =SUMIF('New Resources - Individual'!$F$6:$Y$6,H$6,'New Resources - Individual'!$F90:$Y90) -> 0 | I90: =SUMIF('New Resources - Individual'!$F$6:$Y$6,I$6,'New Resources - Individual'!$F90:$Y90) -> 0 | J90: =SUMIF('New Resources - Individual'!$F$6:$Y$6,J$6,'New Resources - Individual'!$F90:$Y90) -> 0 | K90: =SUMIF('New Resources - Individual'!$F$6:$Y$6,K$6,'New Resources - Individual'!$F90:$Y90) -> 0 | L90: =SUMIF('New Resources - Individual'!$F$6:$Y$6,L$6,'New Resources - Individual'!$F90:$Y90) -> 0 | M90: =SUMIF('New Resources - Individual'!$F$6:$Y$6,M$6,'New Resources - Individual'!$F90:$Y90) -> 0 | ... Y90: =SUMIF('New Resources - Individual'!$F$6:$Y$6,Y$6,'New Resources - Individual'!$F90:$Y90) -> 0
A91: 920 | B91: Other Electric Revenues | C91: 456 | F91: =SUMIF('New Resources - Individual'!$F$6:$Y$6,F$6,'New Resources - Individual'!$F91:$Y91) -> 0 | G91: =SUMIF('New Resources - Individual'!$F$6:$Y$6,G$6,'New Resources - Individual'!$F91:$Y91) -> 0 | H91: =SUMIF('New Resources - Individual'!$F$6:$Y$6,H$6,'New Resources - Individual'!$F91:$Y91) -> 0 | I91: =SUMIF('New Resources - Individual'!$F$6:$Y$6,I$6,'New Resources - Individual'!$F91:$Y91) -> 0 | J91: =SUMIF('New Resources - Individual'!$F$6:$Y$6,J$6,'New Resources - Individual'!$F91:$Y91) -> 0 | K91: =SUMIF('New Resources - Individual'!$F$6:$Y$6,K$6,'New Resources - Individual'!$F91:$Y91) -> 0 | L91: =SUMIF('New Resources - Individual'!$F$6:$Y$6,L$6,'New Resources - Individual'!$F91:$Y91) -> 0 | M91: =SUMIF('New Resources - Individual'!$F$6:$Y$6,M$6,'New Resources - Individual'!$F91:$Y91) -> 0 | ... Y91: =SUMIF('New Resources - Individual'!$F$6:$Y$6,Y$6,'New Resources - Individual'!$F91:$Y91) -> 0
A92: 930 | B92: Revenues from Transmission of Electricity of Others (i) | C92: 456.1 | F92: =SUMIF('New Resources - Individual'!$F$6:$Y$6,F$6,'New Resources - Individual'!$F92:$Y92) -> 0 | G92: =SUMIF('New Resources - Individual'!$F$6:$Y$6,G$6,'New Resources - Individual'!$F92:$Y92) -> 0 | H92: =SUMIF('New Resources - Individual'!$F$6:$Y$6,H$6,'New Resources - Individual'!$F92:$Y92) -> 0 | I92: =SUMIF('New Resources - Individual'!$F$6:$Y$6,I$6,'New Resources - Individual'!$F92:$Y92) -> 0 | J92: =SUMIF('New Resources - Individual'!$F$6:$Y$6,J$6,'New Resources - Individual'!$F92:$Y92) -> 0 | K92: =SUMIF('New Resources - Individual'!$F$6:$Y$6,K$6,'New Resources - Individual'!$F92:$Y92) -> 0 | L92: =SUMIF('New Resources - Individual'!$F$6:$Y$6,L$6,'New Resources - Individual'!$F92:$Y92) -> 0 | M92: =SUMIF('New Resources - Individual'!$F$6:$Y$6,M$6,'New Resources - Individual'!$F92:$Y92) -> 0 | ... Y92: =SUMIF('New Resources - Individual'!$F$6:$Y$6,Y$6,'New Resources - Individual'!$F92:$Y92) -> 0
A93: 940 | B93: Property Taxes Transmission
A94: 950 | B94: Total Transmission Property | C94: 262 | F94: =SUMIF('New Resources - Individual'!$F$6:$Y$6,F$6,'New Resources - Individual'!$F94:$Y94) -> 0 | G94: =SUMIF('New Resources - Individual'!$F$6:$Y$6,G$6,'New Resources - Individual'!$F94:$Y94) -> 0 | H94: =SUMIF('New Resources - Individual'!$F$6:$Y$6,H$6,'New Resources - Individual'!$F94:$Y94) -> 0 | I94: =SUMIF('New Resources - Individual'!$F$6:$Y$6,I$6,'New Resources - Individual'!$F94:$Y94) -> 0 | J94: =SUMIF('New Resources - Individual'!$F$6:$Y$6,J$6,'New Resources - Individual'!$F94:$Y94) -> 0 | K94: =SUMIF('New Resources - Individual'!$F$6:$Y$6,K$6,'New Resources - Individual'!$F94:$Y94) -> 0 | L94: =SUMIF('New Resources - Individual'!$F$6:$Y$6,L$6,'New Resources - Individual'!$F94:$Y94) -> 0 | M94: =SUMIF('New Resources - Individual'!$F$6:$Y$6,M$6,'New Resources - Individual'!$F94:$Y94) -> 0 | ... Y94: =SUMIF('New Resources - Individual'!$F$6:$Y$6,Y$6,'New Resources - Individual'!$F94:$Y94) -> 0
A95: 960
A96: 970
A97: 980
A98: 990
A99: 1000
A100: 1010
...

Sheet Materiality - Individual
F1: NRSW | M1: NR Switch | N1: 1 | U1: NR Switch | V1: 1 | AC1: NR Switch | AD1: 1 | AK1: NR Switch | AL1: 1 | AS1: NR Switch | AT1: 1 | BA1: NR Switch | BB1: 1 | BI1: NR Switch | BJ1: 1 | BQ1: NR Switch | BR1: 1 | BY1: NR Switch | BZ1: 1 | CG1: NR Switch | CH1: 1 | CO1: NR Switch | CP1: 1 | CW1: NR Switch | CX1: 1 | DE1: NR Switch | DF1: 1 | DM1: NR Switch | DN1: 1 | DU1: NR Switch | DV1: 1 | EC1: NR Switch | ED1: 1 | EK1: NR Switch | EL1: 1 | ES1: NR Switch | ET1: 1 | FA1: NR Switch | FB1: 1 | FI1: NR Switch | FJ1: 1
F2: NRCOL | M2: NR Column | N2: 6 | U2: NR Column | V2: 7 | AC2: NR Column | AD2: 8 | AK2: NR Column | AL2: 9 | AS2: NR Column | AT2: 10 | BA2: NR Column | BB2: 11 | BI2: NR Column | BJ2: 12 | BQ2: NR Column | BR2: 13 | BY2: NR Column | BZ2: 14 | CG2: NR Column | CH2: 15 | CO2: NR Column | CP2: 16 | CW2: NR Column | CX2: 17 | DE2: NR Column | DF2: 18 | DM2: NR Column | DN2: 19 | DU2: NR Column | DV2: 20 | EC2: NR Column | ED2: 21 | EK2: NR Column | EL2: 22 | ES2: NR Column | ET2: 23 | FA2: NR Column | FB2: 24 | FI2: NR Column | FJ2: 25
F3: Date | O3: =OFFSET('New Resources - Individual'!$A$1,3,N2-1) | W3: =OFFSET('New Resources - Individual'!$A$1,3,V2-1) | AE3: =OFFSET('New Resources - Individual'!$A$1,3,AD2-1) | AM3: =OFFSET('New Resources - Individual'!$A$1,3,AL2-1) | AU3: =OFFSET('New Resources - Individual'!$A$1,3,AT2-1) | BC3: =OFFSET('New Resources - Individual'!$A$1,3,BB2-1) | BK3: =OFFSET('New Resources - Individual'!$A$1,3,BJ2-1) | BS3: =OFFSET('New Resources - Individual'!$A$1,3,BR2-1) | CA3: =OFFSET('New Resources - Individual'!$A$1,3,BZ2-1) | CI3: =OFFSET('New Resources - Individual'!$A$1,3,CH2-1) | CQ3: =OFFSET('New Resources - Individual'!$A$1,3,CP2-1) | CY3: =OFFSET('New Resources - Individual'!$A$1,3,CX2-1) | DG3: =OFFSET('New Resources - Individual'!$A$1,3,DF2-1) | DO3: =OFFSET('New Resources - Individual'!$A$1,3,DN2-1) | DW3: =OFFSET('New Resources - Individual'!$A$1,3,DV2-1) | EE3: =OFFSET('New Resources - Individual'!$A$1,3,ED2-1) | EM3: =OFFSET('New Resources - Individual'!$A$1,3,EL2-1) | EU3: =OFFSET('New Resources - Individual'!$A$1,3,ET2-1) | FC3: =OFFSET('New Resources - Individual'!$A$1,3,FB2-1) | FK3: =OFFSET('New Resources - Individual'!$A$1,3,FJ2-1)
N4: New Resource | O4: Total | P4: Production | Q4: Transmission | R4: Distribution | V4: New Resource | W4: Total | X4: Production | Y4: Transmission | Z4: Distribution | AD4: New Resource | AE4: Total | AF4: Production | AG4: Transmission | AH4: Distribution | AL4: New Resource | AM4: Total | AN4: Production | AO4: Transmission | AP4: Distribution | AT4: New Resource | AU4: Total | AV4: Production | AW4: Transmission | AX4: Distribution | BB4: New Resource | BC4: Total | BD4: Production | BE4: Transmission | BF4: Distribution | BJ4: New Resource | BK4: Total | BL4: Production | BM4: Transmission | BN4: Distribution | BR4: New Resource | BS4: Total | BT4: Production | BU4: Transmission | BV4: Distribution | BZ4: New Resource | CA4: Total | CB4: Production | CC4: Transmission | CD4: Distribution | CH4: New Resource | CI4: Total | CJ4: Production | CK4: Transmission | CL4: Distribution | CP4: New Resource | CQ4: Total | CR4: Production | CS4: Transmission | CT4: Distribution | CX4: New Resource | CY4: Total | CZ4: Production | DA4: Transmission | DB4: Distribution | DF4: New Resource | DG4: Total | DH4: Production | DI4: Transmission | DJ4: Distribution | DN4: New Resource | DO4: Total | DP4: Production | DQ4: Transmission | DR4: Distribution | DV4: New Resource | DW4: Total | DX4: Production | DY4: Transmission | DZ4: Distribution | ED4: New Resource | EE4: Total | EF4: Production | EG4: Transmission | EH4: Distribution | EL4: New Resource | EM4: Total | EN4: Production | EO4: Transmission | EP4: Distribution | ET4: New Resource | EU4: Total | EV4: Production | EW4: Transmission | EX4: Distribution | FB4: New Resource | FC4: Total | FD4: Production | FE4: Transmission | FF4: Distribution | FJ4: New Resource | FK4: Total | FL4: Production | FM4: Transmission | FN4: Distribution
A5: TOC | B5: UTILITY NAME: | C5: ='Sch 1- Rate Base '!E5 -> 0
A6: é | B6: End of Year Report Period: | C6: ='Sch 1- Rate Base '!E6 -> 0
B7: ASC Filing Date: | C7: ='Sch 1- Rate Base '!E7 -> 0
A9: 1 | B9: 2 | C9: 3 | D9: 4 | E9: 5 | F9: 6
A11: Schedule 1: Plant Investment / Rate Base
B12: Account Description | C12: FERC Form 1 | E12: Functionalization/ Escalation | G12: Total | H12: Production | I12: Transmission
C13: Page | D13: Account | J13: Distribution/
C14: Number | D14: Numbers | E14: Method | F14: Code | J14: Other
A15: Intangible Plant:
B16: Intangible Plant - Organization | C16: 204-207 | D16: 301 | E16: ='Sch 1- Rate Base '!E16 -> DIST | G16: ='Sch 1- Rate Base '!G16 -> 0 | H16: ='Sch 1- Rate Base '!H16 -> 0 | I16: ='Sch 1- Rate Base '!I16 -> 0 | J16: ='Sch 1- Rate Base '!J16 -> 0 | K16: =IF($E16="DIRECT",0,1) -> 1 | O16: =$G16 -> 0 | P16: =VLOOKUP($E16,O$450:R$461,2,FALSE)*O16*($K16)+IF($G16>0,($H16/$G16)*O16,0)*(1-$K16) -> 0 | Q16: =VLOOKUP($E16,O$450:R$461,3,FALSE)*O16*($K16)+IF($G16>0,($I16/$G16)*O16,0)*(1-$K16) -> 0 | R16: =VLOOKUP($E16,O$450:R$461,4,FALSE)*O16*($K16)+(O16-P16-Q16)*(1-$K16) -> 0 | W16: =$G16 -> 0 | X16: =VLOOKUP($E16,W$450:Z$461,2,FALSE)*W16*($K16)+IF($G16>0,($H16/$G16)*W16,0)*(1-$K16) -> 0 | Y16: =VLOOKUP($E16,W$450:Z$461,3,FALSE)*W16*($K16)+IF($G16>0,($I16/$G16)*W16,0)*(1-$K16) -> 0 | Z16: =VLOOKUP($E16,W$450:Z$461,4,FALSE)*W16*($K16)+(W16-X16-Y16)*(1-$K16) -> 0 | AA16: 1 | AE16: =$G16 -> 0 | AF16: =VLOOKUP($E16,AE$450:AH$461,2,FALSE)*AE16*($K16)+IF($G16>0,($H16/$G16)*AE16,0)*(1-$K16) -> 0 | AG16: =VLOOKUP($E16,AE$450:AH$461,3,FALSE)*AE16*($K16)+IF($G16>0,($I16/$G16)*AE16,0)*(1-$K16) -> 0 | AH16: =VLOOKUP($E16,AE$450:AH$461,4,FALSE)*AE16*($K16)+(AE16-AF16-AG16)*(1-$K16) -> 0 | AM16: =$G16 -> 0 | AN16: =VLOOKUP($E16,AM$450:AP$461,2,FALSE)*AM16*($K16)+IF($G16>0,($H16/$G16)*AM16,0)*(1-$K16) -> 0 | AO16: =VLOOKUP($E16,AM$450:AP$461,3,FALSE)*AM16*($K16)+IF($G16>0,($I16/$G16)*AM16,0)*(1-$K16) -> 0 | AP16: =VLOOKUP($E16,AM$450:AP$461,4,FALSE)*AM16*($K16)+(AM16-AN16-AO16)*(1-$K16) -> 0 | AU16: =$G16 -> 0 | AV16: =VLOOKUP($E16,AU$450:AX$461,2,FALSE)*AU16*($K16)+IF($G16>0,($H16/$G16)*AU16,0)*(1-$K16) -> 0 | AW16: =VLOOKUP($E16,AU$450:AX$461,3,FALSE)*AU16*($K16)+IF($G16>0,($I16/$G16)*AU16,0)*(1-$K16) -> 0 | AX16: =VLOOKUP($E16,AU$450:AX$461,4,FALSE)*AU16*($K16)+(AU16-AV16-AW16)*(1-$K16) -> 0 | BC16: =$G16 -> 0 | BD16: =VLOOKUP($E16,BC$450:BF$461,2,FALSE)*BC16*($K16)+IF($G16>0,($H16/$G16)*BC16,0)*(1-$K16) -> 0 | BE16: =VLOOKUP($E16,BC$450:BF$461,3,FALSE)*BC16*($K16)+IF($G16>0,($I16/$G16)*BC16,0)*(1-$K16) -> 0 | BF16: =VLOOKUP($E16,BC$450:BF$461,4,FALSE)*BC16*($K16)+(BC16-BD16-BE16)*(1-$K16) -> 0 | BK16: =$G16 -> 0 | BL16: =VLOOKUP($E16,BK$450:BN$461,2,FALSE)*BK16*($K16)+IF($G16>0,($H16/$G16)*BK16,0)*(1-$K16) -> 0 | BM16: =VLOOKUP($E16,BK$450:BN$461,3,FALSE)*BK16*($K16)+IF($G16>0,($I16/$G16)*BK16,0)*(1-$K16) -> 0 | BN16: =VLOOKUP($E16,BK$450:BN$461,4,FALSE)*BK16*($K16)+(BK16-BL16-BM16)*(1-$K16) -> 0 | BS16: =$G16 -> 0 | BT16: =VLOOKUP($E16,BS$450:BV$461,2,FALSE)*BS16*($K16)+IF($G16>0,($H16/$G16)*BS16,0)*(1-$K16) -> 0 | BU16: =VLOOKUP($E16,BS$450:BV$461,3,FALSE)*BS16*($K16)+IF($G16>0,($I16/$G16)*BS16,0)*(1-$K16) -> 0 | BV16: =VLOOKUP($E16,BS$450:BV$461,4,FALSE)*BS16*($K16)+(BS16-BT16-BU16)*(1-$K16) -> 0 | CA16: =$G16 -> 0 | CB16: =VLOOKUP($E16,CA$450:CD$461,2,FALSE)*CA16*($K16)+IF($G16>0,($H16/$G16)*CA16,0)*(1-$K16) -> 0 | CC16: =VLOOKUP($E16,CA$450:CD$461,3,FALSE)*CA16*($K16)+IF($G16>0,($I16/$G16)*CA16,0)*(1-$K16) -> 0 | CD16: =VLOOKUP($E16,CA$450:CD$461,4,FALSE)*CA16*($K16)+(CA16-CB16-CC16)*(1-$K16) -> 0 | CI16: =$G16 -> 0 | CJ16: =VLOOKUP($E16,CI$450:CL$461,2,FALSE)*CI16*($K16)+IF($G16>0,($H16/$G16)*CI16,0)*(1-$K16) -> 0 | CK16: =VLOOKUP($E16,CI$450:CL$461,3,FALSE)*CI16*($K16)+IF($G16>0,($I16/$G16)*CI16,0)*(1-$K16) -> 0 | CL16: =VLOOKUP($E16,CI$450:CL$461,4,FALSE)*CI16*($K16)+(CI16-CJ16-CK16)*(1-$K16) -> 0 | CQ16: =$G16 -> 0 | CR16: =VLOOKUP($E16,CQ$450:CT$461,2,FALSE)*CQ16*($K16)+IF($G16>0,($H16/$G16)*CQ16,0)*(1-$K16) -> 0 | CS16: =VLOOKUP($E16,CQ$450:CT$461,3,FALSE)*CQ16*($K16)+IF($G16>0,($I16/$G16)*CQ16,0)*(1-$K16) -> 0 | CT16: =VLOOKUP($E16,CQ$450:CT$461,4,FALSE)*CQ16*($K16)+(CQ16-CR16-CS16)*(1-$K16) -> 0 | CY16: =$G16 -> 0 | CZ16: =VLOOKUP($E16,CY$450:DB$461,2,FALSE)*CY16*($K16)+IF($G16>0,($H16/$G16)*CY16,0)*(1-$K16) -> 0 | DA16: =VLOOKUP($E16,CY$450:DB$461,3,FALSE)*CY16*($K16)+IF($G16>0,($I16/$G16)*CY16,0)*(1-$K16) -> 0 | DB16: =VLOOKUP($E16,CY$450:DB$461,4,FALSE)*CY16*($K16)+(CY16-CZ16-DA16)*(1-$K16) -> 0 | DG16: =$G16 -> 0 | DH16: =VLOOKUP($E16,DG$450:DJ$461,2,FALSE)*DG16*($K16)+IF($G16>0,($H16/$G16)*DG16,0)*(1-$K16) -> 0 | DI16: =VLOOKUP($E16,DG$450:DJ$461,3,FALSE)*DG16*($K16)+IF($G16>0,($I16/$G16)*DG16,0)*(1-$K16) -> 0 | DJ16: =VLOOKUP($E16,DG$450:DJ$461,4,FALSE)*DG16*($K16)+(DG16-DH16-DI16)*(1-$K16) -> 0 | DO16: =$G16 -> 0 | DP16: =VLOOKUP($E16,DO$450:DR$461,2,FALSE)*DO16*($K16)+IF($G16>0,($H16/$G16)*DO16,0)*(1-$K16) -> 0 | DQ16: =VLOOKUP($E16,DO$450:DR$461,3,FALSE)*DO16*($K16)+IF($G16>0,($I16/$G16)*DO16,0)*(1-$K16) -> 0 | DR16: =VLOOKUP($E16,DO$450:DR$461,4,FALSE)*DO16*($K16)+(DO16-DP16-DQ16)*(1-$K16) -> 0 | DW16: =$G16 -> 0 | DX16: =VLOOKUP($E16,DW$450:DZ$461,2,FALSE)*DW16*($K16)+IF($G16>0,($H16/$G16)*DW16,0)*(1-$K16) -> 0 | DY16: =VLOOKUP($E16,DW$450:DZ$461,3,FALSE)*DW16*($K16)+IF($G16>0,($I16/$G16)*DW16,0)*(1-$K16) -> 0 | DZ16: =VLOOKUP($E16,DW$450:DZ$461,4,FALSE)*DW16*($K16)+(DW16-DX16-DY16)*(1-$K16) -> 0 | EE16: =$G16 -> 0 | EF16: =VLOOKUP($E16,EE$450:EH$461,2,FALSE)*EE16*($K16)+IF($G16>0,($H16/$G16)*EE16,0)*(1-$K16) -> 0 | EG16: =VLOOKUP($E16,EE$450:EH$461,3,FALSE)*EE16*($K16)+IF($G16>0,($I16/$G16)*EE16,0)*(1-$K16) -> 0 | EH16: =VLOOKUP($E16,EE$450:EH$461,4,FALSE)*EE16*($K16)+(EE16-EF16-EG16)*(1-$K16) -> 0 | EM16: =$G16 -> 0 | EN16: =VLOOKUP($E16,EM$450:EP$461,2,FALSE)*EM16*($K16)+IF($G16>0,($H16/$G16)*EM16,0)*(1-$K16) -> 0 | EO16: =VLOOKUP($E16,EM$450:EP$461,3,FALSE)*EM16*($K16)+IF($G16>0,($I16/$G16)*EM16,0)*(1-$K16) -> 0 | EP16: =VLOOKUP($E16,EM$450:EP$461,4,FALSE)*EM16*($K16)+(EM16-EN16-EO16)*(1-$K16) -> 0 | EU16: =$G16 -> 0 | EV16: =VLOOKUP($E16,EU$450:EX$461,2,FALSE)*EU16*($K16)+IF($G16>0,($H16/$G16)*EU16,0)*(1-$K16) -> 0 | EW16: =VLOOKUP($E16,EU$450:EX$461,3,FALSE)*EU16*($K16)+IF($G16>0,($I16/$G16)*EU16,0)*(1-$K16) -> 0 | EX16: =VLOOKUP($E16,EU$450:EX$461,4,FALSE)*EU16*($K16)+(EU16-EV16-EW16)*(1-$K16) -> 0 | FC16: =$G16 -> 0 | FD16: =VLOOKUP($E16,FC$450:FF$461,2,FALSE)*FC16*($K16)+IF($G16>0,($H16/$G16)*FC16,0)*(1-$K16) -> 0 | FE16: =VLOOKUP($E16,FC$450:FF$461,3,FALSE)*FC16*($K16)+IF($G16>0,($I16/$G16)*FC16,0)*(1-$K16) -> 0 | FF16: =VLOOKUP($E16,FC$450:FF$461,4,FALSE)*FC16*($K16)+(FC16-FD16-FE16)*(1-$K16) -> 0 | FK16: =$G16 -> 0 | FL16: =VLOOKUP($E16,FK$450:FN$461,2,FALSE)*FK16*($K16)+IF($G16>0,($H16/$G16)*FK16,0)*(1-$K16) -> 0 | FM16: =VLOOKUP($E16,FK$450:FN$461,3,FALSE)*FK16*($K16)+IF($G16>0,($I16/$G16)*FK16,0)*(1-$K16) -> 0 | FN16: =VLOOKUP($E16,FK$450:FN$461,4,FALSE)*FK16*($K16)+(FK16-FL16-FM16)*(1-$K16) -> 0
B17: Intangible Plant - Franchises and Consents | C17: 204-207 | D17: 302 | E17: ='Sch 1- Rate Base '!E17 -> DIRECT | G17: ='Sch 1- Rate Base '!G17 -> 0 | H17: ='Sch 1- Rate Base '!H17 -> 0 | I17: ='Sch 1- Rate Base '!I17 -> 0 | J17: ='Sch 1- Rate Base '!J17 -> 0 | K17: =IF($E17="DIRECT",0,1) -> 0 | O17: =$G17 -> 0 | P17: =VLOOKUP($E17,O$450:R$461,2,FALSE)*O17*($K17)+IF($G17>0,($H17/$G17)*O17,0)*(1-$K17) -> 0 | Q17: =VLOOKUP($E17,O$450:R$461,3,FALSE)*O17*($K17)+IF($G17>0,($I17/$G17)*O17,0)*(1-$K17) -> 0 | R17: =VLOOKUP($E17,O$450:R$461,4,FALSE)*O17*($K17)+(O17-P17-Q17)*(1-$K17) -> 0 | W17: =$G17 -> 0 | X17: =VLOOKUP($E17,W$450:Z$461,2,FALSE)*W17*($K17)+IF($G17>0,($H17/$G17)*W17,0)*(1-$K17) -> 0 | Y17: =VLOOKUP($E17,W$450:Z$461,3,FALSE)*W17*($K17)+IF($G17>0,($I17/$G17)*W17,0)*(1-$K17) -> 0 | Z17: =VLOOKUP($E17,W$450:Z$461,4,FALSE)*W17*($K17)+(W17-X17-Y17)*(1-$K17) -> 0 | AA17: 0 | AE17: =$G17 -> 0 | AF17: =VLOOKUP($E17,AE$450:AH$461,2,FALSE)*AE17*($K17)+IF($G17>0,($H17/$G17)*AE17,0)*(1-$K17) -> 0 | AG17: =VLOOKUP($E17,AE$450:AH$461,3,FALSE)*AE17*($K17)+IF($G17>0,($I17/$G17)*AE17,0)*(1-$K17) -> 0 | AH17: =VLOOKUP($E17,AE$450:AH$461,4,FALSE)*AE17*($K17)+(AE17-AF17-AG17)*(1-$K17) -> 0 | AM17: =$G17 -> 0 | AN17: =VLOOKUP($E17,AM$450:AP$461,2,FALSE)*AM17*($K17)+IF($G17>0,($H17/$G17)*AM17,0)*(1-$K17) -> 0 | AO17: =VLOOKUP($E17,AM$450:AP$461,3,FALSE)*AM17*($K17)+IF($G17>0,($I17/$G17)*AM17,0)*(1-$K17) -> 0 | AP17: =VLOOKUP($E17,AM$450:AP$461,4,FALSE)*AM17*($K17)+(AM17-AN17-AO17)*(1-$K17) -> 0 | AU17: =$G17 -> 0 | AV17: =VLOOKUP($E17,AU$450:AX$461,2,FALSE)*AU17*($K17)+IF($G17>0,($H17/$G17)*AU17,0)*(1-$K17) -> 0 | AW17: =VLOOKUP($E17,AU$450:AX$461,3,FALSE)*AU17*($K17)+IF($G17>0,($I17/$G17)*AU17,0)*(1-$K17) -> 0 | AX17: =VLOOKUP($E17,AU$450:AX$461,4,FALSE)*AU17*($K17)+(AU17-AV17-AW17)*(1-$K17) -> 0 | BC17: =$G17 -> 0 | BD17: =VLOOKUP($E17,BC$450:BF$461,2,FALSE)*BC17*($K17)+IF($G17>0,($H17/$G17)*BC17,0)*(1-$K17) -> 0 | BE17: =VLOOKUP($E17,BC$450:BF$461,3,FALSE)*BC17*($K17)+IF($G17>0,($I17/$G17)*BC17,0)*(1-$K17) -> 0 | BF17: =VLOOKUP($E17,BC$450:BF$461,4,FALSE)*BC17*($K17)+(BC17-BD17-BE17)*(1-$K17) -> 0 | BK17: =$G17 -> 0 | BL17: =VLOOKUP($E17,BK$450:BN$461,2,FALSE)*BK17*($K17)+IF($G17>0,($H17/$G17)*BK17,0)*(1-$K17) -> 0 | BM17: =VLOOKUP($E17,BK$450:BN$461,3,FALSE)*BK17*($K17)+IF($G17>0,($I17/$G17)*BK17,0)*(1-$K17) -> 0 | BN17: =VLOOKUP($E17,BK$450:BN$461,4,FALSE)*BK17*($K17)+(BK17-BL17-BM17)*(1-$K17) -> 0 | BS17: =$G17 -> 0 | BT17: =VLOOKUP($E17,BS$450:BV$461,2,FALSE)*BS17*($K17)+IF($G17>0,($H17/$G17)*BS17,0)*(1-$K17) -> 0 | BU17: =VLOOKUP($E17,BS$450:BV$461,3,FALSE)*BS17*($K17)+IF($G17>0,($I17/$G17)*BS17,0)*(1-$K17) -> 0 | BV17: =VLOOKUP($E17,BS$450:BV$461,4,FALSE)*BS17*($K17)+(BS17-BT17-BU17)*(1-$K17) -> 0 | CA17: =$G17 -> 0 | CB17: =VLOOKUP($E17,CA$450:CD$461,2,FALSE)*CA17*($K17)+IF($G17>0,($H17/$G17)*CA17,0)*(1-$K17) -> 0 | CC17: =VLOOKUP($E17,CA$450:CD$461,3,FALSE)*CA17*($K17)+IF($G17>0,($I17/$G17)*CA17,0)*(1-$K17) -> 0 | CD17: =VLOOKUP($E17,CA$450:CD$461,4,FALSE)*CA17*($K17)+(CA17-CB17-CC17)*(1-$K17) -> 0 | CI17: =$G17 -> 0 | CJ17: =VLOOKUP($E17,CI$450:CL$461,2,FALSE)*CI17*($K17)+IF($G17>0,($H17/$G17)*CI17,0)*(1-$K17) -> 0 | CK17: =VLOOKUP($E17,CI$450:CL$461,3,FALSE)*CI17*($K17)+IF($G17>0,($I17/$G17)*CI17,0)*(1-$K17) -> 0 | CL17: =VLOOKUP($E17,CI$450:CL$461,4,FALSE)*CI17*($K17)+(CI17-CJ17-CK17)*(1-$K17) -> 0 | CQ17: =$G17 -> 0 | CR17: =VLOOKUP($E17,CQ$450:CT$461,2,FALSE)*CQ17*($K17)+IF($G17>0,($H17/$G17)*CQ17,0)*(1-$K17) -> 0 | CS17: =VLOOKUP($E17,CQ$450:CT$461,3,FALSE)*CQ17*($K17)+IF($G17>0,($I17/$G17)*CQ17,0)*(1-$K17) -> 0 | CT17: =VLOOKUP($E17,CQ$450:CT$461,4,FALSE)*CQ17*($K17)+(CQ17-CR17-CS17)*(1-$K17) -> 0 | CY17: =$G17 -> 0 | CZ17: =VLOOKUP($E17,CY$450:DB$461,2,FALSE)*CY17*($K17)+IF($G17>0,($H17/$G17)*CY17,0)*(1-$K17) -> 0 | DA17: =VLOOKUP($E17,CY$450:DB$461,3,FALSE)*CY17*($K17)+IF($G17>0,($I17/$G17)*CY17,0)*(1-$K17) -> 0 | DB17: =VLOOKUP($E17,CY$450:DB$461,4,FALSE)*CY17*($K17)+(CY17-CZ17-DA17)*(1-$K17) -> 0 | DG17: =$G17 -> 0 | DH17: =VLOOKUP($E17,DG$450:DJ$461,2,FALSE)*DG17*($K17)+IF($G17>0,($H17/$G17)*DG17,0)*(1-$K17) -> 0 | DI17: =VLOOKUP($E17,DG$450:DJ$461,3,FALSE)*DG17*($K17)+IF($G17>0,($I17/$G17)*DG17,0)*(1-$K17) -> 0 | DJ17: =VLOOKUP($E17,DG$450:DJ$461,4,FALSE)*DG17*($K17)+(DG17-DH17-DI17)*(1-$K17) -> 0 | DO17: =$G17 -> 0 | DP17: =VLOOKUP($E17,DO$450:DR$461,2,FALSE)*DO17*($K17)+IF($G17>0,($H17/$G17)*DO17,0)*(1-$K17) -> 0 | DQ17: =VLOOKUP($E17,DO$450:DR$461,3,FALSE)*DO17*($K17)+IF($G17>0,($I17/$G17)*DO17,0)*(1-$K17) -> 0 | DR17: =VLOOKUP($E17,DO$450:DR$461,4,FALSE)*DO17*($K17)+(DO17-DP17-DQ17)*(1-$K17) -> 0 | DW17: =$G17 -> 0 | DX17: =VLOOKUP($E17,DW$450:DZ$461,2,FALSE)*DW17*($K17)+IF($G17>0,($H17/$G17)*DW17,0)*(1-$K17) -> 0 | DY17: =VLOOKUP($E17,DW$450:DZ$461,3,FALSE)*DW17*($K17)+IF($G17>0,($I17/$G17)*DW17,0)*(1-$K17) -> 0 | DZ17: =VLOOKUP($E17,DW$450:DZ$461,4,FALSE)*DW17*($K17)+(DW17-DX17-DY17)*(1-$K17) -> 0 | EE17: =$G17 -> 0 | EF17: =VLOOKUP($E17,EE$450:EH$461,2,FALSE)*EE17*($K17)+IF($G17>0,($H17/$G17)*EE17,0)*(1-$K17) -> 0 | EG17: =VLOOKUP($E17,EE$450:EH$461,3,FALSE)*EE17*($K17)+IF($G17>0,($I17/$G17)*EE17,0)*(1-$K17) -> 0 | EH17: =VLOOKUP($E17,EE$450:EH$461,4,FALSE)*EE17*($K17)+(EE17-EF17-EG17)*(1-$K17) -> 0 | EM17: =$G17 -> 0 | EN17: =VLOOKUP($E17,EM$450:EP$461,2,FALSE)*EM17*($K17)+IF($G17>0,($H17/$G17)*EM17,0)*(1-$K17) -> 0 | EO17: =VLOOKUP($E17,EM$450:EP$461,3,FALSE)*EM17*($K17)+IF($G17>0,($I17/$G17)*EM17,0)*(1-$K17) -> 0 | EP17: =VLOOKUP($E17,EM$450:EP$461,4,FALSE)*EM17*($K17)+(EM17-EN17-EO17)*(1-$K17) -> 0 | EU17: =$G17 -> 0 | EV17: =VLOOKUP($E17,EU$450:EX$461,2,FALSE)*EU17*($K17)+IF($G17>0,($H17/$G17)*EU17,0)*(1-$K17) -> 0 | EW17: =VLOOKUP($E17,EU$450:EX$461,3,FALSE)*EU17*($K17)+IF($G17>0,($I17/$G17)*EU17,0)*(1-$K17) -> 0 | EX17: =VLOOKUP($E17,EU$450:EX$461,4,FALSE)*EU17*($K17)+(EU17-EV17-EW17)*(1-$K17) -> 0 | FC17: =$G17 -> 0 | FD17: =VLOOKUP($E17,FC$450:FF$461,2,FALSE)*FC17*($K17)+IF($G17>0,($H17/$G17)*FC17,0)*(1-$K17) -> 0 | FE17: =VLOOKUP($E17,FC$450:FF$461,3,FALSE)*FC17*($K17)+IF($G17>0,($I17/$G17)*FC17,0)*(1-$K17) -> 0 | FF17: =VLOOKUP($E17,FC$450:FF$461,4,FALSE)*FC17*($K17)+(FC17-FD17-FE17)*(1-$K17) -> 0 | FK17: =$G17 -> 0 | FL17: =VLOOKUP($E17,FK$450:FN$461,2,FALSE)*FK17*($K17)+IF($G17>0,($H17/$G17)*FK17,0)*(1-$K17) -> 0 | FM17: =VLOOKUP($E17,FK$450:FN$461,3,FALSE)*FK17*($K17)+IF($G17>0,($I17/$G17)*FK17,0)*(1-$K17) -> 0 | FN17: =VLOOKUP($E17,FK$450:FN$461,4,FALSE)*FK17*($K17)+(FK17-FL17-FM17)*(1-$K17) -> 0
B18: Intangible Plant - Miscellaneous | C18: 204-207 | D18: 303 | E18: ='Sch 1- Rate Base '!E18 -> DIRECT | G18: ='Sch 1- Rate Base '!G18 -> 0 | H18: ='Sch 1- Rate Base '!H18 -> 0 | I18: ='Sch 1- Rate Base '!I18 -> 0 | J18: ='Sch 1- Rate Base '!J18 -> 0 | K18: =IF($E18="DIRECT",0,1) -> 0 | O18: =$G18 -> 0 | P18: =VLOOKUP($E18,O$450:R$461,2,FALSE)*O18*($K18)+IF($G18>0,($H18/$G18)*O18,0)*(1-$K18) -> 0 | Q18: =VLOOKUP($E18,O$450:R$461,3,FALSE)*O18*($K18)+IF($G18>0,($I18/$G18)*O18,0)*(1-$K18) -> 0 | R18: =VLOOKUP($E18,O$450:R$461,4,FALSE)*O18*($K18)+(O18-P18-Q18)*(1-$K18) -> 0 | W18: =$G18 -> 0 | X18: =VLOOKUP($E18,W$450:Z$461,2,FALSE)*W18*($K18)+IF($G18>0,($H18/$G18)*W18,0)*(1-$K18) -> 0 | Y18: =VLOOKUP($E18,W$450:Z$461,3,FALSE)*W18*($K18)+IF($G18>0,($I18/$G18)*W18,0)*(1-$K18) -> 0 | Z18: =VLOOKUP($E18,W$450:Z$461,4,FALSE)*W18*($K18)+(W18-X18-Y18)*(1-$K18) -> 0 | AA18: 0 | AE18: =$G18 -> 0 | AF18: =VLOOKUP($E18,AE$450:AH$461,2,FALSE)*AE18*($K18)+IF($G18>0,($H18/$G18)*AE18,0)*(1-$K18) -> 0 | AG18: =VLOOKUP($E18,AE$450:AH$461,3,FALSE)*AE18*($K18)+IF($G18>0,($I18/$G18)*AE18,0)*(1-$K18) -> 0 | AH18: =VLOOKUP($E18,AE$450:AH$461,4,FALSE)*AE18*($K18)+(AE18-AF18-AG18)*(1-$K18) -> 0 | AM18: =$G18 -> 0 | AN18: =VLOOKUP($E18,AM$450:AP$461,2,FALSE)*AM18*($K18)+IF($G18>0,($H18/$G18)*AM18,0)*(1-$K18) -> 0 | AO18: =VLOOKUP($E18,AM$450:AP$461,3,FALSE)*AM18*($K18)+IF($G18>0,($I18/$G18)*AM18,0)*(1-$K18) -> 0 | AP18: =VLOOKUP($E18,AM$450:AP$461,4,FALSE)*AM18*($K18)+(AM18-AN18-AO18)*(1-$K18) -> 0 | AU18: =$G18 -> 0 | AV18: =VLOOKUP($E18,AU$450:AX$461,2,FALSE)*AU18*($K18)+IF($G18>0,($H18/$G18)*AU18,0)*(1-$K18) -> 0 | AW18: =VLOOKUP($E18,AU$450:AX$461,3,FALSE)*AU18*($K18)+IF($G18>0,($I18/$G18)*AU18,0)*(1-$K18) -> 0 | AX18: =VLOOKUP($E18,AU$450:AX$461,4,FALSE)*AU18*($K18)+(AU18-AV18-AW18)*(1-$K18) -> 0 | BC18: =$G18 -> 0 | BD18: =VLOOKUP($E18,BC$450:BF$461,2,FALSE)*BC18*($K18)+IF($G18>0,($H18/$G18)*BC18,0)*(1-$K18) -> 0 | BE18: =VLOOKUP($E18,BC$450:BF$461,3,FALSE)*BC18*($K18)+IF($G18>0,($I18/$G18)*BC18,0)*(1-$K18) -> 0 | BF18: =VLOOKUP($E18,BC$450:BF$461,4,FALSE)*BC18*($K18)+(BC18-BD18-BE18)*(1-$K18) -> 0 | BK18: =$G18 -> 0 | BL18: =VLOOKUP($E18,BK$450:BN$461,2,FALSE)*BK18*($K18)+IF($G18>0,($H18/$G18)*BK18,0)*(1-$K18) -> 0 | BM18: =VLOOKUP($E18,BK$450:BN$461,3,FALSE)*BK18*($K18)+IF($G18>0,($I18/$G18)*BK18,0)*(1-$K18) -> 0 | BN18: =VLOOKUP($E18,BK$450:BN$461,4,FALSE)*BK18*($K18)+(BK18-BL18-BM18)*(1-$K18) -> 0 | BS18: =$G18 -> 0 | BT18: =VLOOKUP($E18,BS$450:BV$461,2,FALSE)*BS18*($K18)+IF($G18>0,($H18/$G18)*BS18,0)*(1-$K18) -> 0 | BU18: =VLOOKUP($E18,BS$450:BV$461,3,FALSE)*BS18*($K18)+IF($G18>0,($I18/$G18)*BS18,0)*(1-$K18) -> 0 | BV18: =VLOOKUP($E18,BS$450:BV$461,4,FALSE)*BS18*($K18)+(BS18-BT18-BU18)*(1-$K18) -> 0 | CA18: =$G18 -> 0 | CB18: =VLOOKUP($E18,CA$450:CD$461,2,FALSE)*CA18*($K18)+IF($G18>0,($H18/$G18)*CA18,0)*(1-$K18) -> 0 | CC18: =VLOOKUP($E18,CA$450:CD$461,3,FALSE)*CA18*($K18)+IF($G18>0,($I18/$G18)*CA18,0)*(1-$K18) -> 0 | CD18: =VLOOKUP($E18,CA$450:CD$461,4,FALSE)*CA18*($K18)+(CA18-CB18-CC18)*(1-$K18) -> 0 | CI18: =$G18 -> 0 | CJ18: =VLOOKUP($E18,CI$450:CL$461,2,FALSE)*CI18*($K18)+IF($G18>0,($H18/$G18)*CI18,0)*(1-$K18) -> 0 | CK18: =VLOOKUP($E18,CI$450:CL$461,3,FALSE)*CI18*($K18)+IF($G18>0,($I18/$G18)*CI18,0)*(1-$K18) -> 0 | CL18: =VLOOKUP($E18,CI$450:CL$461,4,FALSE)*CI18*($K18)+(CI18-CJ18-CK18)*(1-$K18) -> 0 | CQ18: =$G18 -> 0 | CR18: =VLOOKUP($E18,CQ$450:CT$461,2,FALSE)*CQ18*($K18)+IF($G18>0,($H18/$G18)*CQ18,0)*(1-$K18) -> 0 | CS18: =VLOOKUP($E18,CQ$450:CT$461,3,FALSE)*CQ18*($K18)+IF($G18>0,($I18/$G18)*CQ18,0)*(1-$K18) -> 0 | CT18: =VLOOKUP($E18,CQ$450:CT$461,4,FALSE)*CQ18*($K18)+(CQ18-CR18-CS18)*(1-$K18) -> 0 | CY18: =$G18 -> 0 | CZ18: =VLOOKUP($E18,CY$450:DB$461,2,FALSE)*CY18*($K18)+IF($G18>0,($H18/$G18)*CY18,0)*(1-$K18) -> 0 | DA18: =VLOOKUP($E18,CY$450:DB$461,3,FALSE)*CY18*($K18)+IF($G18>0,($I18/$G18)*CY18,0)*(1-$K18) -> 0 | DB18: =VLOOKUP($E18,CY$450:DB$461,4,FALSE)*CY18*($K18)+(CY18-CZ18-DA18)*(1-$K18) -> 0 | DG18: =$G18 -> 0 | DH18: =VLOOKUP($E18,DG$450:DJ$461,2,FALSE)*DG18*($K18)+IF($G18>0,($H18/$G18)*DG18,0)*(1-$K18) -> 0 | DI18: =VLOOKUP($E18,DG$450:DJ$461,3,FALSE)*DG18*($K18)+IF($G18>0,($I18/$G18)*DG18,0)*(1-$K18) -> 0 | DJ18: =VLOOKUP($E18,DG$450:DJ$461,4,FALSE)*DG18*($K18)+(DG18-DH18-DI18)*(1-$K18) -> 0 | DO18: =$G18 -> 0 | DP18: =VLOOKUP($E18,DO$450:DR$461,2,FALSE)*DO18*($K18)+IF($G18>0,($H18/$G18)*DO18,0)*(1-$K18) -> 0 | DQ18: =VLOOKUP($E18,DO$450:DR$461,3,FALSE)*DO18*($K18)+IF($G18>0,($I18/$G18)*DO18,0)*(1-$K18) -> 0 | DR18: =VLOOKUP($E18,DO$450:DR$461,4,FALSE)*DO18*($K18)+(DO18-DP18-DQ18)*(1-$K18) -> 0 | DW18: =$G18 -> 0 | DX18: =VLOOKUP($E18,DW$450:DZ$461,2,FALSE)*DW18*($K18)+IF($G18>0,($H18/$G18)*DW18,0)*(1-$K18) -> 0 | DY18: =VLOOKUP($E18,DW$450:DZ$461,3,FALSE)*DW18*($K18)+IF($G18>0,($I18/$G18)*DW18,0)*(1-$K18) -> 0 | DZ18: =VLOOKUP($E18,DW$450:DZ$461,4,FALSE)*DW18*($K18)+(DW18-DX18-DY18)*(1-$K18) -> 0 | EE18: =$G18 -> 0 | EF18: =VLOOKUP($E18,EE$450:EH$461,2,FALSE)*EE18*($K18)+IF($G18>0,($H18/$G18)*EE18,0)*(1-$K18) -> 0 | EG18: =VLOOKUP($E18,EE$450:EH$461,3,FALSE)*EE18*($K18)+IF($G18>0,($I18/$G18)*EE18,0)*(1-$K18) -> 0 | EH18: =VLOOKUP($E18,EE$450:EH$461,4,FALSE)*EE18*($K18)+(EE18-EF18-EG18)*(1-$K18) -> 0 | EM18: =$G18 -> 0 | EN18: =VLOOKUP($E18,EM$450:EP$461,2,FALSE)*EM18*($K18)+IF($G18>0,($H18/$G18)*EM18,0)*(1-$K18) -> 0 | EO18: =VLOOKUP($E18,EM$450:EP$461,3,FALSE)*EM18*($K18)+IF($G18>0,($I18/$G18)*EM18,0)*(1-$K18) -> 0 | EP18: =VLOOKUP($E18,EM$450:EP$461,4,FALSE)*EM18*($K18)+(EM18-EN18-EO18)*(1-$K18) -> 0 | EU18: =$G18 -> 0 | EV18: =VLOOKUP($E18,EU$450:EX$461,2,FALSE)*EU18*($K18)+IF($G18>0,($H18/$G18)*EU18,0)*(1-$K18) -> 0 | EW18: =VLOOKUP($E18,EU$450:EX$461,3,FALSE)*EU18*($K18)+IF($G18>0,($I18/$G18)*EU18,0)*(1-$K18) -> 0 | EX18: =VLOOKUP($E18,EU$450:EX$461,4,FALSE)*EU18*($K18)+(EU18-EV18-EW18)*(1-$K18) -> 0 | FC18: =$G18 -> 0 | FD18: =VLOOKUP($E18,FC$450:FF$461,2,FALSE)*FC18*($K18)+IF($G18>0,($H18/$G18)*FC18,0)*(1-$K18) -> 0 | FE18: =VLOOKUP($E18,FC$450:FF$461,3,FALSE)*FC18*($K18)+IF($G18>0,($I18/$G18)*FC18,0)*(1-$K18) -> 0 | FF18: =VLOOKUP($E18,FC$450:FF$461,4,FALSE)*FC18*($K18)+(FC18-FD18-FE18)*(1-$K18) -> 0 | FK18: =$G18 -> 0 | FL18: =VLOOKUP($E18,FK$450:FN$461,2,FALSE)*FK18*($K18)+IF($G18>0,($H18/$G18)*FK18,0)*(1-$K18) -> 0 | FM18: =VLOOKUP($E18,FK$450:FN$461,3,FALSE)*FK18*($K18)+IF($G18>0,($I18/$G18)*FK18,0)*(1-$K18) -> 0 | FN18: =VLOOKUP($E18,FK$450:FN$461,4,FALSE)*FK18*($K18)+(FK18-FL18-FM18)*(1-$K18) -> 0
A19: Total Intangible Plant | G19: =SUM(G16:G18) -> 0 | H19: =SUM(H16:H18) -> 0 | I19: =SUM(I16:I18) -> 0 | J19: =SUM(J16:J18) -> 0 | O19: =SUM(O16:O18) -> 0 | P19: =SUM(P16:P18) -> 0 | Q19: =SUM(Q16:Q18) -> 0 | R19: =SUM(R16:R18) -> 0 | W19: =SUM(W16:W18) -> 0 | X19: =SUM(X16:X18) -> 0 | Y19: =SUM(Y16:Y18) -> 0 | Z19: =SUM(Z16:Z18) -> 0 | AE19: =SUM(AE16:AE18) -> 0 | AF19: =SUM(AF16:AF18) -> 0 | AG19: =SUM(AG16:AG18) -> 0 | AH19: =SUM(AH16:AH18) -> 0 | AM19: =SUM(AM16:AM18) -> 0 | AN19: =SUM(AN16:AN18) -> 0 | AO19: =SUM(AO16:AO18) -> 0 | AP19: =SUM(AP16:AP18) -> 0 | AU19: =SUM(AU16:AU18) -> 0 | AV19: =SUM(AV16:AV18) -> 0 | AW19: =SUM(AW16:AW18) -> 0 | AX19: =SUM(AX16:AX18) -> 0 | BC19: =SUM(BC16:BC18) -> 0 | BD19: =SUM(BD16:BD18) -> 0 | BE19: =SUM(BE16:BE18) -> 0 | BF19: =SUM(BF16:BF18) -> 0 | BK19: =SUM(BK16:BK18) -> 0 | BL19: =SUM(BL16:BL18) -> 0 | BM19: =SUM(BM16:BM18) -> 0 | BN19: =SUM(BN16:BN18) -> 0 | BS19: =SUM(BS16:BS18) -> 0 | BT19: =SUM(BT16:BT18) -> 0 | BU19: =SUM(BU16:BU18) -> 0 | BV19: =SUM(BV16:BV18) -> 0 | CA19: =SUM(CA16:CA18) -> 0 | CB19: =SUM(CB16:CB18) -> 0 | CC19: =SUM(CC16:CC18) -> 0 | CD19: =SUM(CD16:CD18) -> 0 | CI19: =SUM(CI16:CI18) -> 0 | CJ19: =SUM(CJ16:CJ18) -> 0 | CK19: =SUM(CK16:CK18) -> 0 | CL19: =SUM(CL16:CL18) -> 0 | CQ19: =SUM(CQ16:CQ18) -> 0 | CR19: =SUM(CR16:CR18) -> 0 | CS19: =SUM(CS16:CS18) -> 0 | CT19: =SUM(CT16:CT18) -> 0 | CY19: =SUM(CY16:CY18) -> 0 | CZ19: =SUM(CZ16:CZ18) -> 0 | DA19: =SUM(DA16:DA18) -> 0 | DB19: =SUM(DB16:DB18) -> 0 | DG19: =SUM(DG16:DG18) -> 0 | DH19: =SUM(DH16:DH18) -> 0 | DI19: =SUM(DI16:DI18) -> 0 | DJ19: =SUM(DJ16:DJ18) -> 0 | DO19: =SUM(DO16:DO18) -> 0 | DP19: =SUM(DP16:DP18) -> 0 | DQ19: =SUM(DQ16:DQ18) -> 0 | DR19: =SUM(DR16:DR18) -> 0 | DW19: =SUM(DW16:DW18) -> 0 | DX19: =SUM(DX16:DX18) -> 0 | DY19: =SUM(DY16:DY18) -> 0 | DZ19: =SUM(DZ16:DZ18) -> 0 | EE19: =SUM(EE16:EE18) -> 0 | EF19: =SUM(EF16:EF18) -> 0 | EG19: =SUM(EG16:EG18) -> 0 | EH19: =SUM(EH16:EH18) -> 0 | EM19: =SUM(EM16:EM18) -> 0 | EN19: =SUM(EN16:EN18) -> 0 | EO19: =SUM(EO16:EO18) -> 0 | EP19: =SUM(EP16:EP18) -> 0 | EU19: =SUM(EU16:EU18) -> 0 | EV19: =SUM(EV16:EV18) -> 0 | EW19: =SUM(EW16:EW18) -> 0 | EX19: =SUM(EX16:EX18) -> 0 | FC19: =SUM(FC16:FC18) -> 0 | FD19: =SUM(FD16:FD18) -> 0 | FE19: =SUM(FE16:FE18) -> 0 | FF19: =SUM(FF16:FF18) -> 0 | FK19: =SUM(FK16:FK18) -> 0 | FL19: =SUM(FL16:FL18) -> 0 | FM19: =SUM(FM16:FM18) -> 0 | FN19: =SUM(FN16:FN18) -> 0
A21: Production Plant:
